Workbook
Name ALABAMA: __dep_lists__!$A$2:$A$33
Name ALASKA: __dep_lists__!$B$2:$B$5
Name ARIZONA: __dep_lists__!$C$2:$C$10
Name ARKANSAS: __dep_lists__!$D$2:$D$19
Name CALIFORNIA: __dep_lists__!$E$2:$E$38
Name COLORADO: __dep_lists__!$F$2:$F$19
Name CONNECTICUT: __dep_lists__!$G$2:$G$8
Name DELAWARE: __dep_lists__!$H$2:$H$4
Name DISTRICT_OF_COLUMBIA: __dep_lists__!$I$2:$I$2
Name FLORIDA: __dep_lists__!$J$2:$J$47
Name GEORGIA: __dep_lists__!$K$2:$K$75
Name GUAM: __dep_lists__!$L$2:$L$2
Name HAWAII: __dep_lists__!$M$2:$M$5
Name IDAHO: __dep_lists__!$N$2:$N$16
Name ILLINOIS: __dep_lists__!$O$2:$O$39
Name INDIANA: __dep_lists__!$P$2:$P$45
Name IOWA: __dep_lists__!$Q$2:$Q$24
Name KANSAS: __dep_lists__!$R$2:$R$22
Name KENTUCKY: __dep_lists__!$S$2:$S$40
Name LOUISIANA: __dep_lists__!$T$2:$T$38
Name MAINE: __dep_lists__!$U$2:$U$7
Name MARYLAND: __dep_lists__!$V$2:$V$19
Name MASSACHUSETTS: __dep_lists__!$W$2:$W$13
Name MICHIGAN: __dep_lists__!$X$2:$X$32
Name MINNESOTA: __dep_lists__!$Y$2:$Y$28
Name MISSISSIPPI: __dep_lists__!$Z$2:$Z$22
Name MISSOURI: __dep_lists__!$AA$2:$AA$36
Name MONTANA: __dep_lists__!$AB$2:$AB$12
Name NEBRASKA: __dep_lists__!$AC$2:$AC$13
Name NEVADA: __dep_lists__!$AD$2:$AD$7
Name NEW_HAMPSHIRE: __dep_lists__!$AE$2:$AE$5
Name NEW_JERSEY: __dep_lists__!$AF$2:$AF$22
Name NEW_MEXICO: __dep_lists__!$AG$2:$AG$9
Name NEW_YORK: __dep_lists__!$AH$2:$AH$39
Name NORTH_CAROLINA: __dep_lists__!$AI$2:$AI$46
Name NORTH_DAKOTA: __dep_lists__!$AJ$2:$AJ$10
Name OHIO: __dep_lists__!$AK$2:$AK$43
Name OKLAHOMA: __dep_lists__!$AL$2:$AL$20
Name OREGON: __dep_lists__!$AM$2:$AM$17
Name PENNSYLVANIA: __dep_lists__!$AN$2:$AN$34
Name PUERTO_RICO: __dep_lists__!$AO$2:$AO$67
Name RHODE_ISLAND: __dep_lists__!$AP$2:$AP$6
Name SOUTH_CAROLINA: __dep_lists__!$AQ$2:$AQ$27
Name SOUTH_DAKOTA: __dep_lists__!$AR$2:$AR$10
Name STATE_LIST: __dep_lists__!$A$1:$BB$1
Name TENNESSEE: __dep_lists__!$AS$2:$AS$45
Name TEXAS: __dep_lists__!$AT$2:$AT$87
Name U_S__VIRGIN_ISLANDS: __dep_lists__!$AU$2:$AU$2
Name UTAH: __dep_lists__!$AV$2:$AV$11
Name VERMONT: __dep_lists__!$AW$2:$AW$5
Name VIRGINIA: __dep_lists__!$AX$2:$AX$81
Name WASHINGTON: __dep_lists__!$AY$2:$AY$21
Name WEST_VIRGINIA: __dep_lists__!$AZ$2:$AZ$22
Name WISCONSIN: __dep_lists__!$BA$2:$BA$28
Name WYOMING: __dep_lists__!$BB$2:$BB$4

Sheet NEW Calculator
A1: Table 1. Veteran Directed Care (VDC) Case Mix Budget, Administrative Fee, and Assessment Fee Calculator Fiscal Year (FY) 2027 Effective for new referrals from October 1, 2026 through September 30, 2027. These rates do not apply in Washington State; a separate calculator will be developed for Washington State.
A2: State | B2: Alabama | C2: Tip: Type or select the state from the drop-down menu in B2 first, then type or select the county/city from the drop-down menu in B3. County/city names in B3 are alphabetized. Rural counties are not specifically named; they will receive the Rural (Not listed as urban county) rate. If you change the state, reselect B3.
A3: County or City | B3: AUTAUGA
A4: Case Mix Level | B4: L
A5: Start Date of Standard Episode of Care (SEOC) (MM/DD/YYYY) | B5: 46296
A6: End Date of SEOC (MM/DD/YYYY) | B6: 46660
A7: Number of Months in SEOC | B7: =IF(B5>B6,0,IF(EOMONTH(B5,0)=EOMONTH(B6,0),(B6-B5+1)/DAY(EOMONTH(B5,0)),(EOMONTH(B5,0)-B5+1)/DAY(EOMONTH(B5,0))+12*(YEAR(B6)-YEAR(B5))+MONTH(B6)-MONTH(B5)-1+DAY(B6)/DAY(EOMONTH(B6,0)))) -> 12
A8: Prorated First Month Veteran Budget | B8: =ROUND(IF(AND(B5>0,B6>0),((('NEW Reference'!T4+1-DAY('NEW Calculator'!B5))/'NEW Reference'!T4)*B9),"Enter Authorization Dates"),0) -> 1148
A9: Average Monthly Veteran Budget | B9: =ROUND(IFERROR(INDEX(List!G:S,MATCH('NEW Reference'!$S$4,List!$X:X,0),MATCH('NEW Calculator'!$B$4,List!$G$12:$S$12,0)),"Check the County"),0) -> 1148
A10: Monthly Administrative Fee | B10: =ROUND(IFERROR(INDEX(List!T:T,MATCH('NEW Reference'!$S$4,List!$X:X,0)),"Check the County"),0) -> 745
A11: Average Monthly VA Obligation | B11: =ROUND(B9+B10,0) -> 1893
A13: Total Veteran Budget for SEOC | B13: =ROUND(IF(AND(B5>0,B6>0),B9*B7,"Enter Authorization Dates"),0) -> 13776
A15: Full Assessment Fee | B15: =ROUND(IFERROR(INDEX(List!$U:U,MATCH('NEW Reference'!S4,List!$X:X,0)),"Check the County"),0) -> 1050
A16: Partial Assessment Fee | B16: =ROUND(B15/2,0) -> 525
A18: Total VA Obligation for SEOC (if includes Full Assessment Fee) | B18: =ROUND(IF(AND(B5>0,B6>0),B20+B15,"Enter Authorization Dates"),0) -> 23766
A20: Total VA Obligation for SEOC (if DOES NOT include Full Assessment Fee) | B20: =ROUND(IF(AND(B5>0,B6>0),B13+('NEW Reference'!V4*B10),"Enter Authorization Dates"),0) -> 22716
C21: Table 2. FY 2027 VDC Case Mix Rate Calculator steps to determine VDC rates and fees
C22: Steps to determine VDC rates and fees:
C23: 1. Click on the green colored cell that lists the specific state (B1). Click on the drop-down arrow next to the selected cell. Scroll through the list to find and select the state of choice. You may also type the state in the cell (B1), but spelling must be correct (not case sensitive).
C24: 2. Click on the blue colored cell that lists the specific county or city (B2). Click on the drop-down arrow next to the selected cell. Scroll through the list to find and select the county or city of choice. You may also type the county or city in the cell (B2), but spelling must be correct (not case sensitive). Note: all county and city names in the USA are listed, not just those in the selected state.
C25: 3. Click on the orange colored cell that lists the specific case mix level (B3). Click on the drop-down arrow next to the selected cell. Scroll through the list to find and select the case mix level of choice. You may also type the case mix level in the cell (B3, not case sensitive). *Case Mix "V" is a maximum rate for ventilator-dependent Veterans. Please contact the VACO PLTSS Quad (VHAPurchasedLTSSSupportGroup@va.gov) if attempting to enroll a Veteran at this Case Mix Level.
C26: 4. Click on the yellow colored cell that lists the specific start date of the standard episode of care or SEOC (B4). Enter the start date of the SEOC using the format MM/DD/YYYY. If this is the Veteran's first VDC SEOC, enter the date the first spending plan is signed (the date the Veteran can start paying their workers) - this will give you the proper Prorated First Month Veteran Budget, Total Veteran Budget for SEOC, and Total VA Obligation for SEOC.
C27: 5. Click on the light blue colored cell that lists the specific end date of the standard episode of care or SEOC (B5). Enter the end date of the SEOC using the format MM/DD/YYYY. SEOCs that do not end at the last day of the month will have the final month prorated. This will be reflected in the Total Veteran Budget for SEOC and Total VA Obligation for SEOC.
C28: Table 3. Notes:
C29: If you have trouble with this tool, you can still use the "Rates" tab to manually search for specific county based rates and fees.
C30: Please reference the VDC Field Guidebook (updated July 14, 2026) for guidance and responsibilities surrounding Case Mix Rates (found here: https://vaww.vrm.km.va.gov/system/templates/selfservice/va_kanew/help/agent/locale/en-US/portal/554400000001031/content/554400000225571/FGB-Chapter-8-050802-Office-of-Geriatrics-and-Extended-Care-GEC).
C31: Once rows 1-3 (State, County/City, and Case Mix Level) are filled out, the Average Monthly Rates, Administrative Fee, and Assessment Fee will be populated. Entering the SEOC dates (rows 4-5) will populate the Total Budgets, Total Months, and Prorated First Month Budget.
C32: This tool is effective with SEOCs which were established in FY2020 for medical center level budgeting purposes, but SEOCs are not bound by fiscal years.
... C54: Total VA Obligation for SEOC (if DOES NOT include Initial Assessment Fee): Total amount of money to list in the referral packet to cover all associated expenses for a Veteran ALREADY enrolled in VDC for entire authorization period.

Sheet List
A1: Table 5. Veteran Directed Care Monthly Average Case Mix Budget, Administrative Fee, and Assessment Fee List
A2: Effective for new referrals from October 1, 2026 through September 30, 2027.
A3: Notes:
A4: -See "Calculator" tab for easy to use tool identifying rates and fees to use in authorization. Otherwise follow steps below for standard way to find rates and fees
A5: -The Average Monthly Veteran Budget by Case Mix Level is listed in columns H-T. The Monthly Administrative Fee in column U is the same within a county regardless of case mix level. The Average Monthly VA Expense is equal to the sum of the Average Monthly Veteran Budget and the Monthly Administrative Fee.
A6: -Multiply Average Monthly VA Expense by months in the authorization to represent Total VA Obligation for Authorization (without Assessment Fee included)
A7: -Includes both Urban and Rural counties. Search for county of interest using ctrl+"F"
G11: Average Monthly Veteran Budget by Case Mix Level
A12: Core Based Statistical Area (CBSA) Code | B12: CBSA or Statewide Rural Name | C12: County or City Name | D12: State | E12: Urban/ Rural | F12: Wage Index | G12: L | H12: A | I12: B | J12: C | K12: D | L12: E | M12: F | N12: G | O12: H | P12: I | Q12: J | R12: K | S12: V* | T12: Monthly Administrative Fee | U12: Assessment Fee | V12: Partial Assessment Fee | AC12: Value to Paste | AD12: CBSA | AE12: CBSA or Statewide Rural Name | AF12: FY 26 Wage Index After -5% Floor Adjustment Applied
A13: - | B13: National | C13: National Rate | F13: 1 | G13: =ROUND(('NEW Reference'!B$6*List!$F13)+'NEW Reference'!B$7,0) -> 1344 | H13: =ROUND(('NEW Reference'!C$6*List!$F13)+'NEW Reference'!C$7,0) -> 2004 | I13: =ROUND(('NEW Reference'!D$6*List!$F13)+'NEW Reference'!D$7,0) -> 2402 | J13: =ROUND(('NEW Reference'!E$6*List!$F13)+'NEW Reference'!E$7,0) -> 2969 | K13: =ROUND(('NEW Reference'!F$6*List!$F13)+'NEW Reference'!F$7,0) -> 3094 | L13: =ROUND(('NEW Reference'!G$6*List!$F13)+'NEW Reference'!G$7,0) -> 3502 | M13: =ROUND(('NEW Reference'!H$6*List!$F13)+'NEW Reference'!H$7,0) -> 3636 | N13: =ROUND(('NEW Reference'!I$6*List!$F13)+'NEW Reference'!I$7,0) -> 3778 | ... V13: =ROUND(('NEW Reference'!Q$6*List!$F13)+'NEW Reference'!Q$7,0) -> 615 | AC13: =IFERROR(INDEX($AH$12:$AH$3260,MATCH($A13,$AF$12:$AF$3260,0)),"") | AD13: 02 | AE13: Alaska | AF13: 1.1328
A14: 11260 | B14: Anchorage, AK | C14: ANCHORAGE | D14: Alaska | E14: Urban | F14: =IFERROR(INDEX($AF:$AF,MATCH($A14,$AD:$AD,0)),"") -> 1.1328 | G14: =ROUND(('NEW Reference'!B$6*List!$F14)+'NEW Reference'!B$7,0) -> 1478 | H14: =ROUND(('NEW Reference'!C$6*List!$F14)+'NEW Reference'!C$7,0) -> 2204 | I14: =ROUND(('NEW Reference'!D$6*List!$F14)+'NEW Reference'!D$7,0) -> 2641 | J14: =ROUND(('NEW Reference'!E$6*List!$F14)+'NEW Reference'!E$7,0) -> 3265 | K14: =ROUND(('NEW Reference'!F$6*List!$F14)+'NEW Reference'!F$7,0) -> 3401 | L14: =ROUND(('NEW Reference'!G$6*List!$F14)+'NEW Reference'!G$7,0) -> 3850 | M14: =ROUND(('NEW Reference'!H$6*List!$F14)+'NEW Reference'!H$7,0) -> 3997 | N14: =ROUND(('NEW Reference'!I$6*List!$F14)+'NEW Reference'!I$7,0) -> 4154 | ... V14: =ROUND(('NEW Reference'!Q$6*List!$F14)+'NEW Reference'!Q$7,0) -> 676 | X14: =CONCATENATE(Y14, Z14, AA14) -> ANCHORAGE, Alaska | Y14: ANCHORAGE | Z14: , | AA14: Alaska | AC14: =IFERROR(INDEX($AF:$AF,MATCH($A14,$AD:$AD,0)),"") -> 1.1328 | AD14: 01 | AE14: Alabama | AF14: 0.6367
A15: 21820 | B15: Fairbanks-College, AK | C15: FAIRBANKS NORTH STAR | D15: Alaska | E15: Urban | F15: =IFERROR(INDEX($AF:$AF,MATCH($A15,$AD:$AD,0)),"") -> 1.1328 | G15: =ROUND(('NEW Reference'!B$6*List!$F15)+'NEW Reference'!B$7,0) -> 1478 | H15: =ROUND(('NEW Reference'!C$6*List!$F15)+'NEW Reference'!C$7,0) -> 2204 | I15: =ROUND(('NEW Reference'!D$6*List!$F15)+'NEW Reference'!D$7,0) -> 2641 | J15: =ROUND(('NEW Reference'!E$6*List!$F15)+'NEW Reference'!E$7,0) -> 3265 | K15: =ROUND(('NEW Reference'!F$6*List!$F15)+'NEW Reference'!F$7,0) -> 3401 | L15: =ROUND(('NEW Reference'!G$6*List!$F15)+'NEW Reference'!G$7,0) -> 3850 | M15: =ROUND(('NEW Reference'!H$6*List!$F15)+'NEW Reference'!H$7,0) -> 3997 | N15: =ROUND(('NEW Reference'!I$6*List!$F15)+'NEW Reference'!I$7,0) -> 4154 | ... V15: =ROUND(('NEW Reference'!Q$6*List!$F15)+'NEW Reference'!Q$7,0) -> 676 | X15: =CONCATENATE(Y15, Z15, AA15) -> FAIRBANKS NORTH STAR, Alaska | Y15: FAIRBANKS NORTH STAR | Z15: , | AA15: Alaska | AC15: =IFERROR(INDEX($AF:$AF,MATCH($A15,$AD:$AD,0)),"") -> 1.1328 | AD15: 04 | AE15: Arkansas | AF15: 0.7296
A16: 11260 | B16: Anchorage, AK | C16: MATANUSKA-SUSITNA | D16: Alaska | E16: Urban | F16: =IFERROR(INDEX($AF:$AF,MATCH($A16,$AD:$AD,0)),"") -> 1.1328 | G16: =ROUND(('NEW Reference'!B$6*List!$F16)+'NEW Reference'!B$7,0) -> 1478 | H16: =ROUND(('NEW Reference'!C$6*List!$F16)+'NEW Reference'!C$7,0) -> 2204 | I16: =ROUND(('NEW Reference'!D$6*List!$F16)+'NEW Reference'!D$7,0) -> 2641 | J16: =ROUND(('NEW Reference'!E$6*List!$F16)+'NEW Reference'!E$7,0) -> 3265 | K16: =ROUND(('NEW Reference'!F$6*List!$F16)+'NEW Reference'!F$7,0) -> 3401 | L16: =ROUND(('NEW Reference'!G$6*List!$F16)+'NEW Reference'!G$7,0) -> 3850 | M16: =ROUND(('NEW Reference'!H$6*List!$F16)+'NEW Reference'!H$7,0) -> 3997 | N16: =ROUND(('NEW Reference'!I$6*List!$F16)+'NEW Reference'!I$7,0) -> 4154 | ... V16: =ROUND(('NEW Reference'!Q$6*List!$F16)+'NEW Reference'!Q$7,0) -> 676 | X16: =CONCATENATE(Y16, Z16, AA16) -> MATANUSKA-SUSITNA, Alaska | Y16: MATANUSKA-SUSITNA | Z16: , | AA16: Alaska | AC16: =IFERROR(INDEX($AF:$AF,MATCH($A16,$AD:$AD,0)),"") -> 1.1328 | AD16: 03 | AE16: Arizona | AF16: 0.8539
A17: 02 | B17: Alaska | C17: Rural (Not listed as urban county) | D17: Alaska | E17: Rural | F17: =IFERROR(INDEX($AF:$AF,MATCH($A17,$AD:$AD,0)),"") -> 1.1328 | G17: =ROUND(('NEW Reference'!B$6*List!$F17)+'NEW Reference'!B$7,0) -> 1478 | H17: =ROUND(('NEW Reference'!C$6*List!$F17)+'NEW Reference'!C$7,0) -> 2204 | I17: =ROUND(('NEW Reference'!D$6*List!$F17)+'NEW Reference'!D$7,0) -> 2641 | J17: =ROUND(('NEW Reference'!E$6*List!$F17)+'NEW Reference'!E$7,0) -> 3265 | K17: =ROUND(('NEW Reference'!F$6*List!$F17)+'NEW Reference'!F$7,0) -> 3401 | L17: =ROUND(('NEW Reference'!G$6*List!$F17)+'NEW Reference'!G$7,0) -> 3850 | M17: =ROUND(('NEW Reference'!H$6*List!$F17)+'NEW Reference'!H$7,0) -> 3997 | N17: =ROUND(('NEW Reference'!I$6*List!$F17)+'NEW Reference'!I$7,0) -> 4154 | ... V17: =ROUND(('NEW Reference'!Q$6*List!$F17)+'NEW Reference'!Q$7,0) -> 676 | X17: =CONCATENATE(Y17, Z17, AA17) -> Rural (Not listed as urban county), Alaska | Y17: Rural (Not listed as urban county) | Z17: , | AA17: Alaska | AC17: =IFERROR(INDEX($AF:$AF,MATCH($A17,$AD:$AD,0)),"") -> 1.1328 | AD17: 05 | AE17: California | AF17: 1.2775
A18: 33860 | B18: Montgomery, AL | C18: AUTAUGA | D18: Alabama | E18: Urban | F18: =IFERROR(INDEX($AF:$AF,MATCH($A18,$AD:$AD,0)),"") -> 0.805125 | G18: =ROUND(('NEW Reference'!B$6*List!$F18)+'NEW Reference'!B$7,0) -> 1148 | H18: =ROUND(('NEW Reference'!C$6*List!$F18)+'NEW Reference'!C$7,0) -> 1712 | I18: =ROUND(('NEW Reference'!D$6*List!$F18)+'NEW Reference'!D$7,0) -> 2051 | J18: =ROUND(('NEW Reference'!E$6*List!$F18)+'NEW Reference'!E$7,0) -> 2536 | K18: =ROUND(('NEW Reference'!F$6*List!$F18)+'NEW Reference'!F$7,0) -> 2642 | L18: =ROUND(('NEW Reference'!G$6*List!$F18)+'NEW Reference'!G$7,0) -> 2991 | M18: =ROUND(('NEW Reference'!H$6*List!$F18)+'NEW Reference'!H$7,0) -> 3105 | N18: =ROUND(('NEW Reference'!I$6*List!$F18)+'NEW Reference'!I$7,0) -> 3227 | ... V18: =ROUND(('NEW Reference'!Q$6*List!$F18)+'NEW Reference'!Q$7,0) -> 525 | X18: =CONCATENATE(Y18, Z18, AA18) -> AUTAUGA, Alabama | Y18: AUTAUGA | Z18: , | AA18: Alabama | AC18: =IFERROR(INDEX($AF:$AF,MATCH($A18,$AD:$AD,0)),"") -> 0.805125 | AD18: 06 | AE18: Colorado | AF18: 1.0501
A19: 19300 | B19: Daphne-Fairhope-Foley, AL | C19: BALDWIN | D19: Alabama | E19: Urban | F19: =IFERROR(INDEX($AF:$AF,MATCH($A19,$AD:$AD,0)),"") -> 0.8087 | G19: =ROUND(('NEW Reference'!B$6*List!$F19)+'NEW Reference'!B$7,0) -> 1152 | H19: =ROUND(('NEW Reference'!C$6*List!$F19)+'NEW Reference'!C$7,0) -> 1717 | I19: =ROUND(('NEW Reference'!D$6*List!$F19)+'NEW Reference'!D$7,0) -> 2058 | J19: =ROUND(('NEW Reference'!E$6*List!$F19)+'NEW Reference'!E$7,0) -> 2544 | K19: =ROUND(('NEW Reference'!F$6*List!$F19)+'NEW Reference'!F$7,0) -> 2650 | L19: =ROUND(('NEW Reference'!G$6*List!$F19)+'NEW Reference'!G$7,0) -> 3000 | M19: =ROUND(('NEW Reference'!H$6*List!$F19)+'NEW Reference'!H$7,0) -> 3115 | N19: =ROUND(('NEW Reference'!I$6*List!$F19)+'NEW Reference'!I$7,0) -> 3237 | ... V19: =ROUND(('NEW Reference'!Q$6*List!$F19)+'NEW Reference'!Q$7,0) -> 527 | X19: =CONCATENATE(Y19, Z19, AA19) -> BALDWIN, Alabama | Y19: BALDWIN | Z19: , | AA19: Alabama | AC19: =IFERROR(INDEX($AF:$AF,MATCH($A19,$AD:$AD,0)),"") -> 0.8087 | AD19: 07 | AE19: Connecticut | AF19: 0.9687435
A20: 13820 | B20: Birmingham, AL | C20: BIBB | D20: Alabama | E20: Urban | F20: =IFERROR(INDEX($AF:$AF,MATCH($A20,$AD:$AD,0)),"") -> 0.8596 | G20: =ROUND(('NEW Reference'!B$6*List!$F20)+'NEW Reference'!B$7,0) -> 1203 | H20: =ROUND(('NEW Reference'!C$6*List!$F20)+'NEW Reference'!C$7,0) -> 1794 | I20: =ROUND(('NEW Reference'!D$6*List!$F20)+'NEW Reference'!D$7,0) -> 2149 | J20: =ROUND(('NEW Reference'!E$6*List!$F20)+'NEW Reference'!E$7,0) -> 2657 | K20: =ROUND(('NEW Reference'!F$6*List!$F20)+'NEW Reference'!F$7,0) -> 2768 | L20: =ROUND(('NEW Reference'!G$6*List!$F20)+'NEW Reference'!G$7,0) -> 3134 | M20: =ROUND(('NEW Reference'!H$6*List!$F20)+'NEW Reference'!H$7,0) -> 3253 | N20: =ROUND(('NEW Reference'!I$6*List!$F20)+'NEW Reference'!I$7,0) -> 3381 | ... V20: =ROUND(('NEW Reference'!Q$6*List!$F20)+'NEW Reference'!Q$7,0) -> 550 | X20: =CONCATENATE(Y20, Z20, AA20) -> BIBB, Alabama | Y20: BIBB | Z20: , | AA20: Alabama | AC20: =IFERROR(INDEX($AF:$AF,MATCH($A20,$AD:$AD,0)),"") -> 0.8596 | AD20: 08 | AE20: Delaware | AF20: 1.0095
A21: 13820 | B21: Birmingham, AL | C21: BLOUNT | D21: Alabama | E21: Urban | F21: =IFERROR(INDEX($AF:$AF,MATCH($A21,$AD:$AD,0)),"") -> 0.8596 | G21: =ROUND(('NEW Reference'!B$6*List!$F21)+'NEW Reference'!B$7,0) -> 1203 | H21: =ROUND(('NEW Reference'!C$6*List!$F21)+'NEW Reference'!C$7,0) -> 1794 | I21: =ROUND(('NEW Reference'!D$6*List!$F21)+'NEW Reference'!D$7,0) -> 2149 | J21: =ROUND(('NEW Reference'!E$6*List!$F21)+'NEW Reference'!E$7,0) -> 2657 | K21: =ROUND(('NEW Reference'!F$6*List!$F21)+'NEW Reference'!F$7,0) -> 2768 | L21: =ROUND(('NEW Reference'!G$6*List!$F21)+'NEW Reference'!G$7,0) -> 3134 | M21: =ROUND(('NEW Reference'!H$6*List!$F21)+'NEW Reference'!H$7,0) -> 3253 | N21: =ROUND(('NEW Reference'!I$6*List!$F21)+'NEW Reference'!I$7,0) -> 3381 | ... V21: =ROUND(('NEW Reference'!Q$6*List!$F21)+'NEW Reference'!Q$7,0) -> 550 | X21: =CONCATENATE(Y21, Z21, AA21) -> BLOUNT, Alabama | Y21: BLOUNT | Z21: , | AA21: Alabama | AC21: =IFERROR(INDEX($AF:$AF,MATCH($A21,$AD:$AD,0)),"") -> 0.8596 | AD21: 10 | AE21: Florida | AF21: 0.8363
A22: 11500 | B22: Anniston-Oxford, AL | C22: CALHOUN | D22: Alabama | E22: Urban | F22: =IFERROR(INDEX($AF:$AF,MATCH($A22,$AD:$AD,0)),"") -> 0.6958 | G22: =ROUND(('NEW Reference'!B$6*List!$F22)+'NEW Reference'!B$7,0) -> 1038 | H22: =ROUND(('NEW Reference'!C$6*List!$F22)+'NEW Reference'!C$7,0) -> 1548 | I22: =ROUND(('NEW Reference'!D$6*List!$F22)+'NEW Reference'!D$7,0) -> 1855 | J22: =ROUND(('NEW Reference'!E$6*List!$F22)+'NEW Reference'!E$7,0) -> 2293 | K22: =ROUND(('NEW Reference'!F$6*List!$F22)+'NEW Reference'!F$7,0) -> 2389 | L22: =ROUND(('NEW Reference'!G$6*List!$F22)+'NEW Reference'!G$7,0) -> 2704 | M22: =ROUND(('NEW Reference'!H$6*List!$F22)+'NEW Reference'!H$7,0) -> 2807 | N22: =ROUND(('NEW Reference'!I$6*List!$F22)+'NEW Reference'!I$7,0) -> 2918 | ... V22: =ROUND(('NEW Reference'!Q$6*List!$F22)+'NEW Reference'!Q$7,0) -> 475 | X22: =CONCATENATE(Y22, Z22, AA22) -> CALHOUN, Alabama | Y22: CALHOUN | Z22: , | AA22: Alabama | AC22: =IFERROR(INDEX($AF:$AF,MATCH($A22,$AD:$AD,0)),"") -> 0.6958 | AD22: 11 | AE22: Georgia | AF22: 0.7364
A23: 13820 | B23: Birmingham, AL | C23: CHILTON | D23: Alabama | E23: Urban | F23: =IFERROR(INDEX($AF:$AF,MATCH($A23,$AD:$AD,0)),"") -> 0.8596 | G23: =ROUND(('NEW Reference'!B$6*List!$F23)+'NEW Reference'!B$7,0) -> 1203 | H23: =ROUND(('NEW Reference'!C$6*List!$F23)+'NEW Reference'!C$7,0) -> 1794 | I23: =ROUND(('NEW Reference'!D$6*List!$F23)+'NEW Reference'!D$7,0) -> 2149 | J23: =ROUND(('NEW Reference'!E$6*List!$F23)+'NEW Reference'!E$7,0) -> 2657 | K23: =ROUND(('NEW Reference'!F$6*List!$F23)+'NEW Reference'!F$7,0) -> 2768 | L23: =ROUND(('NEW Reference'!G$6*List!$F23)+'NEW Reference'!G$7,0) -> 3134 | M23: =ROUND(('NEW Reference'!H$6*List!$F23)+'NEW Reference'!H$7,0) -> 3253 | N23: =ROUND(('NEW Reference'!I$6*List!$F23)+'NEW Reference'!I$7,0) -> 3381 | ... V23: =ROUND(('NEW Reference'!Q$6*List!$F23)+'NEW Reference'!Q$7,0) -> 550 | X23: =CONCATENATE(Y23, Z23, AA23) -> CHILTON, Alabama | Y23: CHILTON | Z23: , | AA23: Alabama | AC23: =IFERROR(INDEX($AF:$AF,MATCH($A23,$AD:$AD,0)),"") -> 0.8596 | AD23: 65 | AE23: Guam | AF23: 0.9611
A24: 22520 | B24: Florence-Muscle Shoals, AL | C24: COLBERT | D24: Alabama | E24: Urban | F24: =IFERROR(INDEX($AF:$AF,MATCH($A24,$AD:$AD,0)),"") -> 0.6816 | G24: =ROUND(('NEW Reference'!B$6*List!$F24)+'NEW Reference'!B$7,0) -> 1024 | H24: =ROUND(('NEW Reference'!C$6*List!$F24)+'NEW Reference'!C$7,0) -> 1526 | I24: =ROUND(('NEW Reference'!D$6*List!$F24)+'NEW Reference'!D$7,0) -> 1829 | J24: =ROUND(('NEW Reference'!E$6*List!$F24)+'NEW Reference'!E$7,0) -> 2261 | K24: =ROUND(('NEW Reference'!F$6*List!$F24)+'NEW Reference'!F$7,0) -> 2356 | L24: =ROUND(('NEW Reference'!G$6*List!$F24)+'NEW Reference'!G$7,0) -> 2667 | M24: =ROUND(('NEW Reference'!H$6*List!$F24)+'NEW Reference'!H$7,0) -> 2769 | N24: =ROUND(('NEW Reference'!I$6*List!$F24)+'NEW Reference'!I$7,0) -> 2877 | ... V24: =ROUND(('NEW Reference'!Q$6*List!$F24)+'NEW Reference'!Q$7,0) -> 468 | X24: =CONCATENATE(Y24, Z24, AA24) -> COLBERT, Alabama | Y24: COLBERT | Z24: , | AA24: Alabama | AC24: =IFERROR(INDEX($AF:$AF,MATCH($A24,$AD:$AD,0)),"") -> 0.6816 | AD24: 12 | AE24: Hawaii | AF24: 1.1821
A25: 33860 | B25: Montgomery, AL | C25: ELMORE | D25: Alabama | E25: Urban | F25: =IFERROR(INDEX($AF:$AF,MATCH($A25,$AD:$AD,0)),"") -> 0.805125 | G25: =ROUND(('NEW Reference'!B$6*List!$F25)+'NEW Reference'!B$7,0) -> 1148 | H25: =ROUND(('NEW Reference'!C$6*List!$F25)+'NEW Reference'!C$7,0) -> 1712 | I25: =ROUND(('NEW Reference'!D$6*List!$F25)+'NEW Reference'!D$7,0) -> 2051 | J25: =ROUND(('NEW Reference'!E$6*List!$F25)+'NEW Reference'!E$7,0) -> 2536 | K25: =ROUND(('NEW Reference'!F$6*List!$F25)+'NEW Reference'!F$7,0) -> 2642 | L25: =ROUND(('NEW Reference'!G$6*List!$F25)+'NEW Reference'!G$7,0) -> 2991 | M25: =ROUND(('NEW Reference'!H$6*List!$F25)+'NEW Reference'!H$7,0) -> 3105 | N25: =ROUND(('NEW Reference'!I$6*List!$F25)+'NEW Reference'!I$7,0) -> 3227 | ... V25: =ROUND(('NEW Reference'!Q$6*List!$F25)+'NEW Reference'!Q$7,0) -> 525 | X25: =CONCATENATE(Y25, Z25, AA25) -> ELMORE, Alabama | Y25: ELMORE | Z25: , | AA25: Alabama | AC25: =IFERROR(INDEX($AF:$AF,MATCH($A25,$AD:$AD,0)),"") -> 0.805125 | AD25: 16 | AE25: Iowa | AF25: 0.7814
A26: 23460 | B26: Gadsden, AL | C26: ETOWAH | D26: Alabama | E26: Urban | F26: =IFERROR(INDEX($AF:$AF,MATCH($A26,$AD:$AD,0)),"") -> 0.7243 | G26: =ROUND(('NEW Reference'!B$6*List!$F26)+'NEW Reference'!B$7,0) -> 1067 | H26: =ROUND(('NEW Reference'!C$6*List!$F26)+'NEW Reference'!C$7,0) -> 1591 | I26: =ROUND(('NEW Reference'!D$6*List!$F26)+'NEW Reference'!D$7,0) -> 1906 | J26: =ROUND(('NEW Reference'!E$6*List!$F26)+'NEW Reference'!E$7,0) -> 2356 | K26: =ROUND(('NEW Reference'!F$6*List!$F26)+'NEW Reference'!F$7,0) -> 2455 | L26: =ROUND(('NEW Reference'!G$6*List!$F26)+'NEW Reference'!G$7,0) -> 2779 | M26: =ROUND(('NEW Reference'!H$6*List!$F26)+'NEW Reference'!H$7,0) -> 2885 | N26: =ROUND(('NEW Reference'!I$6*List!$F26)+'NEW Reference'!I$7,0) -> 2998 | ... V26: =ROUND(('NEW Reference'!Q$6*List!$F26)+'NEW Reference'!Q$7,0) -> 488 | X26: =CONCATENATE(Y26, Z26, AA26) -> ETOWAH, Alabama | Y26: ETOWAH | Z26: , | AA26: Alabama | AC26: =IFERROR(INDEX($AF:$AF,MATCH($A26,$AD:$AD,0)),"") -> 0.7243 | AD26: 13 | AE26: Idaho | AF26: 0.68580975
A27: 20020 | B27: Dothan, AL | C27: GENEVA | D27: Alabama | E27: Urban | F27: =IFERROR(INDEX($AF:$AF,MATCH($A27,$AD:$AD,0)),"") -> 0.7099 | G27: =ROUND(('NEW Reference'!B$6*List!$F27)+'NEW Reference'!B$7,0) -> 1052 | H27: =ROUND(('NEW Reference'!C$6*List!$F27)+'NEW Reference'!C$7,0) -> 1569 | I27: =ROUND(('NEW Reference'!D$6*List!$F27)+'NEW Reference'!D$7,0) -> 1880 | J27: =ROUND(('NEW Reference'!E$6*List!$F27)+'NEW Reference'!E$7,0) -> 2324 | K27: =ROUND(('NEW Reference'!F$6*List!$F27)+'NEW Reference'!F$7,0) -> 2421 | L27: =ROUND(('NEW Reference'!G$6*List!$F27)+'NEW Reference'!G$7,0) -> 2741 | M27: =ROUND(('NEW Reference'!H$6*List!$F27)+'NEW Reference'!H$7,0) -> 2846 | N27: =ROUND(('NEW Reference'!I$6*List!$F27)+'NEW Reference'!I$7,0) -> 2957 | ... V27: =ROUND(('NEW Reference'!Q$6*List!$F27)+'NEW Reference'!Q$7,0) -> 481 | X27: =CONCATENATE(Y27, Z27, AA27) -> GENEVA, Alabama | Y27: GENEVA | Z27: , | AA27: Alabama | AC27: =IFERROR(INDEX($AF:$AF,MATCH($A27,$AD:$AD,0)),"") -> 0.7099 | AD27: 14 | AE27: Illinois | AF27: 0.8743
A28: 46220 | B28: Tuscaloosa, AL | C28: GREENE | D28: Alabama | E28: Urban | F28: =IFERROR(INDEX($AF:$AF,MATCH($A28,$AD:$AD,0)),"") -> 0.91618 | G28: =ROUND(('NEW Reference'!B$6*List!$F28)+'NEW Reference'!B$7,0) -> 1260 | H28: =ROUND(('NEW Reference'!C$6*List!$F28)+'NEW Reference'!C$7,0) -> 1879 | I28: =ROUND(('NEW Reference'!D$6*List!$F28)+'NEW Reference'!D$7,0) -> 2251 | J28: =ROUND(('NEW Reference'!E$6*List!$F28)+'NEW Reference'!E$7,0) -> 2783 | K28: =ROUND(('NEW Reference'!F$6*List!$F28)+'NEW Reference'!F$7,0) -> 2899 | L28: =ROUND(('NEW Reference'!G$6*List!$F28)+'NEW Reference'!G$7,0) -> 3282 | M28: =ROUND(('NEW Reference'!H$6*List!$F28)+'NEW Reference'!H$7,0) -> 3407 | N28: =ROUND(('NEW Reference'!I$6*List!$F28)+'NEW Reference'!I$7,0) -> 3541 | ... V28: =ROUND(('NEW Reference'!Q$6*List!$F28)+'NEW Reference'!Q$7,0) -> 576 | X28: =CONCATENATE(Y28, Z28, AA28) -> GREENE, Alabama | Y28: GREENE | Z28: , | AA28: Alabama | AC28: =IFERROR(INDEX($AF:$AF,MATCH($A28,$AD:$AD,0)),"") -> 0.91618 | AD28: 15 | AE28: Indiana | AF28: 0.8565
A29: 46220 | B29: Tuscaloosa, AL | C29: HALE | D29: Alabama | E29: Urban | F29: =IFERROR(INDEX($AF:$AF,MATCH($A29,$AD:$AD,0)),"") -> 0.91618 | G29: =ROUND(('NEW Reference'!B$6*List!$F29)+'NEW Reference'!B$7,0) -> 1260 | H29: =ROUND(('NEW Reference'!C$6*List!$F29)+'NEW Reference'!C$7,0) -> 1879 | I29: =ROUND(('NEW Reference'!D$6*List!$F29)+'NEW Reference'!D$7,0) -> 2251 | J29: =ROUND(('NEW Reference'!E$6*List!$F29)+'NEW Reference'!E$7,0) -> 2783 | K29: =ROUND(('NEW Reference'!F$6*List!$F29)+'NEW Reference'!F$7,0) -> 2899 | L29: =ROUND(('NEW Reference'!G$6*List!$F29)+'NEW Reference'!G$7,0) -> 3282 | M29: =ROUND(('NEW Reference'!H$6*List!$F29)+'NEW Reference'!H$7,0) -> 3407 | N29: =ROUND(('NEW Reference'!I$6*List!$F29)+'NEW Reference'!I$7,0) -> 3541 | ... V29: =ROUND(('NEW Reference'!Q$6*List!$F29)+'NEW Reference'!Q$7,0) -> 576 | X29: =CONCATENATE(Y29, Z29, AA29) -> HALE, Alabama | Y29: HALE | Z29: , | AA29: Alabama | AC29: =IFERROR(INDEX($AF:$AF,MATCH($A29,$AD:$AD,0)),"") -> 0.91618 | AD29: 17 | AE29: Kansas | AF29: 0.8135
A30: 20020 | B30: Dothan, AL | C30: HENRY | D30: Alabama | E30: Urban | F30: =IFERROR(INDEX($AF:$AF,MATCH($A30,$AD:$AD,0)),"") -> 0.7099 | G30: =ROUND(('NEW Reference'!B$6*List!$F30)+'NEW Reference'!B$7,0) -> 1052 | H30: =ROUND(('NEW Reference'!C$6*List!$F30)+'NEW Reference'!C$7,0) -> 1569 | I30: =ROUND(('NEW Reference'!D$6*List!$F30)+'NEW Reference'!D$7,0) -> 1880 | J30: =ROUND(('NEW Reference'!E$6*List!$F30)+'NEW Reference'!E$7,0) -> 2324 | K30: =ROUND(('NEW Reference'!F$6*List!$F30)+'NEW Reference'!F$7,0) -> 2421 | L30: =ROUND(('NEW Reference'!G$6*List!$F30)+'NEW Reference'!G$7,0) -> 2741 | M30: =ROUND(('NEW Reference'!H$6*List!$F30)+'NEW Reference'!H$7,0) -> 2846 | N30: =ROUND(('NEW Reference'!I$6*List!$F30)+'NEW Reference'!I$7,0) -> 2957 | ... V30: =ROUND(('NEW Reference'!Q$6*List!$F30)+'NEW Reference'!Q$7,0) -> 481 | X30: =CONCATENATE(Y30, Z30, AA30) -> HENRY, Alabama | Y30: HENRY | Z30: , | AA30: Alabama | AC30: =IFERROR(INDEX($AF:$AF,MATCH($A30,$AD:$AD,0)),"") -> 0.7099 | AD30: 18 | AE30: Kentucky | AF30: 0.8165
A31: 20020 | B31: Dothan, AL | C31: HOUSTON | D31: Alabama | E31: Urban | F31: =IFERROR(INDEX($AF:$AF,MATCH($A31,$AD:$AD,0)),"") -> 0.7099 | G31: =ROUND(('NEW Reference'!B$6*List!$F31)+'NEW Reference'!B$7,0) -> 1052 | H31: =ROUND(('NEW Reference'!C$6*List!$F31)+'NEW Reference'!C$7,0) -> 1569 | I31: =ROUND(('NEW Reference'!D$6*List!$F31)+'NEW Reference'!D$7,0) -> 1880 | J31: =ROUND(('NEW Reference'!E$6*List!$F31)+'NEW Reference'!E$7,0) -> 2324 | K31: =ROUND(('NEW Reference'!F$6*List!$F31)+'NEW Reference'!F$7,0) -> 2421 | L31: =ROUND(('NEW Reference'!G$6*List!$F31)+'NEW Reference'!G$7,0) -> 2741 | M31: =ROUND(('NEW Reference'!H$6*List!$F31)+'NEW Reference'!H$7,0) -> 2846 | N31: =ROUND(('NEW Reference'!I$6*List!$F31)+'NEW Reference'!I$7,0) -> 2957 | ... V31: =ROUND(('NEW Reference'!Q$6*List!$F31)+'NEW Reference'!Q$7,0) -> 481 | X31: =CONCATENATE(Y31, Z31, AA31) -> HOUSTON, Alabama | Y31: HOUSTON | Z31: , | AA31: Alabama | AC31: =IFERROR(INDEX($AF:$AF,MATCH($A31,$AD:$AD,0)),"") -> 0.7099 | AD31: 19 | AE31: Louisiana | AF31: 0.6946
A32: 13820 | B32: Birmingham, AL | C32: JEFFERSON | D32: Alabama | E32: Urban | F32: =IFERROR(INDEX($AF:$AF,MATCH($A32,$AD:$AD,0)),"") -> 0.8596 | G32: =ROUND(('NEW Reference'!B$6*List!$F32)+'NEW Reference'!B$7,0) -> 1203 | H32: =ROUND(('NEW Reference'!C$6*List!$F32)+'NEW Reference'!C$7,0) -> 1794 | I32: =ROUND(('NEW Reference'!D$6*List!$F32)+'NEW Reference'!D$7,0) -> 2149 | J32: =ROUND(('NEW Reference'!E$6*List!$F32)+'NEW Reference'!E$7,0) -> 2657 | K32: =ROUND(('NEW Reference'!F$6*List!$F32)+'NEW Reference'!F$7,0) -> 2768 | L32: =ROUND(('NEW Reference'!G$6*List!$F32)+'NEW Reference'!G$7,0) -> 3134 | M32: =ROUND(('NEW Reference'!H$6*List!$F32)+'NEW Reference'!H$7,0) -> 3253 | N32: =ROUND(('NEW Reference'!I$6*List!$F32)+'NEW Reference'!I$7,0) -> 3381 | ... V32: =ROUND(('NEW Reference'!Q$6*List!$F32)+'NEW Reference'!Q$7,0) -> 550 | X32: =CONCATENATE(Y32, Z32, AA32) -> JEFFERSON, Alabama | Y32: JEFFERSON | Z32: , | AA32: Alabama | AC32: =IFERROR(INDEX($AF:$AF,MATCH($A32,$AD:$AD,0)),"") -> 0.8596 | AD32: 22 | AE32: Massachusetts | AF32: 1.1102
... A43: 46220 | B43: Tuscaloosa, AL | C43: PICKENS | D43: Alabama | E43: Urban | F43: =IFERROR(INDEX($AF:$AF,MATCH($A43,$AD:$AD,0)),"") -> 0.91618 | G43: =ROUND(('NEW Reference'!B$6*List!$F43)+'NEW Reference'!B$7,0) -> 1260 | H43: =ROUND(('NEW Reference'!C$6*List!$F43)+'NEW Reference'!C$7,0) -> 1879 | I43: =ROUND(('NEW Reference'!D$6*List!$F43)+'NEW Reference'!D$7,0) -> 2251 | J43: =ROUND(('NEW Reference'!E$6*List!$F43)+'NEW Reference'!E$7,0) -> 2783 | K43: =ROUND(('NEW Reference'!F$6*List!$F43)+'NEW Reference'!F$7,0) -> 2899 | L43: =ROUND(('NEW Reference'!G$6*List!$F43)+'NEW Reference'!G$7,0) -> 3282 | M43: =ROUND(('NEW Reference'!H$6*List!$F43)+'NEW Reference'!H$7,0) -> 3407 | N43: =ROUND(('NEW Reference'!I$6*List!$F43)+'NEW Reference'!I$7,0) -> 3541 | ... V43: =ROUND(('NEW Reference'!Q$6*List!$F43)+'NEW Reference'!Q$7,0) -> 576 | X43: =CONCATENATE(Y43, Z43, AA43) -> PICKENS, Alabama | Y43: PICKENS | Z43: , | AA43: Alabama | AC43: =IFERROR(INDEX($AF:$AF,MATCH($A43,$AD:$AD,0)),"") -> 0.91618 | AD43: 30 | AE43: New Hampshire | AF43: 1.0138
A44: 01 | B44: Alabama | C44: Rural (Not listed as urban county) | D44: Alabama | E44: Rural | F44: =IFERROR(INDEX($AF:$AF,MATCH($A44,$AD:$AD,0)),"") -> 0.6367 | G44: =ROUND(('NEW Reference'!B$6*List!$F44)+'NEW Reference'!B$7,0) -> 978 | H44: =ROUND(('NEW Reference'!C$6*List!$F44)+'NEW Reference'!C$7,0) -> 1459 | I44: =ROUND(('NEW Reference'!D$6*List!$F44)+'NEW Reference'!D$7,0) -> 1748 | J44: =ROUND(('NEW Reference'!E$6*List!$F44)+'NEW Reference'!E$7,0) -> 2161 | K44: =ROUND(('NEW Reference'!F$6*List!$F44)+'NEW Reference'!F$7,0) -> 2252 | L44: =ROUND(('NEW Reference'!G$6*List!$F44)+'NEW Reference'!G$7,0) -> 2549 | M44: =ROUND(('NEW Reference'!H$6*List!$F44)+'NEW Reference'!H$7,0) -> 2646 | N44: =ROUND(('NEW Reference'!I$6*List!$F44)+'NEW Reference'!I$7,0) -> 2750 | ... V44: =ROUND(('NEW Reference'!Q$6*List!$F44)+'NEW Reference'!Q$7,0) -> 447 | X44: =CONCATENATE(Y44, Z44, AA44) -> Rural (Not listed as urban county), Alabama | Y44: Rural (Not listed as urban county) | Z44: , | AA44: Alabama | AC44: =IFERROR(INDEX($AF:$AF,MATCH($A44,$AD:$AD,0)),"") -> 0.6367 | AD44: 32 | AE44: New Mexico | AF44: 0.9194
A45: 17980 | B45: Columbus, GA-AL | C45: RUSSELL | D45: Alabama | E45: Urban | F45: =IFERROR(INDEX($AF:$AF,MATCH($A45,$AD:$AD,0)),"") -> 0.77957 | G45: =ROUND(('NEW Reference'!B$6*List!$F45)+'NEW Reference'!B$7,0) -> 1122 | H45: =ROUND(('NEW Reference'!C$6*List!$F45)+'NEW Reference'!C$7,0) -> 1673 | I45: =ROUND(('NEW Reference'!D$6*List!$F45)+'NEW Reference'!D$7,0) -> 2005 | J45: =ROUND(('NEW Reference'!E$6*List!$F45)+'NEW Reference'!E$7,0) -> 2479 | K45: =ROUND(('NEW Reference'!F$6*List!$F45)+'NEW Reference'!F$7,0) -> 2583 | L45: =ROUND(('NEW Reference'!G$6*List!$F45)+'NEW Reference'!G$7,0) -> 2924 | M45: =ROUND(('NEW Reference'!H$6*List!$F45)+'NEW Reference'!H$7,0) -> 3035 | N45: =ROUND(('NEW Reference'!I$6*List!$F45)+'NEW Reference'!I$7,0) -> 3155 | ... V45: =ROUND(('NEW Reference'!Q$6*List!$F45)+'NEW Reference'!Q$7,0) -> 513 | X45: =CONCATENATE(Y45, Z45, AA45) -> RUSSELL, Alabama | Y45: RUSSELL | Z45: , | AA45: Alabama | AC45: =IFERROR(INDEX($AF:$AF,MATCH($A45,$AD:$AD,0)),"") -> 0.77957 | AD45: 29 | AE45: Nevada | AF45: 1.1108
A46: 13820 | B46: Birmingham, AL | C46: SHELBY | D46: Alabama | E46: Urban | F46: =IFERROR(INDEX($AF:$AF,MATCH($A46,$AD:$AD,0)),"") -> 0.8596 | G46: =ROUND(('NEW Reference'!B$6*List!$F46)+'NEW Reference'!B$7,0) -> 1203 | H46: =ROUND(('NEW Reference'!C$6*List!$F46)+'NEW Reference'!C$7,0) -> 1794 | I46: =ROUND(('NEW Reference'!D$6*List!$F46)+'NEW Reference'!D$7,0) -> 2149 | J46: =ROUND(('NEW Reference'!E$6*List!$F46)+'NEW Reference'!E$7,0) -> 2657 | K46: =ROUND(('NEW Reference'!F$6*List!$F46)+'NEW Reference'!F$7,0) -> 2768 | L46: =ROUND(('NEW Reference'!G$6*List!$F46)+'NEW Reference'!G$7,0) -> 3134 | M46: =ROUND(('NEW Reference'!H$6*List!$F46)+'NEW Reference'!H$7,0) -> 3253 | N46: =ROUND(('NEW Reference'!I$6*List!$F46)+'NEW Reference'!I$7,0) -> 3381 | ... V46: =ROUND(('NEW Reference'!Q$6*List!$F46)+'NEW Reference'!Q$7,0) -> 550 | X46: =CONCATENATE(Y46, Z46, AA46) -> SHELBY, Alabama | Y46: SHELBY | Z46: , | AA46: Alabama | AC46: =IFERROR(INDEX($AF:$AF,MATCH($A46,$AD:$AD,0)),"") -> 0.8596 | AD46: 33 | AE46: New York | AF46: 0.8892
A47: 13820 | B47: Birmingham, AL | C47: ST. CLAIR | D47: Alabama | E47: Urban | F47: =IFERROR(INDEX($AF:$AF,MATCH($A47,$AD:$AD,0)),"") -> 0.8596 | G47: =ROUND(('NEW Reference'!B$6*List!$F47)+'NEW Reference'!B$7,0) -> 1203 | H47: =ROUND(('NEW Reference'!C$6*List!$F47)+'NEW Reference'!C$7,0) -> 1794 | I47: =ROUND(('NEW Reference'!D$6*List!$F47)+'NEW Reference'!D$7,0) -> 2149 | J47: =ROUND(('NEW Reference'!E$6*List!$F47)+'NEW Reference'!E$7,0) -> 2657 | K47: =ROUND(('NEW Reference'!F$6*List!$F47)+'NEW Reference'!F$7,0) -> 2768 | L47: =ROUND(('NEW Reference'!G$6*List!$F47)+'NEW Reference'!G$7,0) -> 3134 | M47: =ROUND(('NEW Reference'!H$6*List!$F47)+'NEW Reference'!H$7,0) -> 3253 | N47: =ROUND(('NEW Reference'!I$6*List!$F47)+'NEW Reference'!I$7,0) -> 3381 | ... V47: =ROUND(('NEW Reference'!Q$6*List!$F47)+'NEW Reference'!Q$7,0) -> 550 | X47: =CONCATENATE(Y47, Z47, AA47) -> ST. CLAIR, Alabama | Y47: ST. CLAIR | Z47: , | AA47: Alabama | AC47: =IFERROR(INDEX($AF:$AF,MATCH($A47,$AD:$AD,0)),"") -> 0.8596 | AD47: 36 | AE47: Ohio | AF47: 0.8032
A48: 46220 | B48: Tuscaloosa, AL | C48: TUSCALOOSA | D48: Alabama | E48: Urban | F48: =IFERROR(INDEX($AF:$AF,MATCH($A48,$AD:$AD,0)),"") -> 0.91618 | G48: =ROUND(('NEW Reference'!B$6*List!$F48)+'NEW Reference'!B$7,0) -> 1260 | H48: =ROUND(('NEW Reference'!C$6*List!$F48)+'NEW Reference'!C$7,0) -> 1879 | I48: =ROUND(('NEW Reference'!D$6*List!$F48)+'NEW Reference'!D$7,0) -> 2251 | J48: =ROUND(('NEW Reference'!E$6*List!$F48)+'NEW Reference'!E$7,0) -> 2783 | K48: =ROUND(('NEW Reference'!F$6*List!$F48)+'NEW Reference'!F$7,0) -> 2899 | L48: =ROUND(('NEW Reference'!G$6*List!$F48)+'NEW Reference'!G$7,0) -> 3282 | M48: =ROUND(('NEW Reference'!H$6*List!$F48)+'NEW Reference'!H$7,0) -> 3407 | N48: =ROUND(('NEW Reference'!I$6*List!$F48)+'NEW Reference'!I$7,0) -> 3541 | ... V48: =ROUND(('NEW Reference'!Q$6*List!$F48)+'NEW Reference'!Q$7,0) -> 576 | X48: =CONCATENATE(Y48, Z48, AA48) -> TUSCALOOSA, Alabama | Y48: TUSCALOOSA | Z48: , | AA48: Alabama | AC48: =IFERROR(INDEX($AF:$AF,MATCH($A48,$AD:$AD,0)),"") -> 0.91618 | AD48: 37 | AE48: Oklahoma | AF48: 0.8035
A49: 13820 | B49: Birmingham, AL | C49: WALKER | D49: Alabama | E49: Urban | F49: =IFERROR(INDEX($AF:$AF,MATCH($A49,$AD:$AD,0)),"") -> 0.8596 | G49: =ROUND(('NEW Reference'!B$6*List!$F49)+'NEW Reference'!B$7,0) -> 1203 | H49: =ROUND(('NEW Reference'!C$6*List!$F49)+'NEW Reference'!C$7,0) -> 1794 | I49: =ROUND(('NEW Reference'!D$6*List!$F49)+'NEW Reference'!D$7,0) -> 2149 | J49: =ROUND(('NEW Reference'!E$6*List!$F49)+'NEW Reference'!E$7,0) -> 2657 | K49: =ROUND(('NEW Reference'!F$6*List!$F49)+'NEW Reference'!F$7,0) -> 2768 | L49: =ROUND(('NEW Reference'!G$6*List!$F49)+'NEW Reference'!G$7,0) -> 3134 | M49: =ROUND(('NEW Reference'!H$6*List!$F49)+'NEW Reference'!H$7,0) -> 3253 | N49: =ROUND(('NEW Reference'!I$6*List!$F49)+'NEW Reference'!I$7,0) -> 3381 | ... V49: =ROUND(('NEW Reference'!Q$6*List!$F49)+'NEW Reference'!Q$7,0) -> 550 | X49: =CONCATENATE(Y49, Z49, AA49) -> WALKER, Alabama | Y49: WALKER | Z49: , | AA49: Alabama | AC49: =IFERROR(INDEX($AF:$AF,MATCH($A49,$AD:$AD,0)),"") -> 0.8596 | AD49: 38 | AE49: Oregon | AF49: 1.0209
A50: 22220 | B50: Fayetteville-Springdale-Rogers, AR | C50: BENTON | D50: Arkansas | E50: Urban | F50: =IFERROR(INDEX($AF:$AF,MATCH($A50,$AD:$AD,0)),"") -> 0.8802 | G50: =ROUND(('NEW Reference'!B$6*List!$F50)+'NEW Reference'!B$7,0) -> 1224 | H50: =ROUND(('NEW Reference'!C$6*List!$F50)+'NEW Reference'!C$7,0) -> 1825 | I50: =ROUND(('NEW Reference'!D$6*List!$F50)+'NEW Reference'!D$7,0) -> 2186 | J50: =ROUND(('NEW Reference'!E$6*List!$F50)+'NEW Reference'!E$7,0) -> 2703 | K50: =ROUND(('NEW Reference'!F$6*List!$F50)+'NEW Reference'!F$7,0) -> 2816 | L50: =ROUND(('NEW Reference'!G$6*List!$F50)+'NEW Reference'!G$7,0) -> 3188 | M50: =ROUND(('NEW Reference'!H$6*List!$F50)+'NEW Reference'!H$7,0) -> 3310 | N50: =ROUND(('NEW Reference'!I$6*List!$F50)+'NEW Reference'!I$7,0) -> 3439 | ... V50: =ROUND(('NEW Reference'!Q$6*List!$F50)+'NEW Reference'!Q$7,0) -> 560 | X50: =CONCATENATE(Y50, Z50, AA50) -> BENTON, Arkansas | Y50: BENTON | Z50: , | AA50: Arkansas | AC50: =IFERROR(INDEX($AF:$AF,MATCH($A50,$AD:$AD,0)),"") -> 0.8802 | AD50: 39 | AE50: Pennsylvania | AF50: 0.8507
A51: 27860 | B51: Jonesboro, AR | C51: CRAIGHEAD | D51: Arkansas | E51: Urban | F51: =IFERROR(INDEX($AF:$AF,MATCH($A51,$AD:$AD,0)),"") -> 0.8199 | G51: =ROUND(('NEW Reference'!B$6*List!$F51)+'NEW Reference'!B$7,0) -> 1163 | H51: =ROUND(('NEW Reference'!C$6*List!$F51)+'NEW Reference'!C$7,0) -> 1734 | I51: =ROUND(('NEW Reference'!D$6*List!$F51)+'NEW Reference'!D$7,0) -> 2078 | J51: =ROUND(('NEW Reference'!E$6*List!$F51)+'NEW Reference'!E$7,0) -> 2569 | K51: =ROUND(('NEW Reference'!F$6*List!$F51)+'NEW Reference'!F$7,0) -> 2676 | L51: =ROUND(('NEW Reference'!G$6*List!$F51)+'NEW Reference'!G$7,0) -> 3030 | M51: =ROUND(('NEW Reference'!H$6*List!$F51)+'NEW Reference'!H$7,0) -> 3145 | N51: =ROUND(('NEW Reference'!I$6*List!$F51)+'NEW Reference'!I$7,0) -> 3269 | ... V51: =ROUND(('NEW Reference'!Q$6*List!$F51)+'NEW Reference'!Q$7,0) -> 532 | X51: =CONCATENATE(Y51, Z51, AA51) -> CRAIGHEAD, Arkansas | Y51: CRAIGHEAD | Z51: , | AA51: Arkansas | AC51: =IFERROR(INDEX($AF:$AF,MATCH($A51,$AD:$AD,0)),"") -> 0.8199 | AD51: 40 | AE51: Puerto Rico1 | AF51: 0.8893
A52: 22900 | B52: Fort Smith, AR-OK | C52: CRAWFORD | D52: Arkansas | E52: Urban | F52: =IFERROR(INDEX($AF:$AF,MATCH($A52,$AD:$AD,0)),"") -> 0.9214 | G52: =ROUND(('NEW Reference'!B$6*List!$F52)+'NEW Reference'!B$7,0) -> 1265 | H52: =ROUND(('NEW Reference'!C$6*List!$F52)+'NEW Reference'!C$7,0) -> 1886 | I52: =ROUND(('NEW Reference'!D$6*List!$F52)+'NEW Reference'!D$7,0) -> 2260 | J52: =ROUND(('NEW Reference'!E$6*List!$F52)+'NEW Reference'!E$7,0) -> 2795 | K52: =ROUND(('NEW Reference'!F$6*List!$F52)+'NEW Reference'!F$7,0) -> 2911 | L52: =ROUND(('NEW Reference'!G$6*List!$F52)+'NEW Reference'!G$7,0) -> 3296 | M52: =ROUND(('NEW Reference'!H$6*List!$F52)+'NEW Reference'!H$7,0) -> 3422 | N52: =ROUND(('NEW Reference'!I$6*List!$F52)+'NEW Reference'!I$7,0) -> 3556 | ... V52: =ROUND(('NEW Reference'!Q$6*List!$F52)+'NEW Reference'!Q$7,0) -> 579 | X52: =CONCATENATE(Y52, Z52, AA52) -> CRAWFORD, Arkansas | Y52: CRAWFORD | Z52: , | AA52: Arkansas | AC52: =IFERROR(INDEX($AF:$AF,MATCH($A52,$AD:$AD,0)),"") -> 0.9214 | AD52: 42 | AE52: South Carolina | AF52: 0.8184
A53: 32820 | B53: Memphis, TN-MS-AR | C53: CRITTENDEN | D53: Arkansas | E53: Urban | F53: =IFERROR(INDEX($AF:$AF,MATCH($A53,$AD:$AD,0)),"") -> 0.8676 | G53: =ROUND(('NEW Reference'!B$6*List!$F53)+'NEW Reference'!B$7,0) -> 1211 | H53: =ROUND(('NEW Reference'!C$6*List!$F53)+'NEW Reference'!C$7,0) -> 1806 | I53: =ROUND(('NEW Reference'!D$6*List!$F53)+'NEW Reference'!D$7,0) -> 2164 | J53: =ROUND(('NEW Reference'!E$6*List!$F53)+'NEW Reference'!E$7,0) -> 2675 | K53: =ROUND(('NEW Reference'!F$6*List!$F53)+'NEW Reference'!F$7,0) -> 2787 | L53: =ROUND(('NEW Reference'!G$6*List!$F53)+'NEW Reference'!G$7,0) -> 3155 | M53: =ROUND(('NEW Reference'!H$6*List!$F53)+'NEW Reference'!H$7,0) -> 3275 | N53: =ROUND(('NEW Reference'!I$6*List!$F53)+'NEW Reference'!I$7,0) -> 3404 | ... V53: =ROUND(('NEW Reference'!Q$6*List!$F53)+'NEW Reference'!Q$7,0) -> 554 | X53: =CONCATENATE(Y53, Z53, AA53) -> CRITTENDEN, Arkansas | Y53: CRITTENDEN | Z53: , | AA53: Arkansas | AC53: =IFERROR(INDEX($AF:$AF,MATCH($A53,$AD:$AD,0)),"") -> 0.8676 | AD53: 43 | AE53: South Dakota | AF53: 0.8177
A54: 30780 | B54: Little Rock-North Little Rock-Conway, AR | C54: FAULKNER | D54: Arkansas | E54: Urban | F54: =IFERROR(INDEX($AF:$AF,MATCH($A54,$AD:$AD,0)),"") -> 0.8807 | G54: =ROUND(('NEW Reference'!B$6*List!$F54)+'NEW Reference'!B$7,0) -> 1224 | H54: =ROUND(('NEW Reference'!C$6*List!$F54)+'NEW Reference'!C$7,0) -> 1825 | I54: =ROUND(('NEW Reference'!D$6*List!$F54)+'NEW Reference'!D$7,0) -> 2187 | J54: =ROUND(('NEW Reference'!E$6*List!$F54)+'NEW Reference'!E$7,0) -> 2704 | K54: =ROUND(('NEW Reference'!F$6*List!$F54)+'NEW Reference'!F$7,0) -> 2817 | L54: =ROUND(('NEW Reference'!G$6*List!$F54)+'NEW Reference'!G$7,0) -> 3189 | M54: =ROUND(('NEW Reference'!H$6*List!$F54)+'NEW Reference'!H$7,0) -> 3311 | N54: =ROUND(('NEW Reference'!I$6*List!$F54)+'NEW Reference'!I$7,0) -> 3441 | ... V54: =ROUND(('NEW Reference'!Q$6*List!$F54)+'NEW Reference'!Q$7,0) -> 560 | X54: =CONCATENATE(Y54, Z54, AA54) -> FAULKNER, Arkansas | Y54: FAULKNER | Z54: , | AA54: Arkansas | AC54: =IFERROR(INDEX($AF:$AF,MATCH($A54,$AD:$AD,0)),"") -> 0.8807 | AD54: 44 | AE54: Tennessee | AF54: 0.7239
A55: 26300 | B55: Hot Springs, AR | C55: GARLAND | D55: Arkansas | E55: Urban | F55: =IFERROR(INDEX($AF:$AF,MATCH($A55,$AD:$AD,0)),"") -> 0.8608 | G55: =ROUND(('NEW Reference'!B$6*List!$F55)+'NEW Reference'!B$7,0) -> 1204 | H55: =ROUND(('NEW Reference'!C$6*List!$F55)+'NEW Reference'!C$7,0) -> 1795 | I55: =ROUND(('NEW Reference'!D$6*List!$F55)+'NEW Reference'!D$7,0) -> 2151 | J55: =ROUND(('NEW Reference'!E$6*List!$F55)+'NEW Reference'!E$7,0) -> 2660 | K55: =ROUND(('NEW Reference'!F$6*List!$F55)+'NEW Reference'!F$7,0) -> 2771 | L55: =ROUND(('NEW Reference'!G$6*List!$F55)+'NEW Reference'!G$7,0) -> 3137 | M55: =ROUND(('NEW Reference'!H$6*List!$F55)+'NEW Reference'!H$7,0) -> 3257 | N55: =ROUND(('NEW Reference'!I$6*List!$F55)+'NEW Reference'!I$7,0) -> 3385 | ... V55: =ROUND(('NEW Reference'!Q$6*List!$F55)+'NEW Reference'!Q$7,0) -> 551 | X55: =CONCATENATE(Y55, Z55, AA55) -> GARLAND, Arkansas | Y55: GARLAND | Z55: , | AA55: Arkansas | AC55: =IFERROR(INDEX($AF:$AF,MATCH($A55,$AD:$AD,0)),"") -> 0.8608 | AD55: 45 | AE55: Texas | AF55: 0.84
A56: 30780 | B56: Little Rock-North Little Rock-Conway, AR | C56: GRANT | D56: Arkansas | E56: Urban | F56: =IFERROR(INDEX($AF:$AF,MATCH($A56,$AD:$AD,0)),"") -> 0.8807 | G56: =ROUND(('NEW Reference'!B$6*List!$F56)+'NEW Reference'!B$7,0) -> 1224 | H56: =ROUND(('NEW Reference'!C$6*List!$F56)+'NEW Reference'!C$7,0) -> 1825 | I56: =ROUND(('NEW Reference'!D$6*List!$F56)+'NEW Reference'!D$7,0) -> 2187 | J56: =ROUND(('NEW Reference'!E$6*List!$F56)+'NEW Reference'!E$7,0) -> 2704 | K56: =ROUND(('NEW Reference'!F$6*List!$F56)+'NEW Reference'!F$7,0) -> 2817 | L56: =ROUND(('NEW Reference'!G$6*List!$F56)+'NEW Reference'!G$7,0) -> 3189 | M56: =ROUND(('NEW Reference'!H$6*List!$F56)+'NEW Reference'!H$7,0) -> 3311 | N56: =ROUND(('NEW Reference'!I$6*List!$F56)+'NEW Reference'!I$7,0) -> 3441 | ... V56: =ROUND(('NEW Reference'!Q$6*List!$F56)+'NEW Reference'!Q$7,0) -> 560 | X56: =CONCATENATE(Y56, Z56, AA56) -> GRANT, Arkansas | Y56: GRANT | Z56: , | AA56: Arkansas | AC56: =IFERROR(INDEX($AF:$AF,MATCH($A56,$AD:$AD,0)),"") -> 0.8807 | AD56: 46 | AE56: Utah | AF56: 0.8969
... A63: 30780 | B63: Little Rock-North Little Rock-Conway, AR | C63: PULASKI | D63: Arkansas | E63: Urban | F63: =IFERROR(INDEX($AF:$AF,MATCH($A63,$AD:$AD,0)),"") -> 0.8807 | G63: =ROUND(('NEW Reference'!B$6*List!$F63)+'NEW Reference'!B$7,0) -> 1224 | H63: =ROUND(('NEW Reference'!C$6*List!$F63)+'NEW Reference'!C$7,0) -> 1825 | I63: =ROUND(('NEW Reference'!D$6*List!$F63)+'NEW Reference'!D$7,0) -> 2187 | J63: =ROUND(('NEW Reference'!E$6*List!$F63)+'NEW Reference'!E$7,0) -> 2704 | K63: =ROUND(('NEW Reference'!F$6*List!$F63)+'NEW Reference'!F$7,0) -> 2817 | L63: =ROUND(('NEW Reference'!G$6*List!$F63)+'NEW Reference'!G$7,0) -> 3189 | M63: =ROUND(('NEW Reference'!H$6*List!$F63)+'NEW Reference'!H$7,0) -> 3311 | N63: =ROUND(('NEW Reference'!I$6*List!$F63)+'NEW Reference'!I$7,0) -> 3441 | ... V63: =ROUND(('NEW Reference'!Q$6*List!$F63)+'NEW Reference'!Q$7,0) -> 560 | X63: =CONCATENATE(Y63, Z63, AA63) -> PULASKI, Arkansas | Y63: PULASKI | Z63: , | AA63: Arkansas | AC63: =IFERROR(INDEX($AF:$AF,MATCH($A63,$AD:$AD,0)),"") -> 0.8807 | AD63: 53 | AE63: Wyoming | AF63: 0.9845
A64: 04 | B64: Arkansas | C64: Rural (Not listed as urban county) | D64: Arkansas | E64: Rural | F64: =IFERROR(INDEX($AF:$AF,MATCH($A64,$AD:$AD,0)),"") -> 0.7296 | G64: =ROUND(('NEW Reference'!B$6*List!$F64)+'NEW Reference'!B$7,0) -> 1072 | H64: =ROUND(('NEW Reference'!C$6*List!$F64)+'NEW Reference'!C$7,0) -> 1598 | I64: =ROUND(('NEW Reference'!D$6*List!$F64)+'NEW Reference'!D$7,0) -> 1915 | J64: =ROUND(('NEW Reference'!E$6*List!$F64)+'NEW Reference'!E$7,0) -> 2368 | K64: =ROUND(('NEW Reference'!F$6*List!$F64)+'NEW Reference'!F$7,0) -> 2467 | L64: =ROUND(('NEW Reference'!G$6*List!$F64)+'NEW Reference'!G$7,0) -> 2793 | M64: =ROUND(('NEW Reference'!H$6*List!$F64)+'NEW Reference'!H$7,0) -> 2899 | N64: =ROUND(('NEW Reference'!I$6*List!$F64)+'NEW Reference'!I$7,0) -> 3013 | ... V64: =ROUND(('NEW Reference'!Q$6*List!$F64)+'NEW Reference'!Q$7,0) -> 490 | X64: =CONCATENATE(Y64, Z64, AA64) -> Rural (Not listed as urban county), Arkansas | Y64: Rural (Not listed as urban county) | Z64: , | AA64: Arkansas | AC64: =IFERROR(INDEX($AF:$AF,MATCH($A64,$AD:$AD,0)),"") -> 0.7296 | AD64: 11260 | AE64: Anchorage, AK | AF64: 1.1328
A65: 30780 | B65: Little Rock-North Little Rock-Conway, AR | C65: SALINE | D65: Arkansas | E65: Urban | F65: =IFERROR(INDEX($AF:$AF,MATCH($A65,$AD:$AD,0)),"") -> 0.8807 | G65: =ROUND(('NEW Reference'!B$6*List!$F65)+'NEW Reference'!B$7,0) -> 1224 | H65: =ROUND(('NEW Reference'!C$6*List!$F65)+'NEW Reference'!C$7,0) -> 1825 | I65: =ROUND(('NEW Reference'!D$6*List!$F65)+'NEW Reference'!D$7,0) -> 2187 | J65: =ROUND(('NEW Reference'!E$6*List!$F65)+'NEW Reference'!E$7,0) -> 2704 | K65: =ROUND(('NEW Reference'!F$6*List!$F65)+'NEW Reference'!F$7,0) -> 2817 | L65: =ROUND(('NEW Reference'!G$6*List!$F65)+'NEW Reference'!G$7,0) -> 3189 | M65: =ROUND(('NEW Reference'!H$6*List!$F65)+'NEW Reference'!H$7,0) -> 3311 | N65: =ROUND(('NEW Reference'!I$6*List!$F65)+'NEW Reference'!I$7,0) -> 3441 | ... V65: =ROUND(('NEW Reference'!Q$6*List!$F65)+'NEW Reference'!Q$7,0) -> 560 | X65: =CONCATENATE(Y65, Z65, AA65) -> SALINE, Arkansas | Y65: SALINE | Z65: , | AA65: Arkansas | AC65: =IFERROR(INDEX($AF:$AF,MATCH($A65,$AD:$AD,0)),"") -> 0.8807 | AD65: 21820 | AE65: Fairbanks-College, AK | AF65: 1.1328
A66: 22900 | B66: Fort Smith, AR-OK | C66: SEBASTIAN | D66: Arkansas | E66: Urban | F66: =IFERROR(INDEX($AF:$AF,MATCH($A66,$AD:$AD,0)),"") -> 0.9214 | G66: =ROUND(('NEW Reference'!B$6*List!$F66)+'NEW Reference'!B$7,0) -> 1265 | H66: =ROUND(('NEW Reference'!C$6*List!$F66)+'NEW Reference'!C$7,0) -> 1886 | I66: =ROUND(('NEW Reference'!D$6*List!$F66)+'NEW Reference'!D$7,0) -> 2260 | J66: =ROUND(('NEW Reference'!E$6*List!$F66)+'NEW Reference'!E$7,0) -> 2795 | K66: =ROUND(('NEW Reference'!F$6*List!$F66)+'NEW Reference'!F$7,0) -> 2911 | L66: =ROUND(('NEW Reference'!G$6*List!$F66)+'NEW Reference'!G$7,0) -> 3296 | M66: =ROUND(('NEW Reference'!H$6*List!$F66)+'NEW Reference'!H$7,0) -> 3422 | N66: =ROUND(('NEW Reference'!I$6*List!$F66)+'NEW Reference'!I$7,0) -> 3556 | ... V66: =ROUND(('NEW Reference'!Q$6*List!$F66)+'NEW Reference'!Q$7,0) -> 579 | X66: =CONCATENATE(Y66, Z66, AA66) -> SEBASTIAN, Arkansas | Y66: SEBASTIAN | Z66: , | AA66: Arkansas | AC66: =IFERROR(INDEX($AF:$AF,MATCH($A66,$AD:$AD,0)),"") -> 0.9214 | AD66: 11260 | AE66: Anchorage, AK | AF66: 1.1328
A67: 22220 | B67: Fayetteville-Springdale-Rogers, AR | C67: WASHINGTON | D67: Arkansas | E67: Urban | F67: =IFERROR(INDEX($AF:$AF,MATCH($A67,$AD:$AD,0)),"") -> 0.8802 | G67: =ROUND(('NEW Reference'!B$6*List!$F67)+'NEW Reference'!B$7,0) -> 1224 | H67: =ROUND(('NEW Reference'!C$6*List!$F67)+'NEW Reference'!C$7,0) -> 1825 | I67: =ROUND(('NEW Reference'!D$6*List!$F67)+'NEW Reference'!D$7,0) -> 2186 | J67: =ROUND(('NEW Reference'!E$6*List!$F67)+'NEW Reference'!E$7,0) -> 2703 | K67: =ROUND(('NEW Reference'!F$6*List!$F67)+'NEW Reference'!F$7,0) -> 2816 | L67: =ROUND(('NEW Reference'!G$6*List!$F67)+'NEW Reference'!G$7,0) -> 3188 | M67: =ROUND(('NEW Reference'!H$6*List!$F67)+'NEW Reference'!H$7,0) -> 3310 | N67: =ROUND(('NEW Reference'!I$6*List!$F67)+'NEW Reference'!I$7,0) -> 3439 | ... V67: =ROUND(('NEW Reference'!Q$6*List!$F67)+'NEW Reference'!Q$7,0) -> 560 | X67: =CONCATENATE(Y67, Z67, AA67) -> WASHINGTON, Arkansas | Y67: WASHINGTON | Z67: , | AA67: Arkansas | AC67: =IFERROR(INDEX($AF:$AF,MATCH($A67,$AD:$AD,0)),"") -> 0.8802 | AD67: 33860 | AE67: Montgomery, AL | AF67: 0.805125
A68: 43420 | B68: Sierra Vista-Douglas, AZ | C68: COCHISE | D68: Arizona | E68: Urban | F68: =IFERROR(INDEX($AF:$AF,MATCH($A68,$AD:$AD,0)),"") -> 0.82935 | G68: =ROUND(('NEW Reference'!B$6*List!$F68)+'NEW Reference'!B$7,0) -> 1172 | H68: =ROUND(('NEW Reference'!C$6*List!$F68)+'NEW Reference'!C$7,0) -> 1748 | I68: =ROUND(('NEW Reference'!D$6*List!$F68)+'NEW Reference'!D$7,0) -> 2095 | J68: =ROUND(('NEW Reference'!E$6*List!$F68)+'NEW Reference'!E$7,0) -> 2590 | K68: =ROUND(('NEW Reference'!F$6*List!$F68)+'NEW Reference'!F$7,0) -> 2698 | L68: =ROUND(('NEW Reference'!G$6*List!$F68)+'NEW Reference'!G$7,0) -> 3054 | M68: =ROUND(('NEW Reference'!H$6*List!$F68)+'NEW Reference'!H$7,0) -> 3171 | N68: =ROUND(('NEW Reference'!I$6*List!$F68)+'NEW Reference'!I$7,0) -> 3296 | ... V68: =ROUND(('NEW Reference'!Q$6*List!$F68)+'NEW Reference'!Q$7,0) -> 536 | X68: =CONCATENATE(Y68, Z68, AA68) -> COCHISE, Arizona | Y68: COCHISE | Z68: , | AA68: Arizona | AC68: =IFERROR(INDEX($AF:$AF,MATCH($A68,$AD:$AD,0)),"") -> 0.82935 | AD68: 19300 | AE68: Daphne-Fairhope-Foley, AL | AF68: 0.8087
A69: 22380 | B69: Flagstaff, AZ | C69: COCONINO | D69: Arizona | E69: Urban | F69: =IFERROR(INDEX($AF:$AF,MATCH($A69,$AD:$AD,0)),"") -> 1.073975 | G69: =ROUND(('NEW Reference'!B$6*List!$F69)+'NEW Reference'!B$7,0) -> 1419 | H69: =ROUND(('NEW Reference'!C$6*List!$F69)+'NEW Reference'!C$7,0) -> 2115 | I69: =ROUND(('NEW Reference'!D$6*List!$F69)+'NEW Reference'!D$7,0) -> 2535 | J69: =ROUND(('NEW Reference'!E$6*List!$F69)+'NEW Reference'!E$7,0) -> 3134 | K69: =ROUND(('NEW Reference'!F$6*List!$F69)+'NEW Reference'!F$7,0) -> 3265 | L69: =ROUND(('NEW Reference'!G$6*List!$F69)+'NEW Reference'!G$7,0) -> 3696 | M69: =ROUND(('NEW Reference'!H$6*List!$F69)+'NEW Reference'!H$7,0) -> 3837 | N69: =ROUND(('NEW Reference'!I$6*List!$F69)+'NEW Reference'!I$7,0) -> 3988 | ... V69: =ROUND(('NEW Reference'!Q$6*List!$F69)+'NEW Reference'!Q$7,0) -> 649 | X69: =CONCATENATE(Y69, Z69, AA69) -> COCONINO, Arizona | Y69: COCONINO | Z69: , | AA69: Arizona | AC69: =IFERROR(INDEX($AF:$AF,MATCH($A69,$AD:$AD,0)),"") -> 1.073975 | AD69: 13820 | AE69: Birmingham, AL | AF69: 0.8596
A70: 38060 | B70: Phoenix-Mesa-Chandler, AZ | C70: MARICOPA | D70: Arizona | E70: Urban | F70: =IFERROR(INDEX($AF:$AF,MATCH($A70,$AD:$AD,0)),"") -> 1.0117 | G70: =ROUND(('NEW Reference'!B$6*List!$F70)+'NEW Reference'!B$7,0) -> 1356 | H70: =ROUND(('NEW Reference'!C$6*List!$F70)+'NEW Reference'!C$7,0) -> 2022 | I70: =ROUND(('NEW Reference'!D$6*List!$F70)+'NEW Reference'!D$7,0) -> 2423 | J70: =ROUND(('NEW Reference'!E$6*List!$F70)+'NEW Reference'!E$7,0) -> 2995 | K70: =ROUND(('NEW Reference'!F$6*List!$F70)+'NEW Reference'!F$7,0) -> 3121 | L70: =ROUND(('NEW Reference'!G$6*List!$F70)+'NEW Reference'!G$7,0) -> 3533 | M70: =ROUND(('NEW Reference'!H$6*List!$F70)+'NEW Reference'!H$7,0) -> 3668 | N70: =ROUND(('NEW Reference'!I$6*List!$F70)+'NEW Reference'!I$7,0) -> 3812 | ... V70: =ROUND(('NEW Reference'!Q$6*List!$F70)+'NEW Reference'!Q$7,0) -> 620 | X70: =CONCATENATE(Y70, Z70, AA70) -> MARICOPA, Arizona | Y70: MARICOPA | Z70: , | AA70: Arizona | AC70: =IFERROR(INDEX($AF:$AF,MATCH($A70,$AD:$AD,0)),"") -> 1.0117 | AD70: 13820 | AE70: Birmingham, AL | AF70: 0.8596
A71: 29420 | B71: Lake Havasu City-Kingman, AZ | C71: MOHAVE | D71: Arizona | E71: Urban | F71: =IFERROR(INDEX($AF:$AF,MATCH($A71,$AD:$AD,0)),"") -> 0.9044 | G71: =ROUND(('NEW Reference'!B$6*List!$F71)+'NEW Reference'!B$7,0) -> 1248 | H71: =ROUND(('NEW Reference'!C$6*List!$F71)+'NEW Reference'!C$7,0) -> 1861 | I71: =ROUND(('NEW Reference'!D$6*List!$F71)+'NEW Reference'!D$7,0) -> 2230 | J71: =ROUND(('NEW Reference'!E$6*List!$F71)+'NEW Reference'!E$7,0) -> 2757 | K71: =ROUND(('NEW Reference'!F$6*List!$F71)+'NEW Reference'!F$7,0) -> 2872 | L71: =ROUND(('NEW Reference'!G$6*List!$F71)+'NEW Reference'!G$7,0) -> 3251 | M71: =ROUND(('NEW Reference'!H$6*List!$F71)+'NEW Reference'!H$7,0) -> 3375 | N71: =ROUND(('NEW Reference'!I$6*List!$F71)+'NEW Reference'!I$7,0) -> 3508 | ... V71: =ROUND(('NEW Reference'!Q$6*List!$F71)+'NEW Reference'!Q$7,0) -> 571 | X71: =CONCATENATE(Y71, Z71, AA71) -> MOHAVE, Arizona | Y71: MOHAVE | Z71: , | AA71: Arizona | AC71: =IFERROR(INDEX($AF:$AF,MATCH($A71,$AD:$AD,0)),"") -> 0.9044 | AD71: 11500 | AE71: Anniston-Oxford, AL | AF71: 0.6958
A72: 46060 | B72: Tucson, AZ | C72: PIMA | D72: Arizona | E72: Urban | F72: =IFERROR(INDEX($AF:$AF,MATCH($A72,$AD:$AD,0)),"") -> 0.8886 | G72: =ROUND(('NEW Reference'!B$6*List!$F72)+'NEW Reference'!B$7,0) -> 1232 | H72: =ROUND(('NEW Reference'!C$6*List!$F72)+'NEW Reference'!C$7,0) -> 1837 | I72: =ROUND(('NEW Reference'!D$6*List!$F72)+'NEW Reference'!D$7,0) -> 2201 | J72: =ROUND(('NEW Reference'!E$6*List!$F72)+'NEW Reference'!E$7,0) -> 2722 | K72: =ROUND(('NEW Reference'!F$6*List!$F72)+'NEW Reference'!F$7,0) -> 2835 | L72: =ROUND(('NEW Reference'!G$6*List!$F72)+'NEW Reference'!G$7,0) -> 3210 | M72: =ROUND(('NEW Reference'!H$6*List!$F72)+'NEW Reference'!H$7,0) -> 3332 | N72: =ROUND(('NEW Reference'!I$6*List!$F72)+'NEW Reference'!I$7,0) -> 3463 | ... V72: =ROUND(('NEW Reference'!Q$6*List!$F72)+'NEW Reference'!Q$7,0) -> 563 | X72: =CONCATENATE(Y72, Z72, AA72) -> PIMA, Arizona | Y72: PIMA | Z72: , | AA72: Arizona | AC72: =IFERROR(INDEX($AF:$AF,MATCH($A72,$AD:$AD,0)),"") -> 0.8886 | AD72: 13820 | AE72: Birmingham, AL | AF72: 0.8596
A73: 38060 | B73: Phoenix-Mesa-Chandler, AZ | C73: PINAL | D73: Arizona | E73: Urban | F73: =IFERROR(INDEX($AF:$AF,MATCH($A73,$AD:$AD,0)),"") -> 1.0117 | G73: =ROUND(('NEW Reference'!B$6*List!$F73)+'NEW Reference'!B$7,0) -> 1356 | H73: =ROUND(('NEW Reference'!C$6*List!$F73)+'NEW Reference'!C$7,0) -> 2022 | I73: =ROUND(('NEW Reference'!D$6*List!$F73)+'NEW Reference'!D$7,0) -> 2423 | J73: =ROUND(('NEW Reference'!E$6*List!$F73)+'NEW Reference'!E$7,0) -> 2995 | K73: =ROUND(('NEW Reference'!F$6*List!$F73)+'NEW Reference'!F$7,0) -> 3121 | L73: =ROUND(('NEW Reference'!G$6*List!$F73)+'NEW Reference'!G$7,0) -> 3533 | M73: =ROUND(('NEW Reference'!H$6*List!$F73)+'NEW Reference'!H$7,0) -> 3668 | N73: =ROUND(('NEW Reference'!I$6*List!$F73)+'NEW Reference'!I$7,0) -> 3812 | ... V73: =ROUND(('NEW Reference'!Q$6*List!$F73)+'NEW Reference'!Q$7,0) -> 620 | X73: =CONCATENATE(Y73, Z73, AA73) -> PINAL, Arizona | Y73: PINAL | Z73: , | AA73: Arizona | AC73: =IFERROR(INDEX($AF:$AF,MATCH($A73,$AD:$AD,0)),"") -> 1.0117 | AD73: 22520 | AE73: Florence-Muscle Shoals, AL | AF73: 0.6816
A74: 03 | B74: Arizona | C74: Rural (Not listed as urban county) | D74: Arizona | E74: Rural | F74: =IFERROR(INDEX($AF:$AF,MATCH($A74,$AD:$AD,0)),"") -> 0.8539 | G74: =ROUND(('NEW Reference'!B$6*List!$F74)+'NEW Reference'!B$7,0) -> 1197 | H74: =ROUND(('NEW Reference'!C$6*List!$F74)+'NEW Reference'!C$7,0) -> 1785 | I74: =ROUND(('NEW Reference'!D$6*List!$F74)+'NEW Reference'!D$7,0) -> 2139 | J74: =ROUND(('NEW Reference'!E$6*List!$F74)+'NEW Reference'!E$7,0) -> 2644 | K74: =ROUND(('NEW Reference'!F$6*List!$F74)+'NEW Reference'!F$7,0) -> 2755 | L74: =ROUND(('NEW Reference'!G$6*List!$F74)+'NEW Reference'!G$7,0) -> 3119 | M74: =ROUND(('NEW Reference'!H$6*List!$F74)+'NEW Reference'!H$7,0) -> 3238 | N74: =ROUND(('NEW Reference'!I$6*List!$F74)+'NEW Reference'!I$7,0) -> 3365 | ... V74: =ROUND(('NEW Reference'!Q$6*List!$F74)+'NEW Reference'!Q$7,0) -> 547 | X74: =CONCATENATE(Y74, Z74, AA74) -> Rural (Not listed as urban county), Arizona | Y74: Rural (Not listed as urban county) | Z74: , | AA74: Arizona | AC74: =IFERROR(INDEX($AF:$AF,MATCH($A74,$AD:$AD,0)),"") -> 0.8539 | AD74: 33860 | AE74: Montgomery, AL | AF74: 0.805125
A75: 39150 | B75: Prescott Valley-Prescott, AZ | C75: YAVAPAI | D75: Arizona | E75: Urban | F75: =IFERROR(INDEX($AF:$AF,MATCH($A75,$AD:$AD,0)),"") -> 0.9986 | G75: =ROUND(('NEW Reference'!B$6*List!$F75)+'NEW Reference'!B$7,0) -> 1343 | H75: =ROUND(('NEW Reference'!C$6*List!$F75)+'NEW Reference'!C$7,0) -> 2002 | I75: =ROUND(('NEW Reference'!D$6*List!$F75)+'NEW Reference'!D$7,0) -> 2399 | J75: =ROUND(('NEW Reference'!E$6*List!$F75)+'NEW Reference'!E$7,0) -> 2966 | K75: =ROUND(('NEW Reference'!F$6*List!$F75)+'NEW Reference'!F$7,0) -> 3090 | L75: =ROUND(('NEW Reference'!G$6*List!$F75)+'NEW Reference'!G$7,0) -> 3498 | M75: =ROUND(('NEW Reference'!H$6*List!$F75)+'NEW Reference'!H$7,0) -> 3632 | N75: =ROUND(('NEW Reference'!I$6*List!$F75)+'NEW Reference'!I$7,0) -> 3775 | ... V75: =ROUND(('NEW Reference'!Q$6*List!$F75)+'NEW Reference'!Q$7,0) -> 614 | X75: =CONCATENATE(Y75, Z75, AA75) -> YAVAPAI, Arizona | Y75: YAVAPAI | Z75: , | AA75: Arizona | AC75: =IFERROR(INDEX($AF:$AF,MATCH($A75,$AD:$AD,0)),"") -> 0.9986 | AD75: 23460 | AE75: Gadsden, AL | AF75: 0.7243
A76: 49740 | B76: Yuma, AZ | C76: YUMA | D76: Arizona | E76: Urban | F76: =IFERROR(INDEX($AF:$AF,MATCH($A76,$AD:$AD,0)),"") -> 0.9517 | G76: =ROUND(('NEW Reference'!B$6*List!$F76)+'NEW Reference'!B$7,0) -> 1296 | H76: =ROUND(('NEW Reference'!C$6*List!$F76)+'NEW Reference'!C$7,0) -> 1932 | I76: =ROUND(('NEW Reference'!D$6*List!$F76)+'NEW Reference'!D$7,0) -> 2315 | J76: =ROUND(('NEW Reference'!E$6*List!$F76)+'NEW Reference'!E$7,0) -> 2862 | K76: =ROUND(('NEW Reference'!F$6*List!$F76)+'NEW Reference'!F$7,0) -> 2982 | L76: =ROUND(('NEW Reference'!G$6*List!$F76)+'NEW Reference'!G$7,0) -> 3375 | M76: =ROUND(('NEW Reference'!H$6*List!$F76)+'NEW Reference'!H$7,0) -> 3504 | N76: =ROUND(('NEW Reference'!I$6*List!$F76)+'NEW Reference'!I$7,0) -> 3642 | ... V76: =ROUND(('NEW Reference'!Q$6*List!$F76)+'NEW Reference'!Q$7,0) -> 593 | X76: =CONCATENATE(Y76, Z76, AA76) -> YUMA, Arizona | Y76: YUMA | Z76: , | AA76: Arizona | AC76: =IFERROR(INDEX($AF:$AF,MATCH($A76,$AD:$AD,0)),"") -> 0.9517 | AD76: 20020 | AE76: Dothan, AL | AF76: 0.7099
A77: 36084 | B77: Oakland-Fremont-Berkeley, CA | C77: ALAMEDA | D77: California | E77: Urban | F77: =IFERROR(INDEX($AF:$AF,MATCH($A77,$AD:$AD,0)),"") -> 1.7434 | G77: =ROUND(('NEW Reference'!B$6*List!$F77)+'NEW Reference'!B$7,0) -> 2093 | H77: =ROUND(('NEW Reference'!C$6*List!$F77)+'NEW Reference'!C$7,0) -> 3120 | I77: =ROUND(('NEW Reference'!D$6*List!$F77)+'NEW Reference'!D$7,0) -> 3739 | J77: =ROUND(('NEW Reference'!E$6*List!$F77)+'NEW Reference'!E$7,0) -> 4623 | K77: =ROUND(('NEW Reference'!F$6*List!$F77)+'NEW Reference'!F$7,0) -> 4816 | L77: =ROUND(('NEW Reference'!G$6*List!$F77)+'NEW Reference'!G$7,0) -> 5452 | M77: =ROUND(('NEW Reference'!H$6*List!$F77)+'NEW Reference'!H$7,0) -> 5660 | N77: =ROUND(('NEW Reference'!I$6*List!$F77)+'NEW Reference'!I$7,0) -> 5882 | ... V77: =ROUND(('NEW Reference'!Q$6*List!$F77)+'NEW Reference'!Q$7,0) -> 957 | X77: =CONCATENATE(Y77, Z77, AA77) -> ALAMEDA, California | Y77: ALAMEDA | Z77: , | AA77: California | AC77: =IFERROR(INDEX($AF:$AF,MATCH($A77,$AD:$AD,0)),"") -> 1.7434 | AD77: 46220 | AE77: Tuscaloosa, AL | AF77: 0.91618
A78: 17020 | B78: Chico, CA | C78: BUTTE | D78: California | E78: Urban | F78: =IFERROR(INDEX($AF:$AF,MATCH($A78,$AD:$AD,0)),"") -> 1.0202 | G78: =ROUND(('NEW Reference'!B$6*List!$F78)+'NEW Reference'!B$7,0) -> 1365 | H78: =ROUND(('NEW Reference'!C$6*List!$F78)+'NEW Reference'!C$7,0) -> 2035 | I78: =ROUND(('NEW Reference'!D$6*List!$F78)+'NEW Reference'!D$7,0) -> 2438 | J78: =ROUND(('NEW Reference'!E$6*List!$F78)+'NEW Reference'!E$7,0) -> 3014 | K78: =ROUND(('NEW Reference'!F$6*List!$F78)+'NEW Reference'!F$7,0) -> 3140 | L78: =ROUND(('NEW Reference'!G$6*List!$F78)+'NEW Reference'!G$7,0) -> 3555 | M78: =ROUND(('NEW Reference'!H$6*List!$F78)+'NEW Reference'!H$7,0) -> 3691 | N78: =ROUND(('NEW Reference'!I$6*List!$F78)+'NEW Reference'!I$7,0) -> 3836 | ... V78: =ROUND(('NEW Reference'!Q$6*List!$F78)+'NEW Reference'!Q$7,0) -> 624 | X78: =CONCATENATE(Y78, Z78, AA78) -> BUTTE, California | Y78: BUTTE | Z78: , | AA78: California | AC78: =IFERROR(INDEX($AF:$AF,MATCH($A78,$AD:$AD,0)),"") -> 1.0202 | AD78: 46220 | AE78: Tuscaloosa, AL | AF78: 0.91618
A79: 36084 | B79: Oakland-Fremont-Berkeley, CA | C79: CONTRA COSTA | D79: California | E79: Urban | F79: =IFERROR(INDEX($AF:$AF,MATCH($A79,$AD:$AD,0)),"") -> 1.7434 | G79: =ROUND(('NEW Reference'!B$6*List!$F79)+'NEW Reference'!B$7,0) -> 2093 | H79: =ROUND(('NEW Reference'!C$6*List!$F79)+'NEW Reference'!C$7,0) -> 3120 | I79: =ROUND(('NEW Reference'!D$6*List!$F79)+'NEW Reference'!D$7,0) -> 3739 | J79: =ROUND(('NEW Reference'!E$6*List!$F79)+'NEW Reference'!E$7,0) -> 4623 | K79: =ROUND(('NEW Reference'!F$6*List!$F79)+'NEW Reference'!F$7,0) -> 4816 | L79: =ROUND(('NEW Reference'!G$6*List!$F79)+'NEW Reference'!G$7,0) -> 5452 | M79: =ROUND(('NEW Reference'!H$6*List!$F79)+'NEW Reference'!H$7,0) -> 5660 | N79: =ROUND(('NEW Reference'!I$6*List!$F79)+'NEW Reference'!I$7,0) -> 5882 | ... V79: =ROUND(('NEW Reference'!Q$6*List!$F79)+'NEW Reference'!Q$7,0) -> 957 | X79: =CONCATENATE(Y79, Z79, AA79) -> CONTRA COSTA, California | Y79: CONTRA COSTA | Z79: , | AA79: California | AC79: =IFERROR(INDEX($AF:$AF,MATCH($A79,$AD:$AD,0)),"") -> 1.7434 | AD79: 20020 | AE79: Dothan, AL | AF79: 0.7099
A80: 40900 | B80: Sacramento-Roseville-Folsom, CA | C80: EL DORADO | D80: California | E80: Urban | F80: =IFERROR(INDEX($AF:$AF,MATCH($A80,$AD:$AD,0)),"") -> 1.563 | G80: =ROUND(('NEW Reference'!B$6*List!$F80)+'NEW Reference'!B$7,0) -> 1911 | H80: =ROUND(('NEW Reference'!C$6*List!$F80)+'NEW Reference'!C$7,0) -> 2850 | I80: =ROUND(('NEW Reference'!D$6*List!$F80)+'NEW Reference'!D$7,0) -> 3415 | J80: =ROUND(('NEW Reference'!E$6*List!$F80)+'NEW Reference'!E$7,0) -> 4221 | K80: =ROUND(('NEW Reference'!F$6*List!$F80)+'NEW Reference'!F$7,0) -> 4398 | L80: =ROUND(('NEW Reference'!G$6*List!$F80)+'NEW Reference'!G$7,0) -> 4979 | M80: =ROUND(('NEW Reference'!H$6*List!$F80)+'NEW Reference'!H$7,0) -> 5169 | N80: =ROUND(('NEW Reference'!I$6*List!$F80)+'NEW Reference'!I$7,0) -> 5372 | ... V80: =ROUND(('NEW Reference'!Q$6*List!$F80)+'NEW Reference'!Q$7,0) -> 874 | X80: =CONCATENATE(Y80, Z80, AA80) -> EL DORADO, California | Y80: EL DORADO | Z80: , | AA80: California | AC80: =IFERROR(INDEX($AF:$AF,MATCH($A80,$AD:$AD,0)),"") -> 1.563 | AD80: 20020 | AE80: Dothan, AL | AF80: 0.7099
A81: 23420 | B81: Fresno, CA | C81: FRESNO | D81: California | E81: Urban | F81: =IFERROR(INDEX($AF:$AF,MATCH($A81,$AD:$AD,0)),"") -> 1.15406 | G81: =ROUND(('NEW Reference'!B$6*List!$F81)+'NEW Reference'!B$7,0) -> 1499 | H81: =ROUND(('NEW Reference'!C$6*List!$F81)+'NEW Reference'!C$7,0) -> 2236 | I81: =ROUND(('NEW Reference'!D$6*List!$F81)+'NEW Reference'!D$7,0) -> 2679 | J81: =ROUND(('NEW Reference'!E$6*List!$F81)+'NEW Reference'!E$7,0) -> 3312 | K81: =ROUND(('NEW Reference'!F$6*List!$F81)+'NEW Reference'!F$7,0) -> 3451 | L81: =ROUND(('NEW Reference'!G$6*List!$F81)+'NEW Reference'!G$7,0) -> 3906 | M81: =ROUND(('NEW Reference'!H$6*List!$F81)+'NEW Reference'!H$7,0) -> 4055 | N81: =ROUND(('NEW Reference'!I$6*List!$F81)+'NEW Reference'!I$7,0) -> 4214 | ... V81: =ROUND(('NEW Reference'!Q$6*List!$F81)+'NEW Reference'!Q$7,0) -> 686 | X81: =CONCATENATE(Y81, Z81, AA81) -> FRESNO, California | Y81: FRESNO | Z81: , | AA81: California | AC81: =IFERROR(INDEX($AF:$AF,MATCH($A81,$AD:$AD,0)),"") -> 1.15406 | AD81: 13820 | AE81: Birmingham, AL | AF81: 0.8596
A82: 20940 | B82: El Centro, CA | C82: IMPERIAL | D82: California | E82: Urban | F82: =IFERROR(INDEX($AF:$AF,MATCH($A82,$AD:$AD,0)),"") -> 1.174 | G82: =ROUND(('NEW Reference'!B$6*List!$F82)+'NEW Reference'!B$7,0) -> 1519 | H82: =ROUND(('NEW Reference'!C$6*List!$F82)+'NEW Reference'!C$7,0) -> 2266 | I82: =ROUND(('NEW Reference'!D$6*List!$F82)+'NEW Reference'!D$7,0) -> 2715 | J82: =ROUND(('NEW Reference'!E$6*List!$F82)+'NEW Reference'!E$7,0) -> 3356 | K82: =ROUND(('NEW Reference'!F$6*List!$F82)+'NEW Reference'!F$7,0) -> 3497 | L82: =ROUND(('NEW Reference'!G$6*List!$F82)+'NEW Reference'!G$7,0) -> 3958 | M82: =ROUND(('NEW Reference'!H$6*List!$F82)+'NEW Reference'!H$7,0) -> 4110 | N82: =ROUND(('NEW Reference'!I$6*List!$F82)+'NEW Reference'!I$7,0) -> 4271 | ... V82: =ROUND(('NEW Reference'!Q$6*List!$F82)+'NEW Reference'!Q$7,0) -> 695 | X82: =CONCATENATE(Y82, Z82, AA82) -> IMPERIAL, California | Y82: IMPERIAL | Z82: , | AA82: California | AC82: =IFERROR(INDEX($AF:$AF,MATCH($A82,$AD:$AD,0)),"") -> 1.174 | AD82: 22520 | AE82: Florence-Muscle Shoals, AL | AF82: 0.6816
A83: 12540 | B83: Bakersfield-Delano, CA | C83: KERN | D83: California | E83: Urban | F83: =IFERROR(INDEX($AF:$AF,MATCH($A83,$AD:$AD,0)),"") -> 1.184 | G83: =ROUND(('NEW Reference'!B$6*List!$F83)+'NEW Reference'!B$7,0) -> 1529 | H83: =ROUND(('NEW Reference'!C$6*List!$F83)+'NEW Reference'!C$7,0) -> 2281 | I83: =ROUND(('NEW Reference'!D$6*List!$F83)+'NEW Reference'!D$7,0) -> 2733 | J83: =ROUND(('NEW Reference'!E$6*List!$F83)+'NEW Reference'!E$7,0) -> 3379 | K83: =ROUND(('NEW Reference'!F$6*List!$F83)+'NEW Reference'!F$7,0) -> 3520 | L83: =ROUND(('NEW Reference'!G$6*List!$F83)+'NEW Reference'!G$7,0) -> 3985 | M83: =ROUND(('NEW Reference'!H$6*List!$F83)+'NEW Reference'!H$7,0) -> 4137 | N83: =ROUND(('NEW Reference'!I$6*List!$F83)+'NEW Reference'!I$7,0) -> 4299 | ... V83: =ROUND(('NEW Reference'!Q$6*List!$F83)+'NEW Reference'!Q$7,0) -> 699 | X83: =CONCATENATE(Y83, Z83, AA83) -> KERN, California | Y83: KERN | Z83: , | AA83: California | AC83: =IFERROR(INDEX($AF:$AF,MATCH($A83,$AD:$AD,0)),"") -> 1.184 | AD83: 19460 | AE83: Decatur, AL | AF83: 0.7153
A84: 25260 | B84: Hanford-Corcoran, CA | C84: KINGS | D84: California | E84: Urban | F84: =IFERROR(INDEX($AF:$AF,MATCH($A84,$AD:$AD,0)),"") -> 1.1706 | G84: =ROUND(('NEW Reference'!B$6*List!$F84)+'NEW Reference'!B$7,0) -> 1516 | H84: =ROUND(('NEW Reference'!C$6*List!$F84)+'NEW Reference'!C$7,0) -> 2261 | I84: =ROUND(('NEW Reference'!D$6*List!$F84)+'NEW Reference'!D$7,0) -> 2709 | J84: =ROUND(('NEW Reference'!E$6*List!$F84)+'NEW Reference'!E$7,0) -> 3349 | K84: =ROUND(('NEW Reference'!F$6*List!$F84)+'NEW Reference'!F$7,0) -> 3489 | L84: =ROUND(('NEW Reference'!G$6*List!$F84)+'NEW Reference'!G$7,0) -> 3949 | M84: =ROUND(('NEW Reference'!H$6*List!$F84)+'NEW Reference'!H$7,0) -> 4100 | N84: =ROUND(('NEW Reference'!I$6*List!$F84)+'NEW Reference'!I$7,0) -> 4261 | ... V84: =ROUND(('NEW Reference'!Q$6*List!$F84)+'NEW Reference'!Q$7,0) -> 693 | X84: =CONCATENATE(Y84, Z84, AA84) -> KINGS, California | Y84: KINGS | Z84: , | AA84: California | AC84: =IFERROR(INDEX($AF:$AF,MATCH($A84,$AD:$AD,0)),"") -> 1.1706 | AD84: 12220 | AE84: Auburn-Opelika, AL | AF84: 0.6797
A85: 31084 | B85: Los Angeles-Long Beach-Glendale, CA | C85: LOS ANGELES | D85: California | E85: Urban | F85: =IFERROR(INDEX($AF:$AF,MATCH($A85,$AD:$AD,0)),"") -> 1.2699 | G85: =ROUND(('NEW Reference'!B$6*List!$F85)+'NEW Reference'!B$7,0) -> 1616 | H85: =ROUND(('NEW Reference'!C$6*List!$F85)+'NEW Reference'!C$7,0) -> 2410 | I85: =ROUND(('NEW Reference'!D$6*List!$F85)+'NEW Reference'!D$7,0) -> 2887 | J85: =ROUND(('NEW Reference'!E$6*List!$F85)+'NEW Reference'!E$7,0) -> 3570 | K85: =ROUND(('NEW Reference'!F$6*List!$F85)+'NEW Reference'!F$7,0) -> 3719 | L85: =ROUND(('NEW Reference'!G$6*List!$F85)+'NEW Reference'!G$7,0) -> 4210 | M85: =ROUND(('NEW Reference'!H$6*List!$F85)+'NEW Reference'!H$7,0) -> 4371 | N85: =ROUND(('NEW Reference'!I$6*List!$F85)+'NEW Reference'!I$7,0) -> 4542 | ... V85: =ROUND(('NEW Reference'!Q$6*List!$F85)+'NEW Reference'!Q$7,0) -> 739 | X85: =CONCATENATE(Y85, Z85, AA85) -> LOS ANGELES, California | Y85: LOS ANGELES | Z85: , | AA85: California | AC85: =IFERROR(INDEX($AF:$AF,MATCH($A85,$AD:$AD,0)),"") -> 1.2699 | AD85: 26620 | AE85: Huntsville, AL | AF85: 0.8106
A86: 23420 | B86: Fresno, CA | C86: MADERA | D86: California | E86: Urban | F86: =IFERROR(INDEX($AF:$AF,MATCH($A86,$AD:$AD,0)),"") -> 1.15406 | G86: =ROUND(('NEW Reference'!B$6*List!$F86)+'NEW Reference'!B$7,0) -> 1499 | H86: =ROUND(('NEW Reference'!C$6*List!$F86)+'NEW Reference'!C$7,0) -> 2236 | I86: =ROUND(('NEW Reference'!D$6*List!$F86)+'NEW Reference'!D$7,0) -> 2679 | J86: =ROUND(('NEW Reference'!E$6*List!$F86)+'NEW Reference'!E$7,0) -> 3312 | K86: =ROUND(('NEW Reference'!F$6*List!$F86)+'NEW Reference'!F$7,0) -> 3451 | L86: =ROUND(('NEW Reference'!G$6*List!$F86)+'NEW Reference'!G$7,0) -> 3906 | M86: =ROUND(('NEW Reference'!H$6*List!$F86)+'NEW Reference'!H$7,0) -> 4055 | N86: =ROUND(('NEW Reference'!I$6*List!$F86)+'NEW Reference'!I$7,0) -> 4214 | ... V86: =ROUND(('NEW Reference'!Q$6*List!$F86)+'NEW Reference'!Q$7,0) -> 686 | X86: =CONCATENATE(Y86, Z86, AA86) -> MADERA, California | Y86: MADERA | Z86: , | AA86: California | AC86: =IFERROR(INDEX($AF:$AF,MATCH($A86,$AD:$AD,0)),"") -> 1.15406 | AD86: 33860 | AE86: Montgomery, AL | AF86: 0.805125
... A93: 40140 | B93: Riverside-San Bernardino-Ontario, CA | C93: RIVERSIDE | D93: California | E93: Urban | F93: =IFERROR(INDEX($AF:$AF,MATCH($A93,$AD:$AD,0)),"") -> 1.174 | G93: =ROUND(('NEW Reference'!B$6*List!$F93)+'NEW Reference'!B$7,0) -> 1519 | H93: =ROUND(('NEW Reference'!C$6*List!$F93)+'NEW Reference'!C$7,0) -> 2266 | I93: =ROUND(('NEW Reference'!D$6*List!$F93)+'NEW Reference'!D$7,0) -> 2715 | J93: =ROUND(('NEW Reference'!E$6*List!$F93)+'NEW Reference'!E$7,0) -> 3356 | K93: =ROUND(('NEW Reference'!F$6*List!$F93)+'NEW Reference'!F$7,0) -> 3497 | L93: =ROUND(('NEW Reference'!G$6*List!$F93)+'NEW Reference'!G$7,0) -> 3958 | M93: =ROUND(('NEW Reference'!H$6*List!$F93)+'NEW Reference'!H$7,0) -> 4110 | N93: =ROUND(('NEW Reference'!I$6*List!$F93)+'NEW Reference'!I$7,0) -> 4271 | ... V93: =ROUND(('NEW Reference'!Q$6*List!$F93)+'NEW Reference'!Q$7,0) -> 695 | X93: =CONCATENATE(Y93, Z93, AA93) -> RIVERSIDE, California | Y93: RIVERSIDE | Z93: , | AA93: California | AC93: =IFERROR(INDEX($AF:$AF,MATCH($A93,$AD:$AD,0)),"") -> 1.174 | AD93: 17980 | AE93: Columbus, GA-AL | AF93: 0.77957
A94: 05 | B94: California | C94: Rural (Not listed as urban county) | D94: California | E94: Rural | F94: =IFERROR(INDEX($AF:$AF,MATCH($A94,$AD:$AD,0)),"") -> 1.2775 | G94: =ROUND(('NEW Reference'!B$6*List!$F94)+'NEW Reference'!B$7,0) -> 1624 | H94: =ROUND(('NEW Reference'!C$6*List!$F94)+'NEW Reference'!C$7,0) -> 2421 | I94: =ROUND(('NEW Reference'!D$6*List!$F94)+'NEW Reference'!D$7,0) -> 2901 | J94: =ROUND(('NEW Reference'!E$6*List!$F94)+'NEW Reference'!E$7,0) -> 3587 | K94: =ROUND(('NEW Reference'!F$6*List!$F94)+'NEW Reference'!F$7,0) -> 3737 | L94: =ROUND(('NEW Reference'!G$6*List!$F94)+'NEW Reference'!G$7,0) -> 4230 | M94: =ROUND(('NEW Reference'!H$6*List!$F94)+'NEW Reference'!H$7,0) -> 4391 | N94: =ROUND(('NEW Reference'!I$6*List!$F94)+'NEW Reference'!I$7,0) -> 4564 | ... V94: =ROUND(('NEW Reference'!Q$6*List!$F94)+'NEW Reference'!Q$7,0) -> 743 | X94: =CONCATENATE(Y94, Z94, AA94) -> Rural (Not listed as urban county), California | Y94: Rural (Not listed as urban county) | Z94: , | AA94: California | AC94: =IFERROR(INDEX($AF:$AF,MATCH($A94,$AD:$AD,0)),"") -> 1.2775 | AD94: 13820 | AE94: Birmingham, AL | AF94: 0.8596
A95: 40900 | B95: Sacramento-Roseville-Folsom, CA | C95: SACRAMENTO | D95: California | E95: Urban | F95: =IFERROR(INDEX($AF:$AF,MATCH($A95,$AD:$AD,0)),"") -> 1.563 | G95: =ROUND(('NEW Reference'!B$6*List!$F95)+'NEW Reference'!B$7,0) -> 1911 | H95: =ROUND(('NEW Reference'!C$6*List!$F95)+'NEW Reference'!C$7,0) -> 2850 | I95: =ROUND(('NEW Reference'!D$6*List!$F95)+'NEW Reference'!D$7,0) -> 3415 | J95: =ROUND(('NEW Reference'!E$6*List!$F95)+'NEW Reference'!E$7,0) -> 4221 | K95: =ROUND(('NEW Reference'!F$6*List!$F95)+'NEW Reference'!F$7,0) -> 4398 | L95: =ROUND(('NEW Reference'!G$6*List!$F95)+'NEW Reference'!G$7,0) -> 4979 | M95: =ROUND(('NEW Reference'!H$6*List!$F95)+'NEW Reference'!H$7,0) -> 5169 | N95: =ROUND(('NEW Reference'!I$6*List!$F95)+'NEW Reference'!I$7,0) -> 5372 | ... V95: =ROUND(('NEW Reference'!Q$6*List!$F95)+'NEW Reference'!Q$7,0) -> 874 | X95: =CONCATENATE(Y95, Z95, AA95) -> SACRAMENTO, California | Y95: SACRAMENTO | Z95: , | AA95: California | AC95: =IFERROR(INDEX($AF:$AF,MATCH($A95,$AD:$AD,0)),"") -> 1.563 | AD95: 13820 | AE95: Birmingham, AL | AF95: 0.8596
A96: 41940 | B96: San Jose-Sunnyvale-Santa Clara, CA | C96: SAN BENITO | D96: California | E96: Urban | F96: =IFERROR(INDEX($AF:$AF,MATCH($A96,$AD:$AD,0)),"") -> 1.8317 | G96: =ROUND(('NEW Reference'!B$6*List!$F96)+'NEW Reference'!B$7,0) -> 2182 | H96: =ROUND(('NEW Reference'!C$6*List!$F96)+'NEW Reference'!C$7,0) -> 3253 | I96: =ROUND(('NEW Reference'!D$6*List!$F96)+'NEW Reference'!D$7,0) -> 3898 | J96: =ROUND(('NEW Reference'!E$6*List!$F96)+'NEW Reference'!E$7,0) -> 4819 | K96: =ROUND(('NEW Reference'!F$6*List!$F96)+'NEW Reference'!F$7,0) -> 5021 | L96: =ROUND(('NEW Reference'!G$6*List!$F96)+'NEW Reference'!G$7,0) -> 5683 | M96: =ROUND(('NEW Reference'!H$6*List!$F96)+'NEW Reference'!H$7,0) -> 5901 | N96: =ROUND(('NEW Reference'!I$6*List!$F96)+'NEW Reference'!I$7,0) -> 6132 | ... V96: =ROUND(('NEW Reference'!Q$6*List!$F96)+'NEW Reference'!Q$7,0) -> 998 | X96: =CONCATENATE(Y96, Z96, AA96) -> SAN BENITO, California | Y96: SAN BENITO | Z96: , | AA96: California | AC96: =IFERROR(INDEX($AF:$AF,MATCH($A96,$AD:$AD,0)),"") -> 1.8317 | AD96: 46220 | AE96: Tuscaloosa, AL | AF96: 0.91618
A97: 40140 | B97: Riverside-San Bernardino-Ontario, CA | C97: SAN BERNARDINO | D97: California | E97: Urban | F97: =IFERROR(INDEX($AF:$AF,MATCH($A97,$AD:$AD,0)),"") -> 1.174 | G97: =ROUND(('NEW Reference'!B$6*List!$F97)+'NEW Reference'!B$7,0) -> 1519 | H97: =ROUND(('NEW Reference'!C$6*List!$F97)+'NEW Reference'!C$7,0) -> 2266 | I97: =ROUND(('NEW Reference'!D$6*List!$F97)+'NEW Reference'!D$7,0) -> 2715 | J97: =ROUND(('NEW Reference'!E$6*List!$F97)+'NEW Reference'!E$7,0) -> 3356 | K97: =ROUND(('NEW Reference'!F$6*List!$F97)+'NEW Reference'!F$7,0) -> 3497 | L97: =ROUND(('NEW Reference'!G$6*List!$F97)+'NEW Reference'!G$7,0) -> 3958 | M97: =ROUND(('NEW Reference'!H$6*List!$F97)+'NEW Reference'!H$7,0) -> 4110 | N97: =ROUND(('NEW Reference'!I$6*List!$F97)+'NEW Reference'!I$7,0) -> 4271 | ... V97: =ROUND(('NEW Reference'!Q$6*List!$F97)+'NEW Reference'!Q$7,0) -> 695 | X97: =CONCATENATE(Y97, Z97, AA97) -> SAN BERNARDINO, California | Y97: SAN BERNARDINO | Z97: , | AA97: California | AC97: =IFERROR(INDEX($AF:$AF,MATCH($A97,$AD:$AD,0)),"") -> 1.174 | AD97: 13820 | AE97: Birmingham, AL | AF97: 0.8596
A98: 41740 | B98: San Diego-Chula Vista-Carlsbad, CA | C98: SAN DIEGO | D98: California | E98: Urban | F98: =IFERROR(INDEX($AF:$AF,MATCH($A98,$AD:$AD,0)),"") -> 1.2301 | G98: =ROUND(('NEW Reference'!B$6*List!$F98)+'NEW Reference'!B$7,0) -> 1576 | H98: =ROUND(('NEW Reference'!C$6*List!$F98)+'NEW Reference'!C$7,0) -> 2350 | I98: =ROUND(('NEW Reference'!D$6*List!$F98)+'NEW Reference'!D$7,0) -> 2816 | J98: =ROUND(('NEW Reference'!E$6*List!$F98)+'NEW Reference'!E$7,0) -> 3481 | K98: =ROUND(('NEW Reference'!F$6*List!$F98)+'NEW Reference'!F$7,0) -> 3627 | L98: =ROUND(('NEW Reference'!G$6*List!$F98)+'NEW Reference'!G$7,0) -> 4105 | M98: =ROUND(('NEW Reference'!H$6*List!$F98)+'NEW Reference'!H$7,0) -> 4262 | N98: =ROUND(('NEW Reference'!I$6*List!$F98)+'NEW Reference'!I$7,0) -> 4430 | ... V98: =ROUND(('NEW Reference'!Q$6*List!$F98)+'NEW Reference'!Q$7,0) -> 721 | X98: =CONCATENATE(Y98, Z98, AA98) -> SAN DIEGO, California | Y98: SAN DIEGO | Z98: , | AA98: California | AC98: =IFERROR(INDEX($AF:$AF,MATCH($A98,$AD:$AD,0)),"") -> 1.2301 | AD98: 22220 | AE98: Fayetteville-Springdale-Rogers, AR | AF98: 0.8802
A99: 41884 | B99: San Francisco-San Mateo-Redwood City, CA | C99: SAN FRANCISCO | D99: California | E99: Urban | F99: =IFERROR(INDEX($AF:$AF,MATCH($A99,$AD:$AD,0)),"") -> 1.7522 | G99: =ROUND(('NEW Reference'!B$6*List!$F99)+'NEW Reference'!B$7,0) -> 2102 | H99: =ROUND(('NEW Reference'!C$6*List!$F99)+'NEW Reference'!C$7,0) -> 3134 | I99: =ROUND(('NEW Reference'!D$6*List!$F99)+'NEW Reference'!D$7,0) -> 3755 | J99: =ROUND(('NEW Reference'!E$6*List!$F99)+'NEW Reference'!E$7,0) -> 4642 | K99: =ROUND(('NEW Reference'!F$6*List!$F99)+'NEW Reference'!F$7,0) -> 4836 | L99: =ROUND(('NEW Reference'!G$6*List!$F99)+'NEW Reference'!G$7,0) -> 5475 | M99: =ROUND(('NEW Reference'!H$6*List!$F99)+'NEW Reference'!H$7,0) -> 5684 | N99: =ROUND(('NEW Reference'!I$6*List!$F99)+'NEW Reference'!I$7,0) -> 5907 | ... V99: =ROUND(('NEW Reference'!Q$6*List!$F99)+'NEW Reference'!Q$7,0) -> 961 | X99: =CONCATENATE(Y99, Z99, AA99) -> SAN FRANCISCO, California | Y99: SAN FRANCISCO | Z99: , | AA99: California | AC99: =IFERROR(INDEX($AF:$AF,MATCH($A99,$AD:$AD,0)),"") -> 1.7522 | AD99: 27860 | AE99: Jonesboro, AR | AF99: 0.8199
A100: 44700 | B100: Stockton-Lodi, CA | C100: SAN JOAQUIN | D100: California | E100: Urban | F100: =IFERROR(INDEX($AF:$AF,MATCH($A100,$AD:$AD,0)),"") -> 1.5112 | G100: =ROUND(('NEW Reference'!B$6*List!$F100)+'NEW Reference'!B$7,0) -> 1859 | H100: =ROUND(('NEW Reference'!C$6*List!$F100)+'NEW Reference'!C$7,0) -> 2772 | I100: =ROUND(('NEW Reference'!D$6*List!$F100)+'NEW Reference'!D$7,0) -> 3321 | J100: =ROUND(('NEW Reference'!E$6*List!$F100)+'NEW Reference'!E$7,0) -> 4106 | K100: =ROUND(('NEW Reference'!F$6*List!$F100)+'NEW Reference'!F$7,0) -> 4278 | L100: =ROUND(('NEW Reference'!G$6*List!$F100)+'NEW Reference'!G$7,0) -> 4843 | M100: =ROUND(('NEW Reference'!H$6*List!$F100)+'NEW Reference'!H$7,0) -> 5028 | N100: =ROUND(('NEW Reference'!I$6*List!$F100)+'NEW Reference'!I$7,0) -> 5225 | ... V100: =ROUND(('NEW Reference'!Q$6*List!$F100)+'NEW Reference'!Q$7,0) -> 850 | X100: =CONCATENATE(Y100, Z100, AA100) -> SAN JOAQUIN, California | Y100: SAN JOAQUIN | Z100: , | AA100: California | AC100: =IFERROR(INDEX($AF:$AF,MATCH($A100,$AD:$AD,0)),"") -> 1.5112 | AD100: 22900 | AE100: Fort Smith, AR-OK | AF100: 0.9214
A101: 42020 | B101: San Luis Obispo-Paso Robles, CA | C101: SAN LUIS OBISPO | D101: California | E101: Urban | F101: =IFERROR(INDEX($AF:$AF,MATCH($A101,$AD:$AD,0)),"") -> 1.279 | G101: =ROUND(('NEW Reference'!B$6*List!$F101)+'NEW Reference'!B$7,0) -> 1625 | H101: =ROUND(('NEW Reference'!C$6*List!$F101)+'NEW Reference'!C$7,0) -> 2423 | I101: =ROUND(('NEW Reference'!D$6*List!$F101)+'NEW Reference'!D$7,0) -> 2904 | J101: =ROUND(('NEW Reference'!E$6*List!$F101)+'NEW Reference'!E$7,0) -> 3590 | K101: =ROUND(('NEW Reference'!F$6*List!$F101)+'NEW Reference'!F$7,0) -> 3740 | L101: =ROUND(('NEW Reference'!G$6*List!$F101)+'NEW Reference'!G$7,0) -> 4234 | M101: =ROUND(('NEW Reference'!H$6*List!$F101)+'NEW Reference'!H$7,0) -> 4396 | N101: =ROUND(('NEW Reference'!I$6*List!$F101)+'NEW Reference'!I$7,0) -> 4568 | ... V101: =ROUND(('NEW Reference'!Q$6*List!$F101)+'NEW Reference'!Q$7,0) -> 743 | X101: =CONCATENATE(Y101, Z101, AA101) -> SAN LUIS OBISPO, California | Y101: SAN LUIS OBISPO | Z101: , | AA101: California | AC101: =IFERROR(INDEX($AF:$AF,MATCH($A101,$AD:$AD,0)),"") -> 1.279 | AD101: 32820 | AE101: Memphis, TN-MS-AR | AF101: 0.8676
A102: 41884 | B102: San Francisco-San Mateo-Redwood City, CA | C102: SAN MATEO | D102: California | E102: Urban | F102: =IFERROR(INDEX($AF:$AF,MATCH($A102,$AD:$AD,0)),"") -> 1.7522 | G102: =ROUND(('NEW Reference'!B$6*List!$F102)+'NEW Reference'!B$7,0) -> 2102 | H102: =ROUND(('NEW Reference'!C$6*List!$F102)+'NEW Reference'!C$7,0) -> 3134 | I102: =ROUND(('NEW Reference'!D$6*List!$F102)+'NEW Reference'!D$7,0) -> 3755 | J102: =ROUND(('NEW Reference'!E$6*List!$F102)+'NEW Reference'!E$7,0) -> 4642 | K102: =ROUND(('NEW Reference'!F$6*List!$F102)+'NEW Reference'!F$7,0) -> 4836 | L102: =ROUND(('NEW Reference'!G$6*List!$F102)+'NEW Reference'!G$7,0) -> 5475 | M102: =ROUND(('NEW Reference'!H$6*List!$F102)+'NEW Reference'!H$7,0) -> 5684 | N102: =ROUND(('NEW Reference'!I$6*List!$F102)+'NEW Reference'!I$7,0) -> 5907 | ... V102: =ROUND(('NEW Reference'!Q$6*List!$F102)+'NEW Reference'!Q$7,0) -> 961 | X102: =CONCATENATE(Y102, Z102, AA102) -> SAN MATEO, California | Y102: SAN MATEO | Z102: , | AA102: California | AC102: =IFERROR(INDEX($AF:$AF,MATCH($A102,$AD:$AD,0)),"") -> 1.7522 | AD102: 30780 | AE102: Little Rock-North Little Rock-Conway, AR | AF102: 0.8807
A103: 42200 | B103: Santa Maria-Santa Barbara, CA | C103: SANTA BARBARA | D103: California | E103: Urban | F103: =IFERROR(INDEX($AF:$AF,MATCH($A103,$AD:$AD,0)),"") -> 1.313679 | G103: =ROUND(('NEW Reference'!B$6*List!$F103)+'NEW Reference'!B$7,0) -> 1660 | H103: =ROUND(('NEW Reference'!C$6*List!$F103)+'NEW Reference'!C$7,0) -> 2475 | I103: =ROUND(('NEW Reference'!D$6*List!$F103)+'NEW Reference'!D$7,0) -> 2966 | J103: =ROUND(('NEW Reference'!E$6*List!$F103)+'NEW Reference'!E$7,0) -> 3667 | K103: =ROUND(('NEW Reference'!F$6*List!$F103)+'NEW Reference'!F$7,0) -> 3820 | L103: =ROUND(('NEW Reference'!G$6*List!$F103)+'NEW Reference'!G$7,0) -> 4325 | M103: =ROUND(('NEW Reference'!H$6*List!$F103)+'NEW Reference'!H$7,0) -> 4490 | N103: =ROUND(('NEW Reference'!I$6*List!$F103)+'NEW Reference'!I$7,0) -> 4666 | ... V103: =ROUND(('NEW Reference'!Q$6*List!$F103)+'NEW Reference'!Q$7,0) -> 759 | X103: =CONCATENATE(Y103, Z103, AA103) -> SANTA BARBARA, California | Y103: SANTA BARBARA | Z103: , | AA103: California | AC103: =IFERROR(INDEX($AF:$AF,MATCH($A103,$AD:$AD,0)),"") -> 1.313679 | AD103: 26300 | AE103: Hot Springs, AR | AF103: 0.8608
A104: 41940 | B104: San Jose-Sunnyvale-Santa Clara, CA | C104: SANTA CLARA | D104: California | E104: Urban | F104: =IFERROR(INDEX($AF:$AF,MATCH($A104,$AD:$AD,0)),"") -> 1.8317 | G104: =ROUND(('NEW Reference'!B$6*List!$F104)+'NEW Reference'!B$7,0) -> 2182 | H104: =ROUND(('NEW Reference'!C$6*List!$F104)+'NEW Reference'!C$7,0) -> 3253 | I104: =ROUND(('NEW Reference'!D$6*List!$F104)+'NEW Reference'!D$7,0) -> 3898 | J104: =ROUND(('NEW Reference'!E$6*List!$F104)+'NEW Reference'!E$7,0) -> 4819 | K104: =ROUND(('NEW Reference'!F$6*List!$F104)+'NEW Reference'!F$7,0) -> 5021 | L104: =ROUND(('NEW Reference'!G$6*List!$F104)+'NEW Reference'!G$7,0) -> 5683 | M104: =ROUND(('NEW Reference'!H$6*List!$F104)+'NEW Reference'!H$7,0) -> 5901 | N104: =ROUND(('NEW Reference'!I$6*List!$F104)+'NEW Reference'!I$7,0) -> 6132 | ... V104: =ROUND(('NEW Reference'!Q$6*List!$F104)+'NEW Reference'!Q$7,0) -> 998 | X104: =CONCATENATE(Y104, Z104, AA104) -> SANTA CLARA, California | Y104: SANTA CLARA | Z104: , | AA104: California | AC104: =IFERROR(INDEX($AF:$AF,MATCH($A104,$AD:$AD,0)),"") -> 1.8317 | AD104: 30780 | AE104: Little Rock-North Little Rock-Conway, AR | AF104: 0.8807
A105: 42100 | B105: Santa Cruz-Watsonville, CA | C105: SANTA CRUZ | D105: California | E105: Urban | F105: =IFERROR(INDEX($AF:$AF,MATCH($A105,$AD:$AD,0)),"") -> 1.7061 | G105: =ROUND(('NEW Reference'!B$6*List!$F105)+'NEW Reference'!B$7,0) -> 2055 | H105: =ROUND(('NEW Reference'!C$6*List!$F105)+'NEW Reference'!C$7,0) -> 3064 | I105: =ROUND(('NEW Reference'!D$6*List!$F105)+'NEW Reference'!D$7,0) -> 3672 | J105: =ROUND(('NEW Reference'!E$6*List!$F105)+'NEW Reference'!E$7,0) -> 4540 | K105: =ROUND(('NEW Reference'!F$6*List!$F105)+'NEW Reference'!F$7,0) -> 4730 | L105: =ROUND(('NEW Reference'!G$6*List!$F105)+'NEW Reference'!G$7,0) -> 5354 | M105: =ROUND(('NEW Reference'!H$6*List!$F105)+'NEW Reference'!H$7,0) -> 5559 | N105: =ROUND(('NEW Reference'!I$6*List!$F105)+'NEW Reference'!I$7,0) -> 5777 | ... V105: =ROUND(('NEW Reference'!Q$6*List!$F105)+'NEW Reference'!Q$7,0) -> 940 | X105: =CONCATENATE(Y105, Z105, AA105) -> SANTA CRUZ, California | Y105: SANTA CRUZ | Z105: , | AA105: California | AC105: =IFERROR(INDEX($AF:$AF,MATCH($A105,$AD:$AD,0)),"") -> 1.7061 | AD105: 45500 | AE105: Texarkana, TX-AR | AF105: 0.947435
A106: 39820 | B106: Redding, CA | C106: SHASTA | D106: California | E106: Urban | F106: =IFERROR(INDEX($AF:$AF,MATCH($A106,$AD:$AD,0)),"") -> 1.385 | G106: =ROUND(('NEW Reference'!B$6*List!$F106)+'NEW Reference'!B$7,0) -> 1732 | H106: =ROUND(('NEW Reference'!C$6*List!$F106)+'NEW Reference'!C$7,0) -> 2582 | I106: =ROUND(('NEW Reference'!D$6*List!$F106)+'NEW Reference'!D$7,0) -> 3094 | J106: =ROUND(('NEW Reference'!E$6*List!$F106)+'NEW Reference'!E$7,0) -> 3826 | K106: =ROUND(('NEW Reference'!F$6*List!$F106)+'NEW Reference'!F$7,0) -> 3986 | L106: =ROUND(('NEW Reference'!G$6*List!$F106)+'NEW Reference'!G$7,0) -> 4512 | M106: =ROUND(('NEW Reference'!H$6*List!$F106)+'NEW Reference'!H$7,0) -> 4684 | N106: =ROUND(('NEW Reference'!I$6*List!$F106)+'NEW Reference'!I$7,0) -> 4868 | ... V106: =ROUND(('NEW Reference'!Q$6*List!$F106)+'NEW Reference'!Q$7,0) -> 792 | X106: =CONCATENATE(Y106, Z106, AA106) -> SHASTA, California | Y106: SHASTA | Z106: , | AA106: California | AC106: =IFERROR(INDEX($AF:$AF,MATCH($A106,$AD:$AD,0)),"") -> 1.385 | AD106: 30780 | AE106: Little Rock-North Little Rock-Conway, AR | AF106: 0.8807
... A129: 39380 | B129: Pueblo, CO | C129: PUEBLO | D129: Colorado | E129: Urban | F129: =IFERROR(INDEX($AF:$AF,MATCH($A129,$AD:$AD,0)),"") -> 0.95798 | G129: =ROUND(('NEW Reference'!B$6*List!$F129)+'NEW Reference'!B$7,0) -> 1302 | H129: =ROUND(('NEW Reference'!C$6*List!$F129)+'NEW Reference'!C$7,0) -> 1941 | I129: =ROUND(('NEW Reference'!D$6*List!$F129)+'NEW Reference'!D$7,0) -> 2326 | J129: =ROUND(('NEW Reference'!E$6*List!$F129)+'NEW Reference'!E$7,0) -> 2876 | K129: =ROUND(('NEW Reference'!F$6*List!$F129)+'NEW Reference'!F$7,0) -> 2996 | L129: =ROUND(('NEW Reference'!G$6*List!$F129)+'NEW Reference'!G$7,0) -> 3392 | M129: =ROUND(('NEW Reference'!H$6*List!$F129)+'NEW Reference'!H$7,0) -> 3521 | N129: =ROUND(('NEW Reference'!I$6*List!$F129)+'NEW Reference'!I$7,0) -> 3660 | ... V129: =ROUND(('NEW Reference'!Q$6*List!$F129)+'NEW Reference'!Q$7,0) -> 595 | X129: =CONCATENATE(Y129, Z129, AA129) -> PUEBLO, Colorado | Y129: PUEBLO | Z129: , | AA129: Colorado | AC129: =IFERROR(INDEX($AF:$AF,MATCH($A129,$AD:$AD,0)),"") -> 0.95798 | AD129: 12540 | AE129: Bakersfield-Delano, CA | AF129: 1.184
A130: 06 | B130: Colorado | C130: Rural (Not listed as urban county) | D130: Colorado | E130: Rural | F130: =IFERROR(INDEX($AF:$AF,MATCH($A130,$AD:$AD,0)),"") -> 1.0501 | G130: =ROUND(('NEW Reference'!B$6*List!$F130)+'NEW Reference'!B$7,0) -> 1395 | H130: =ROUND(('NEW Reference'!C$6*List!$F130)+'NEW Reference'!C$7,0) -> 2080 | I130: =ROUND(('NEW Reference'!D$6*List!$F130)+'NEW Reference'!D$7,0) -> 2492 | J130: =ROUND(('NEW Reference'!E$6*List!$F130)+'NEW Reference'!E$7,0) -> 3081 | K130: =ROUND(('NEW Reference'!F$6*List!$F130)+'NEW Reference'!F$7,0) -> 3210 | L130: =ROUND(('NEW Reference'!G$6*List!$F130)+'NEW Reference'!G$7,0) -> 3633 | M130: =ROUND(('NEW Reference'!H$6*List!$F130)+'NEW Reference'!H$7,0) -> 3772 | N130: =ROUND(('NEW Reference'!I$6*List!$F130)+'NEW Reference'!I$7,0) -> 3920 | ... V130: =ROUND(('NEW Reference'!Q$6*List!$F130)+'NEW Reference'!Q$7,0) -> 638 | X130: =CONCATENATE(Y130, Z130, AA130) -> Rural (Not listed as urban county), Colorado | Y130: Rural (Not listed as urban county) | Z130: , | AA130: Colorado | AC130: =IFERROR(INDEX($AF:$AF,MATCH($A130,$AD:$AD,0)),"") -> 1.0501 | AD130: 25260 | AE130: Hanford-Corcoran, CA | AF130: 1.1706
A131: 17820 | B131: Colorado Springs, CO | C131: TELLER | D131: Colorado | E131: Urban | F131: =IFERROR(INDEX($AF:$AF,MATCH($A131,$AD:$AD,0)),"") -> 0.9568 | G131: =ROUND(('NEW Reference'!B$6*List!$F131)+'NEW Reference'!B$7,0) -> 1301 | H131: =ROUND(('NEW Reference'!C$6*List!$F131)+'NEW Reference'!C$7,0) -> 1940 | I131: =ROUND(('NEW Reference'!D$6*List!$F131)+'NEW Reference'!D$7,0) -> 2324 | J131: =ROUND(('NEW Reference'!E$6*List!$F131)+'NEW Reference'!E$7,0) -> 2873 | K131: =ROUND(('NEW Reference'!F$6*List!$F131)+'NEW Reference'!F$7,0) -> 2993 | L131: =ROUND(('NEW Reference'!G$6*List!$F131)+'NEW Reference'!G$7,0) -> 3389 | M131: =ROUND(('NEW Reference'!H$6*List!$F131)+'NEW Reference'!H$7,0) -> 3518 | N131: =ROUND(('NEW Reference'!I$6*List!$F131)+'NEW Reference'!I$7,0) -> 3656 | ... V131: =ROUND(('NEW Reference'!Q$6*List!$F131)+'NEW Reference'!Q$7,0) -> 595 | X131: =CONCATENATE(Y131, Z131, AA131) -> TELLER, Colorado | Y131: TELLER | Z131: , | AA131: Colorado | AC131: =IFERROR(INDEX($AF:$AF,MATCH($A131,$AD:$AD,0)),"") -> 0.9568 | AD131: 42034 | AE131: San Rafael, CA | AF131: 1.6942
A132: 24540 | B132: Greeley, CO | C132: WELD | D132: Colorado | E132: Urban | F132: =IFERROR(INDEX($AF:$AF,MATCH($A132,$AD:$AD,0)),"") -> 1.0422 | G132: =ROUND(('NEW Reference'!B$6*List!$F132)+'NEW Reference'!B$7,0) -> 1387 | H132: =ROUND(('NEW Reference'!C$6*List!$F132)+'NEW Reference'!C$7,0) -> 2068 | I132: =ROUND(('NEW Reference'!D$6*List!$F132)+'NEW Reference'!D$7,0) -> 2478 | J132: =ROUND(('NEW Reference'!E$6*List!$F132)+'NEW Reference'!E$7,0) -> 3063 | K132: =ROUND(('NEW Reference'!F$6*List!$F132)+'NEW Reference'!F$7,0) -> 3191 | L132: =ROUND(('NEW Reference'!G$6*List!$F132)+'NEW Reference'!G$7,0) -> 3613 | M132: =ROUND(('NEW Reference'!H$6*List!$F132)+'NEW Reference'!H$7,0) -> 3751 | N132: =ROUND(('NEW Reference'!I$6*List!$F132)+'NEW Reference'!I$7,0) -> 3898 | ... V132: =ROUND(('NEW Reference'!Q$6*List!$F132)+'NEW Reference'!Q$7,0) -> 634 | X132: =CONCATENATE(Y132, Z132, AA132) -> WELD, Colorado | Y132: WELD | Z132: , | AA132: Colorado | AC132: =IFERROR(INDEX($AF:$AF,MATCH($A132,$AD:$AD,0)),"") -> 1.0422 | AD132: 32900 | AE132: Merced, CA | AF132: 1.2866
A133: 14860 | B133: Bridgeport-Stamford-Danbury, CT | C133: FAIRFIELD | D133: Connecticut | E133: Urban | F133: =IFERROR(INDEX($AF:$AF,MATCH($A133,$AD:$AD,0)),"") -> 1.1504 | G133: =ROUND(('NEW Reference'!B$6*List!$F133)+'NEW Reference'!B$7,0) -> 1496 | H133: =ROUND(('NEW Reference'!C$6*List!$F133)+'NEW Reference'!C$7,0) -> 2230 | I133: =ROUND(('NEW Reference'!D$6*List!$F133)+'NEW Reference'!D$7,0) -> 2672 | J133: =ROUND(('NEW Reference'!E$6*List!$F133)+'NEW Reference'!E$7,0) -> 3304 | K133: =ROUND(('NEW Reference'!F$6*List!$F133)+'NEW Reference'!F$7,0) -> 3442 | L133: =ROUND(('NEW Reference'!G$6*List!$F133)+'NEW Reference'!G$7,0) -> 3896 | M133: =ROUND(('NEW Reference'!H$6*List!$F133)+'NEW Reference'!H$7,0) -> 4045 | N133: =ROUND(('NEW Reference'!I$6*List!$F133)+'NEW Reference'!I$7,0) -> 4204 | ... V133: =ROUND(('NEW Reference'!Q$6*List!$F133)+'NEW Reference'!Q$7,0) -> 684 | X133: =CONCATENATE(Y133, Z133, AA133) -> FAIRFIELD, Connecticut | Y133: FAIRFIELD | Z133: , | AA133: Connecticut | AC133: =IFERROR(INDEX($AF:$AF,MATCH($A133,$AD:$AD,0)),"") -> 1.1504 | AD133: 41500 | AE133: Salinas, CA | AF133: 1.7074
A134: 25540 | B134: Hartford-West Hartford-East Hartford, CT | C134: HARTFORD-TOLLAND-MIDDLESEX | D134: Connecticut | E134: Urban | F134: =IFERROR(INDEX($AF:$AF,MATCH($A134,$AD:$AD,0)),"") -> 1.0547 | G134: =ROUND(('NEW Reference'!B$6*List!$F134)+'NEW Reference'!B$7,0) -> 1399 | H134: =ROUND(('NEW Reference'!C$6*List!$F134)+'NEW Reference'!C$7,0) -> 2087 | I134: =ROUND(('NEW Reference'!D$6*List!$F134)+'NEW Reference'!D$7,0) -> 2500 | J134: =ROUND(('NEW Reference'!E$6*List!$F134)+'NEW Reference'!E$7,0) -> 3091 | K134: =ROUND(('NEW Reference'!F$6*List!$F134)+'NEW Reference'!F$7,0) -> 3220 | L134: =ROUND(('NEW Reference'!G$6*List!$F134)+'NEW Reference'!G$7,0) -> 3645 | M134: =ROUND(('NEW Reference'!H$6*List!$F134)+'NEW Reference'!H$7,0) -> 3785 | N134: =ROUND(('NEW Reference'!I$6*List!$F134)+'NEW Reference'!I$7,0) -> 3933 | ... V134: =ROUND(('NEW Reference'!Q$6*List!$F134)+'NEW Reference'!Q$7,0) -> 640 | X134: =CONCATENATE(Y134, Z134, AA134) -> HARTFORD-TOLLAND-MIDDLESEX, Connecticut | Y134: HARTFORD-TOLLAND-MIDDLESEX | Z134: , | AA134: Connecticut | AC134: =IFERROR(INDEX($AF:$AF,MATCH($A134,$AD:$AD,0)),"") -> 1.0547 | AD134: 11244 | AE134: Anaheim-Santa Ana-Irvine, CA | AF134: 1.2445
A135: 07 | B135: Connecticut | C135: LITCHFIELD | D135: Connecticut | E135: Rural | F135: =IFERROR(INDEX($AF:$AF,MATCH($A135,$AD:$AD,0)),"") -> 0.9687435 | G135: =ROUND(('NEW Reference'!B$6*List!$F135)+'NEW Reference'!B$7,0) -> 1313 | H135: =ROUND(('NEW Reference'!C$6*List!$F135)+'NEW Reference'!C$7,0) -> 1957 | I135: =ROUND(('NEW Reference'!D$6*List!$F135)+'NEW Reference'!D$7,0) -> 2346 | J135: =ROUND(('NEW Reference'!E$6*List!$F135)+'NEW Reference'!E$7,0) -> 2900 | K135: =ROUND(('NEW Reference'!F$6*List!$F135)+'NEW Reference'!F$7,0) -> 3021 | L135: =ROUND(('NEW Reference'!G$6*List!$F135)+'NEW Reference'!G$7,0) -> 3420 | M135: =ROUND(('NEW Reference'!H$6*List!$F135)+'NEW Reference'!H$7,0) -> 3551 | N135: =ROUND(('NEW Reference'!I$6*List!$F135)+'NEW Reference'!I$7,0) -> 3690 | ... V135: =ROUND(('NEW Reference'!Q$6*List!$F135)+'NEW Reference'!Q$7,0) -> 600 | X135: =CONCATENATE(Y135, Z135, AA135) -> LITCHFIELD, Connecticut | Y135: LITCHFIELD | Z135: , | AA135: Connecticut | AC135: =IFERROR(INDEX($AF:$AF,MATCH($A135,$AD:$AD,0)),"") -> 0.9687435 | AD135: 31084 | AE135: Los Angeles-Long Beach-Gendale, CA | AF135: 1.2699
A136: 35300 | B136: New Haven, CT | C136: NEW HAVEN | D136: Connecticut | E136: Urban | F136: =IFERROR(INDEX($AF:$AF,MATCH($A136,$AD:$AD,0)),"") -> 1.1148 | G136: =ROUND(('NEW Reference'!B$6*List!$F136)+'NEW Reference'!B$7,0) -> 1460 | H136: =ROUND(('NEW Reference'!C$6*List!$F136)+'NEW Reference'!C$7,0) -> 2177 | I136: =ROUND(('NEW Reference'!D$6*List!$F136)+'NEW Reference'!D$7,0) -> 2608 | J136: =ROUND(('NEW Reference'!E$6*List!$F136)+'NEW Reference'!E$7,0) -> 3225 | K136: =ROUND(('NEW Reference'!F$6*List!$F136)+'NEW Reference'!F$7,0) -> 3360 | L136: =ROUND(('NEW Reference'!G$6*List!$F136)+'NEW Reference'!G$7,0) -> 3803 | M136: =ROUND(('NEW Reference'!H$6*List!$F136)+'NEW Reference'!H$7,0) -> 3948 | N136: =ROUND(('NEW Reference'!I$6*List!$F136)+'NEW Reference'!I$7,0) -> 4103 | ... V136: =ROUND(('NEW Reference'!Q$6*List!$F136)+'NEW Reference'!Q$7,0) -> 668 | X136: =CONCATENATE(Y136, Z136, AA136) -> NEW HAVEN, Connecticut | Y136: NEW HAVEN | Z136: , | AA136: Connecticut | AC136: =IFERROR(INDEX($AF:$AF,MATCH($A136,$AD:$AD,0)),"") -> 1.1148 | AD136: 34900 | AE136: Napa, CA | AF136: 1.4679
A137: 35980 | B137: Norwich-New London-Willimantic, CT | C137: NEW LONDON | D137: Connecticut | E137: Urban | F137: =IFERROR(INDEX($AF:$AF,MATCH($A137,$AD:$AD,0)),"") -> 1.0563 | G137: =ROUND(('NEW Reference'!B$6*List!$F137)+'NEW Reference'!B$7,0) -> 1401 | H137: =ROUND(('NEW Reference'!C$6*List!$F137)+'NEW Reference'!C$7,0) -> 2089 | I137: =ROUND(('NEW Reference'!D$6*List!$F137)+'NEW Reference'!D$7,0) -> 2503 | J137: =ROUND(('NEW Reference'!E$6*List!$F137)+'NEW Reference'!E$7,0) -> 3095 | K137: =ROUND(('NEW Reference'!F$6*List!$F137)+'NEW Reference'!F$7,0) -> 3224 | L137: =ROUND(('NEW Reference'!G$6*List!$F137)+'NEW Reference'!G$7,0) -> 3650 | M137: =ROUND(('NEW Reference'!H$6*List!$F137)+'NEW Reference'!H$7,0) -> 3789 | N137: =ROUND(('NEW Reference'!I$6*List!$F137)+'NEW Reference'!I$7,0) -> 3938 | ... V137: =ROUND(('NEW Reference'!Q$6*List!$F137)+'NEW Reference'!Q$7,0) -> 641 | X137: =CONCATENATE(Y137, Z137, AA137) -> NEW LONDON, Connecticut | Y137: NEW LONDON | Z137: , | AA137: Connecticut | AC137: =IFERROR(INDEX($AF:$AF,MATCH($A137,$AD:$AD,0)),"") -> 1.0563 | AD137: 40900 | AE137: Sacramento-Roseville-Folsom, CA | AF137: 1.563
A138: 49340 | B138: Worcester, MA | C138: WINDHAM | D138: Connecticut | E138: Urban | F138: =IFERROR(INDEX($AF:$AF,MATCH($A138,$AD:$AD,0)),"") -> 1.041485 | G138: =ROUND(('NEW Reference'!B$6*List!$F138)+'NEW Reference'!B$7,0) -> 1386 | H138: =ROUND(('NEW Reference'!C$6*List!$F138)+'NEW Reference'!C$7,0) -> 2067 | I138: =ROUND(('NEW Reference'!D$6*List!$F138)+'NEW Reference'!D$7,0) -> 2476 | J138: =ROUND(('NEW Reference'!E$6*List!$F138)+'NEW Reference'!E$7,0) -> 3062 | K138: =ROUND(('NEW Reference'!F$6*List!$F138)+'NEW Reference'!F$7,0) -> 3190 | L138: =ROUND(('NEW Reference'!G$6*List!$F138)+'NEW Reference'!G$7,0) -> 3611 | M138: =ROUND(('NEW Reference'!H$6*List!$F138)+'NEW Reference'!H$7,0) -> 3749 | N138: =ROUND(('NEW Reference'!I$6*List!$F138)+'NEW Reference'!I$7,0) -> 3896 | ... V138: =ROUND(('NEW Reference'!Q$6*List!$F138)+'NEW Reference'!Q$7,0) -> 634 | X138: =CONCATENATE(Y138, Z138, AA138) -> WINDHAM, Massachusetts | Y138: WINDHAM | Z138: , | AA138: Massachusetts | AC138: =IFERROR(INDEX($AF:$AF,MATCH($A138,$AD:$AD,0)),"") -> 1.041485 | AD138: 40140 | AE138: Riverside-San Bernardino-Ontario, CA | AF138: 1.174
A139: 07 | B139: Connecticut | C139: Rural (Not listed as urban county) | D139: Connecticut | E139: Rural | F139: =IFERROR(INDEX($AF:$AF,MATCH($A139,$AD:$AD,0)),"") -> 0.9687435 | G139: =ROUND(('NEW Reference'!B$6*List!$F139)+'NEW Reference'!B$7,0) -> 1313 | H139: =ROUND(('NEW Reference'!C$6*List!$F139)+'NEW Reference'!C$7,0) -> 1957 | I139: =ROUND(('NEW Reference'!D$6*List!$F139)+'NEW Reference'!D$7,0) -> 2346 | J139: =ROUND(('NEW Reference'!E$6*List!$F139)+'NEW Reference'!E$7,0) -> 2900 | K139: =ROUND(('NEW Reference'!F$6*List!$F139)+'NEW Reference'!F$7,0) -> 3021 | L139: =ROUND(('NEW Reference'!G$6*List!$F139)+'NEW Reference'!G$7,0) -> 3420 | M139: =ROUND(('NEW Reference'!H$6*List!$F139)+'NEW Reference'!H$7,0) -> 3551 | N139: =ROUND(('NEW Reference'!I$6*List!$F139)+'NEW Reference'!I$7,0) -> 3690 | ... V139: =ROUND(('NEW Reference'!Q$6*List!$F139)+'NEW Reference'!Q$7,0) -> 600 | X139: =CONCATENATE(Y139, Z139, AA139) -> Rural (Not listed as urban county), Connecticut | Y139: Rural (Not listed as urban county) | Z139: , | AA139: Connecticut | AC139: =IFERROR(INDEX($AF:$AF,MATCH($A139,$AD:$AD,0)),"") -> 0.9687435 | AD139: 40900 | AE139: Sacramento-Roseville-Folsom, CA | AF139: 1.563
A140: 47764 | B140: Washington, DC-MD | C140: THE DISTRICT | D140: District of Columbia | E140: Urban | F140: =IFERROR(INDEX($AF:$AF,MATCH($A140,$AD:$AD,0)),"") -> 1.0737 | G140: =ROUND(('NEW Reference'!B$6*List!$F140)+'NEW Reference'!B$7,0) -> 1418 | H140: =ROUND(('NEW Reference'!C$6*List!$F140)+'NEW Reference'!C$7,0) -> 2115 | I140: =ROUND(('NEW Reference'!D$6*List!$F140)+'NEW Reference'!D$7,0) -> 2534 | J140: =ROUND(('NEW Reference'!E$6*List!$F140)+'NEW Reference'!E$7,0) -> 3133 | K140: =ROUND(('NEW Reference'!F$6*List!$F140)+'NEW Reference'!F$7,0) -> 3264 | L140: =ROUND(('NEW Reference'!G$6*List!$F140)+'NEW Reference'!G$7,0) -> 3695 | M140: =ROUND(('NEW Reference'!H$6*List!$F140)+'NEW Reference'!H$7,0) -> 3836 | N140: =ROUND(('NEW Reference'!I$6*List!$F140)+'NEW Reference'!I$7,0) -> 3987 | ... V140: =ROUND(('NEW Reference'!Q$6*List!$F140)+'NEW Reference'!Q$7,0) -> 649 | X140: =CONCATENATE(Y140, Z140, AA140) -> THE DISTRICT, District of Columbia | Y140: THE DISTRICT | Z140: , | AA140: District of Columbia | AC140: =IFERROR(INDEX($AF:$AF,MATCH($A140,$AD:$AD,0)),"") -> 1.0737 | AD140: 41940 | AE140: San Jose-Sunnyvale-Santa Clara, CA | AF140: 1.8317
A141: 20100 | B141: Dover, DE | C141: KENT | D141: Delaware | E141: Urban | F141: =IFERROR(INDEX($AF:$AF,MATCH($A141,$AD:$AD,0)),"") -> 1.1673 | G141: =ROUND(('NEW Reference'!B$6*List!$F141)+'NEW Reference'!B$7,0) -> 1513 | H141: =ROUND(('NEW Reference'!C$6*List!$F141)+'NEW Reference'!C$7,0) -> 2256 | I141: =ROUND(('NEW Reference'!D$6*List!$F141)+'NEW Reference'!D$7,0) -> 2703 | J141: =ROUND(('NEW Reference'!E$6*List!$F141)+'NEW Reference'!E$7,0) -> 3341 | K141: =ROUND(('NEW Reference'!F$6*List!$F141)+'NEW Reference'!F$7,0) -> 3481 | L141: =ROUND(('NEW Reference'!G$6*List!$F141)+'NEW Reference'!G$7,0) -> 3941 | M141: =ROUND(('NEW Reference'!H$6*List!$F141)+'NEW Reference'!H$7,0) -> 4091 | N141: =ROUND(('NEW Reference'!I$6*List!$F141)+'NEW Reference'!I$7,0) -> 4252 | ... V141: =ROUND(('NEW Reference'!Q$6*List!$F141)+'NEW Reference'!Q$7,0) -> 692 | X141: =CONCATENATE(Y141, Z141, AA141) -> KENT, Delaware | Y141: KENT | Z141: , | AA141: Delaware | AC141: =IFERROR(INDEX($AF:$AF,MATCH($A141,$AD:$AD,0)),"") -> 1.1673 | AD141: 40140 | AE141: Riverside-San Bernardino-Ontario, CA | AF141: 1.174
A142: 48864 | B142: Wilmington, DE-MD-NJ | C142: NEW CASTLE | D142: Delaware | E142: Urban | F142: =IFERROR(INDEX($AF:$AF,MATCH($A142,$AD:$AD,0)),"") -> 1.0868 | G142: =ROUND(('NEW Reference'!B$6*List!$F142)+'NEW Reference'!B$7,0) -> 1432 | H142: =ROUND(('NEW Reference'!C$6*List!$F142)+'NEW Reference'!C$7,0) -> 2135 | I142: =ROUND(('NEW Reference'!D$6*List!$F142)+'NEW Reference'!D$7,0) -> 2558 | J142: =ROUND(('NEW Reference'!E$6*List!$F142)+'NEW Reference'!E$7,0) -> 3162 | K142: =ROUND(('NEW Reference'!F$6*List!$F142)+'NEW Reference'!F$7,0) -> 3295 | L142: =ROUND(('NEW Reference'!G$6*List!$F142)+'NEW Reference'!G$7,0) -> 3730 | M142: =ROUND(('NEW Reference'!H$6*List!$F142)+'NEW Reference'!H$7,0) -> 3872 | N142: =ROUND(('NEW Reference'!I$6*List!$F142)+'NEW Reference'!I$7,0) -> 4024 | ... V142: =ROUND(('NEW Reference'!Q$6*List!$F142)+'NEW Reference'!Q$7,0) -> 655 | X142: =CONCATENATE(Y142, Z142, AA142) -> NEW CASTLE, Delaware | Y142: NEW CASTLE | Z142: , | AA142: Delaware | AC142: =IFERROR(INDEX($AF:$AF,MATCH($A142,$AD:$AD,0)),"") -> 1.0868 | AD142: 41740 | AE142: San Diego-Chula Vista-Carlsbad, CA | AF142: 1.2301
A143: 08 | B143: Delaware | C143: Rural (Not listed as urban county) | D143: Delaware | E143: Rural | F143: =IFERROR(INDEX($AF:$AF,MATCH($A143,$AD:$AD,0)),"") -> 1.0095 | G143: =ROUND(('NEW Reference'!B$6*List!$F143)+'NEW Reference'!B$7,0) -> 1354 | H143: =ROUND(('NEW Reference'!C$6*List!$F143)+'NEW Reference'!C$7,0) -> 2019 | I143: =ROUND(('NEW Reference'!D$6*List!$F143)+'NEW Reference'!D$7,0) -> 2419 | J143: =ROUND(('NEW Reference'!E$6*List!$F143)+'NEW Reference'!E$7,0) -> 2990 | K143: =ROUND(('NEW Reference'!F$6*List!$F143)+'NEW Reference'!F$7,0) -> 3116 | L143: =ROUND(('NEW Reference'!G$6*List!$F143)+'NEW Reference'!G$7,0) -> 3527 | M143: =ROUND(('NEW Reference'!H$6*List!$F143)+'NEW Reference'!H$7,0) -> 3662 | N143: =ROUND(('NEW Reference'!I$6*List!$F143)+'NEW Reference'!I$7,0) -> 3805 | ... V143: =ROUND(('NEW Reference'!Q$6*List!$F143)+'NEW Reference'!Q$7,0) -> 619 | X143: =CONCATENATE(Y143, Z143, AA143) -> Rural (Not listed as urban county), Delaware | Y143: Rural (Not listed as urban county) | Z143: , | AA143: Delaware | AC143: =IFERROR(INDEX($AF:$AF,MATCH($A143,$AD:$AD,0)),"") -> 1.0095 | AD143: 41884 | AE143: San Francisco-San Mateo-Redwood City, CA | AF143: 1.7522
A144: 23540 | B144: Gainesville, FL | C144: ALACHUA | D144: Florida | E144: Urban | F144: =IFERROR(INDEX($AF:$AF,MATCH($A144,$AD:$AD,0)),"") -> 0.89908 | G144: =ROUND(('NEW Reference'!B$6*List!$F144)+'NEW Reference'!B$7,0) -> 1243 | H144: =ROUND(('NEW Reference'!C$6*List!$F144)+'NEW Reference'!C$7,0) -> 1853 | I144: =ROUND(('NEW Reference'!D$6*List!$F144)+'NEW Reference'!D$7,0) -> 2220 | J144: =ROUND(('NEW Reference'!E$6*List!$F144)+'NEW Reference'!E$7,0) -> 2745 | K144: =ROUND(('NEW Reference'!F$6*List!$F144)+'NEW Reference'!F$7,0) -> 2860 | L144: =ROUND(('NEW Reference'!G$6*List!$F144)+'NEW Reference'!G$7,0) -> 3237 | M144: =ROUND(('NEW Reference'!H$6*List!$F144)+'NEW Reference'!H$7,0) -> 3361 | N144: =ROUND(('NEW Reference'!I$6*List!$F144)+'NEW Reference'!I$7,0) -> 3493 | ... V144: =ROUND(('NEW Reference'!Q$6*List!$F144)+'NEW Reference'!Q$7,0) -> 568 | X144: =CONCATENATE(Y144, Z144, AA144) -> ALACHUA, Florida | Y144: ALACHUA | Z144: , | AA144: Florida | AC144: =IFERROR(INDEX($AF:$AF,MATCH($A144,$AD:$AD,0)),"") -> 0.89908 | AD144: 44700 | AE144: Stockton-Lodi, CA | AF144: 1.5112
A145: 27260 | B145: Jacksonville, FL | C145: BAKER | D145: Florida | E145: Urban | F145: =IFERROR(INDEX($AF:$AF,MATCH($A145,$AD:$AD,0)),"") -> 0.8753 | G145: =ROUND(('NEW Reference'!B$6*List!$F145)+'NEW Reference'!B$7,0) -> 1219 | H145: =ROUND(('NEW Reference'!C$6*List!$F145)+'NEW Reference'!C$7,0) -> 1817 | I145: =ROUND(('NEW Reference'!D$6*List!$F145)+'NEW Reference'!D$7,0) -> 2177 | J145: =ROUND(('NEW Reference'!E$6*List!$F145)+'NEW Reference'!E$7,0) -> 2692 | K145: =ROUND(('NEW Reference'!F$6*List!$F145)+'NEW Reference'!F$7,0) -> 2805 | L145: =ROUND(('NEW Reference'!G$6*List!$F145)+'NEW Reference'!G$7,0) -> 3175 | M145: =ROUND(('NEW Reference'!H$6*List!$F145)+'NEW Reference'!H$7,0) -> 3296 | N145: =ROUND(('NEW Reference'!I$6*List!$F145)+'NEW Reference'!I$7,0) -> 3426 | ... V145: =ROUND(('NEW Reference'!Q$6*List!$F145)+'NEW Reference'!Q$7,0) -> 557 | X145: =CONCATENATE(Y145, Z145, AA145) -> BAKER, Florida | Y145: BAKER | Z145: , | AA145: Florida | AC145: =IFERROR(INDEX($AF:$AF,MATCH($A145,$AD:$AD,0)),"") -> 0.8753 | AD145: 42020 | AE145: San Luis Obispo-Paso Robles, CA | AF145: 1.279
A146: 37460 | B146: Panama City-Panama City Beach, FL | C146: BAY | D146: Florida | E146: Urban | F146: =IFERROR(INDEX($AF:$AF,MATCH($A146,$AD:$AD,0)),"") -> 0.856805 | G146: =ROUND(('NEW Reference'!B$6*List!$F146)+'NEW Reference'!B$7,0) -> 1200 | H146: =ROUND(('NEW Reference'!C$6*List!$F146)+'NEW Reference'!C$7,0) -> 1789 | I146: =ROUND(('NEW Reference'!D$6*List!$F146)+'NEW Reference'!D$7,0) -> 2144 | J146: =ROUND(('NEW Reference'!E$6*List!$F146)+'NEW Reference'!E$7,0) -> 2651 | K146: =ROUND(('NEW Reference'!F$6*List!$F146)+'NEW Reference'!F$7,0) -> 2762 | L146: =ROUND(('NEW Reference'!G$6*List!$F146)+'NEW Reference'!G$7,0) -> 3126 | M146: =ROUND(('NEW Reference'!H$6*List!$F146)+'NEW Reference'!H$7,0) -> 3246 | N146: =ROUND(('NEW Reference'!I$6*List!$F146)+'NEW Reference'!I$7,0) -> 3373 | ... V146: =ROUND(('NEW Reference'!Q$6*List!$F146)+'NEW Reference'!Q$7,0) -> 549 | X146: =CONCATENATE(Y146, Z146, AA146) -> BAY, Florida | Y146: BAY | Z146: , | AA146: Florida | AC146: =IFERROR(INDEX($AF:$AF,MATCH($A146,$AD:$AD,0)),"") -> 0.856805 | AD146: 41884 | AE146: San Francisco-San Mateo-Redwood City, CA | AF146: 1.7522
A147: 37340 | B147: Palm Bay-Melbourne-Titusville, FL | C147: BREVARD | D147: Florida | E147: Urban | F147: =IFERROR(INDEX($AF:$AF,MATCH($A147,$AD:$AD,0)),"") -> 0.9484 | G147: =ROUND(('NEW Reference'!B$6*List!$F147)+'NEW Reference'!B$7,0) -> 1292 | H147: =ROUND(('NEW Reference'!C$6*List!$F147)+'NEW Reference'!C$7,0) -> 1927 | I147: =ROUND(('NEW Reference'!D$6*List!$F147)+'NEW Reference'!D$7,0) -> 2309 | J147: =ROUND(('NEW Reference'!E$6*List!$F147)+'NEW Reference'!E$7,0) -> 2855 | K147: =ROUND(('NEW Reference'!F$6*List!$F147)+'NEW Reference'!F$7,0) -> 2974 | L147: =ROUND(('NEW Reference'!G$6*List!$F147)+'NEW Reference'!G$7,0) -> 3367 | M147: =ROUND(('NEW Reference'!H$6*List!$F147)+'NEW Reference'!H$7,0) -> 3495 | N147: =ROUND(('NEW Reference'!I$6*List!$F147)+'NEW Reference'!I$7,0) -> 3632 | ... V147: =ROUND(('NEW Reference'!Q$6*List!$F147)+'NEW Reference'!Q$7,0) -> 591 | X147: =CONCATENATE(Y147, Z147, AA147) -> BREVARD, Florida | Y147: BREVARD | Z147: , | AA147: Florida | AC147: =IFERROR(INDEX($AF:$AF,MATCH($A147,$AD:$AD,0)),"") -> 0.9484 | AD147: 42200 | AE147: Santa Maria-Santa Barbara, CA | AF147: 1.313679
...

Sheet NEW Reference
A1: Veteran Directed Care Case Mix Rate Calculator Reference Sheet FY2027
A2: Table 6. Case Mix Level Reference Sheet | S2: ,
A3: Case Mix Level | B3: L | C3: A | D3: B | E3: C | F3: D | G3: E | H3: F | I3: G | J3: H | K3: I | L3: J | M3: K | N3: V* | O3: Monthly Admin. Fee | P3: Assess-ment Fee | Q3: Partial Assess-ment Fee | S3: County and State Name | T3: Days in Month - Start | U3: Days in Month - End | V3: Months in authorization for Admin Fee
A4: Labor Percentage (CY26) | B4: 0.749 | C4: 0.749 | D4: 0.749 | E4: 0.749 | F4: 0.749 | G4: 0.749 | H4: 0.749 | I4: 0.749 | J4: 0.749 | K4: 0.749 | L4: 0.749 | M4: 0.749 | N4: 0.749 | O4: 0.749 | P4: 0.749 | Q4: 0.749 | S4: =CONCATENATE('NEW Calculator'!B3,'NEW Reference'!S2,'NEW Calculator'!B2) -> AUTAUGA, Alabama | T4: =INDEX('NEW Reference'!G16:G27,MATCH(MONTH('NEW Calculator'!B5),'NEW Reference'!F16:F27,0)) -> 31 | U4: =INDEX('NEW Reference'!G16:G27,MATCH(MONTH('NEW Calculator'!B6),'NEW Reference'!F16:F27,0)) -> 30 | V4: =MIN(12, IF(MOD('NEW Calculator'!B7,1) >= 0.01, ROUNDUP('NEW Calculator'!B7,0), ROUNDDOWN('NEW Calculator'!B7,0))) -> 12
A5: Non-Labor Percentage (CY26) | B5: 0.251 | C5: 0.251 | D5: 0.251 | E5: 0.251 | F5: 0.251 | G5: 0.251 | H5: 0.251 | I5: 0.251 | J5: 0.251 | K5: 0.251 | L5: 0.251 | M5: 0.251 | N5: 0.251 | O5: 0.251 | P5: 0.251 | Q5: 0.251
A6: National Rate - Labor - 60% w/o Admin Fee (FY27) | B6: =B8*B4 -> 1006.8033 | C6: =C8*C4 -> 1501.3069 | D6: =D8*D4 -> 1798.9344 | E6: =E8*E4 -> 2224.043 | F6: =F8*F4 -> 2317.0837 | G6: =G8*G4 -> 2622.9358 | H6: =H8*H4 -> 2723.173 | I6: =I8*I4 -> 2830.0927 | ... Q6: =Q8*Q4 -> 460.44613
A7: National Rate - Non-Labor - 60% w/o Admin Fee (FY27) | B7: =B8*B5 -> 337.39335 | C7: =C8*C5 -> 503.10819 | D7: =D8*D5 -> 602.84717 | E7: =E8*E5 -> 745.30681 | F7: =F8*F5 -> 776.486 | G7: =G8*G5 -> 878.98115 | H7: =H8*H5 -> 912.572 | I7: =I8*I5 -> 948.40223 | ... Q7: =Q8*Q5 -> 154.30171
A8: National Rate - 60% w/o Admin Fee (FY27) | B8: =B9*1.021 -> 1344.1966 | C8: =C9*1.021 -> 2004.4151 | D8: =D9*1.021 -> 2401.7815 | E8: =E9*1.021 -> 2969.3498 | F8: =F9*1.021 -> 3093.5697 | G8: =G9*1.021 -> 3501.9169 | H8: =H9*1.021 -> 3635.745 | I8: =I9*1.021 -> 3778.495 | ... Q8: =Q9*1.021 -> 614.74783
A9: National Rate - 60% w/o Admin Fee (FY26) | B9: 1316.5491 | C9: 1963.1882 | D9: 2352.3815 | E9: 2908.276 | F9: 3029.941 | G9: 3429.8893 | H9: 3560.9647 | I9: 3700.7786 | J9: 4285.5769 | K9: 4420.6855 | L9: 4770.2201 | M9: 5697.1591 | N9: 22987.696 | O9: 854.59874 | P9: 1204.2073 | Q9: 602.10366
A10: National Rate - 60% w/o Admin Fee % Change FY26-FY27 | B10: =B8/B9-1 -> 0.021 | C10: =C8/C9-1 -> 0.021 | D10: =D8/D9-1 -> 0.021 | E10: =E8/E9-1 -> 0.021 | F10: =F8/F9-1 -> 0.021 | G10: =G8/G9-1 -> 0.021 | H10: =H8/H9-1 -> 0.021 | I10: =I8/I9-1 -> 0.021 | ... Q10: =Q8/Q9-1 -> 0.021
A11: National Rate - Labor - 60% w/ Admin Fee (FY27) | B11: =B6+$O6 -> 1660.3397 | C11: =C6+$O6 -> 2154.8434 | D11: =D6+$O6 -> 2452.4708 | E11: =E6+$O6 -> 2877.5795 | F11: =F6+$O6 -> 2970.6202 | G11: =G6+$O6 -> 3276.4722 | H11: =H6+$O6 -> 3376.7094 | I11: =I6+$O6 -> 3483.6292 | ... N11: =N6+$O6 -> 18232.895 | O11: =O6 -> 653.53644 | P11: =P6 -> 920.89225 | Q11: =Q6 -> 460.44613
A12: National Rate - Non-Labor - 60% w/ Admin Fee (FY27) | B12: =B7+$O7 -> 556.40222 | C12: =C7+$O7 -> 722.11707 | D12: =D7+$O7 -> 821.85604 | E12: =E7+$O7 -> 964.31568 | F12: =F7+$O7 -> 995.49488 | G12: =G7+$O7 -> 1097.99 | H12: =H7+$O7 -> 1131.5809 | I12: =I7+$O7 -> 1167.4111 | ... N12: =N7+$O7 -> 6110.0888 | O12: =O7 -> 219.00887 | P12: =P7 -> 308.60341 | Q12: =Q7 -> 154.30171
A13: National Rate - 60% w/ Admin Fee (FY27) | B13: =B8+$O8 -> 2216.7419 | C13: =C8+$O8 -> 2876.9604 | D13: =D8+$O8 -> 3274.3269 | E13: =E8+$O8 -> 3841.8951 | F13: =F8+$O8 -> 3966.115 | G13: =G8+$O8 -> 4374.4622 | H13: =H8+$O8 -> 4508.2903 | I13: =I8+$O8 -> 4651.0403 | ... N13: =N8+$O8 -> 24342.983 | O13: =O8 -> 872.54531 | P13: =P8 -> 1229.4957 | Q13: =Q8 -> 614.74783
A14: Table 7. VAMCs, States, Counties, Case Mix Levels, Months, County Wage Indices
A15: VAMCs | B15: States - Short | C15: States - Long | D15: Counties | E15: Case Mix Level | F15: Months | G15: Days in Month | H15: Florida County CY 2026 HH PPS Wage Index with 5% Cap | I15: Median Florida County CY 2026 HH PPS Wage Index with 5% Cap
A16: (1V01) (402) Togus, ME HCS | B16: AL | C16: Alabama | D16: ABBEVILLE | E16: L | F16: 1 | G16: 31 | H16: 0.89908 | I16: =MEDIAN(H16:H61) -> 0.8893
A17: (1V01) (405) White River Junction, VT HCS | B17: AK | C17: Alaska | D17: ACADIA | E17: A | F17: 2 | G17: 28 | H17: 0.8753
A18: (1V01) (518) Bedford, MA HCS | B18: AZ | C18: Arizona | D18: ACCOMACK | E18: B | F18: 3 | G18: 31 | H18: 0.856805
A19: (1V01) (523) Boston, MA HCS | B19: AR | C19: Arkansas | D19: ADA | E19: C | F19: 4 | G19: 30 | H19: 0.9484
A20: (1V01) (608) Manchester, NH HCS | B20: CA | C20: California | D20: ADAIR | E20: D | F20: 5 | G20: 31 | H20: 0.9693
A21: (1V01) (631) Central Western Massachusetts HCS | B21: CO | C21: Colorado | D21: ADAMS | E21: E | F21: 6 | G21: 30 | H21: 0.8793
A22: (1V01) (650) Providence, RI HCS | B22: CT | C22: Connecticut | D22: ADDISON | E22: F | F22: 7 | G22: 31 | H22: 0.8569
A23: (1V01) (689) Connecticut HCS | B23: DC | C23: District of Columbia | D23: ADJUNTAS | E23: G | F23: 8 | G23: 31 | H23: 0.8753
A24: (1V02) (526) Bronx, NY HCS | B24: DE | C24: Delaware | D24: AGUADA | E24: H | F24: 9 | G24: 30 | H24: 0.9223
A25: (1V02) (528) Western New York HCS | B25: FL | C25: Florida | D25: AGUADILLA | E25: I | F25: 10 | G25: 31 | H25: 0.8753
A26: (1V02) (528A6) Bath, NY HCS | B26: GA | C26: Georgia | D26: AGUAS BUENAS | E26: J | F26: 11 | G26: 30 | H26: 0.8065
A27: (1V02) (528A7) Syracuse, NY HCS | B27: GM | C27: Guam | D27: AIBONITO | E27: K | F27: 12 | G27: 31 | H27: 0.8772
A28: (1V02) (528A8) Albany, NY HCS | B28: HI | C28: Hawaii | D28: AIKEN | E28: V* | H28: 0.7398
A29: (1V02) (561) New Jersey HCS | B29: ID | C29: Idaho | D29: AITKIN | H29: 0.89908
A30: (1V02) (620) Hudson Valley, NY HCS | B30: IL | C30: Illinois | D30: ALACHUA | H30: 0.8981
A31: (1V02) (630) New York Harbor HCS | B31: IN | C31: Indiana | D31: ALAMANCE | H31: 0.9382
A32: (1V02) (632) Northport, NY HCS | B32: IA | C32: Iowa | D32: ALAMEDA | H32: 0.8981
A33: (1V04) (460) Wilmington, DE HCS | B33: KS | C33: Kansas | D33: ALAMOSA | H33: 1.0152
A34: (1V04) (503) Altoona, PA HCS | B34: KY | C34: Kentucky | D34: ALBANY | H34: 0.7398
A35: (1V04) (529) Butler, PA HCS | B35: LA | C35: Louisiana | D35: ALBEMARLE | H35: 0.9674
A36: (1V04) (542) Coatesville, PA HCS | B36: ME | C36: Maine | D36: ALCONA | H36: 0.9189
A37: (1V04) (562) Erie, PA HCS | B37: MD | C37: Maryland | D37: ALCORN | H37: 0.7398
A38: (1V04) (595) Lebanon, PA HCS | B38: MA | C38: Massachusetts | D38: ALEUTIANS EAST | H38: 0.89908
A39: (1V04) (642) Philadelphia, PA HCS | B39: MI | C39: Michigan | D39: ALEUTIANS WEST | H39: 0.9439
A40: (1V04) (646) Pittsburgh, PA HCS | B40: MN | C40: Minnesota | D40: ALEXANDER | H40: 0.8715
... A61: (2V07) (619) Central Alabama HCS | B61: TX | C61: Texas | D61: ANDREWS | H61: 0.856805
A62: (2V07) (679) Tuscaloosa, AL HCS | B62: UT | C62: Utah | D62: ANDROSCOGGIN
A63: (2V08) (516) Bay Pines, FL HCS | B63: VT | C63: Vermont | D63: ANGELINA
A64: (2V08) (546) Miami, FL HCS | B64: VA | C64: Virginia | D64: ANNE ARUNDEL
A65: (2V08) (548) West Palm Beach, FL HCS | B65: VI | C65: Virgin Islands | D65: ANOKA
A66: (2V08) (573) Gainesville, FL HCS | B66: WA | C66: Washington | D66: ANSON
A67: (2V08) (672) San Juan, PR HCS | B67: WV | C67: West Virginia | D67: ANTELOPE
A68: (2V08) (673) Tampa, FL HCS | B68: WI | C68: Wisconsin | D68: ANTRIM
A69: (2V08) (675) Orlando, FL HCS | B69: WY | C69: Wyoming | D69: APACHE
A70: (2V09) (596) Lexington, KY HCS | D70: APPANOOSE
A71: (2V09) (603) Louisville, KY HCS | D71: APPLING
A72: (2V09) (614) Memphis, TN HCS | D72: APPOMATTOX
A73: (2V09) (621) Mountain Home, TN HCS | D73: ARANSAS
A74: (2V09) (626) Middle Tennessee HCS | D74: ARAPAHOE
A75: (3V10) (506) Ann Arbor, MI HCS | D75: ARCHER
A76: (3V10) (515) Battle Creek, MI HCS | D76: ARCHULETA
A77: (3V10) (538) Chillicothe, OH HCS | D77: ARECIBO
A78: (3V10) (539) Cincinnati, OH HCS | D78: ARENAC
A79: (3V10) (541) Cleveland, OH HCS | D79: ARKANSAS
A80: (3V10) (552) Dayton, OH HCS | D80: ARLINGTON
A81: (3V10) (553) Detroit, MI HCS | D81: ARMSTRONG
... A154: (5V22) (691) Greater Los Angeles, CA HCS | D154: BELKNAP
D155: BELL
D156: BELMONT
D157: BELTRAMI
D158: BEN HILL
D159: BENEWAH
D160: BENNETT
D161: BENNINGTON
D162: BENSON
D163: BENT
D164: BENTON
D165: BENZIE
D166: BERGEN
... D1951: ZIEBACH

Sheet __dep_lists__
A1: Alabama | B1: Alaska | C1: Arizona | D1: Arkansas | E1: California | F1: Colorado | G1: Connecticut | H1: Delaware | I1: District of Columbia | J1: Florida | K1: Georgia | L1: Guam | M1: Hawaii | N1: Idaho | O1: Illinois | P1: Indiana | Q1: Iowa | R1: Kansas | S1: Kentucky | T1: Louisiana | U1: Maine | V1: Maryland | W1: Massachusetts | X1: Michigan | Y1: Minnesota | Z1: Mississippi | AA1: Missouri | AB1: Montana | AC1: Nebraska | AD1: Nevada | AE1: New Hampshire | AF1: New Jersey | AG1: New Mexico | AH1: New York | AI1: North Carolina | AJ1: North Dakota | AK1: Ohio | AL1: Oklahoma | AM1: Oregon | AN1: Pennsylvania | AO1: Puerto Rico | AP1: Rhode Island | AQ1: South Carolina | AR1: South Dakota | AS1: Tennessee | AT1: Texas | AU1: U.S. Virgin Islands | AV1: Utah | AW1: Vermont | AX1: Virginia | AY1: Washington | AZ1: West Virginia | BA1: Wisconsin | BB1: Wyoming
A2: AUTAUGA | B2: ANCHORAGE | C2: COCHISE | D2: BENTON | E2: ALAMEDA | F2: ADAMS | G2: FAIRFIELD | H2: KENT | I2: THE DISTRICT | J2: ALACHUA | K2: BARROW | L2: Rural (Not listed as urban county) | M2: HONOLULU | N2: ADA | O2: ALEXANDER | P2: ALLEN | Q2: BENTON | R2: BUTLER | S2: ALLEN | T2: ACADIA | U2: ANDROSCOGGIN | V2: ANNE ARUNDEL | W2: BARNSTABLE | X2: BARRY | Y2: ANOKA | Z2: BENTON | AA2: ANDREW | AB2: BROADWATER | AC2: CASS | AD2: CARSON CITY | AE2: HILLSBOROUGH | AF2: ATLANTIC | AG2: BERNALILLO | AH2: ALBANY | AI2: ALAMANCE | AJ2: BURLEIGH | AK2: ALLEN | AL2: CANADIAN | AM2: BENTON | AN2: ADAMS | AO2: AGUADA | AP2: BRISTOL | AQ2: AIKEN | AR2: CUSTER | AS2: ANDERSON | AT2: ARANSAS | AU2: Rural (Not listed as urban county) | AV2: CACHE | AW2: CHITTENDEN | AX2: ALBEMARLE | AY2: ASOTIN | AZ2: BERKELEY | BA2: BROWN | BB2: LARAMIE
A3: BALDWIN | B3: FAIRBANKS NORTH STAR | C3: COCONINO | D3: CRAIGHEAD | E3: BUTTE | F3: ARAPAHOE | G3: HARTFORD-TOLLAND-MIDDLESEX | H3: NEW CASTLE | J3: BAKER | K3: BARTOW | M3: KALAWAO | N3: BANNOCK | O3: BOND | P3: BARTHOLOMEW | Q3: BLACK HAWK | R3: CHEROKEE | S3: BALLARD | T3: ASCENSION | U3: CUMBERLAND | V3: BALTIMORE | W3: BERKSHIRE | X3: BAY | Y3: BENTON | Z3: COPIAH | AA3: BATES | AB3: CARBON | AC3: DAKOTA | AD3: CLARK | AE3: ROCKINGHAM | AF3: BERGEN | AG3: DONA ANA | AH3: BRONX | AI3: ALEXANDER | AJ3: CASS | AK3: ASHTABULA | AL3: CLEVELAND | AM3: CLACKAMAS | AN3: ALLEGHENY | AO3: AGUADILLA | AP3: KENT | AQ3: ANDERSON | AR3: LINCOLN | AS3: BLOUNT | AT3: ARCHER | AV3: DAVIS | AW3: FRANKLIN | AX3: ALEXANDRIA CITY | AY3: BENTON | AZ3: BOONE | BA3: CALUMET | BB3: NATRONA
A4: BIBB | B4: MATANUSKA-SUSITNA | C4: MARICOPA | D4: CRAWFORD | E4: CONTRA COSTA | F4: BOULDER | G4: LITCHFIELD | H4: Rural (Not listed as urban county) | J4: BAY | K4: BIBB | M4: MAUI | N4: BOISE | O4: BOONE | P4: BENTON | Q4: BOONE | R4: DONIPHAN | S4: BOONE | T4: ASSUMPTION | U4: PENOBSCOT | V4: BALTIMORE CITY | W4: BRISTOL | X4: BENZIE | Y4: BLUE EARTH | Z4: DE SOTO | AA4: BOLLINGER | AB4: CASCADE | AC4: DOUGLAS | AD4: LYON | AE4: STRAFFORD | AF4: BURLINGTON | AG4: SAN JUAN | AH4: BROOME | AI4: ANSON | AJ4: GRAND FORKS | AK4: BELMONT | AL4: COMANCHE | AM4: COLUMBIA | AN4: ARMSTRONG | AO4: AGUAS BUENAS | AP4: NEWPORT | AQ4: BEAUFORT | AR4: MC COOK | AS4: BRADLEY | AT4: ARMSTRONG | AV4: JUAB | AW4: GRAND ISLE | AX4: AMELIA | AY4: CHELAN | AZ4: BROOKE | BA4: CHIPPEWA | BB4: Rural (Not listed as urban county)
A5: BLOUNT | B5: Rural (Not listed as urban county) | C5: MOHAVE | D5: CRITTENDEN | E5: EL DORADO | F5: BROOMFIELD | G5: NEW HAVEN | J5: BREVARD | K5: BRANTLEY | M5: Rural (Not listed as urban county) | N5: BONNEVILLE | O5: CALHOUN | P5: BOONE | Q5: BREMER | R5: DOUGLAS | S5: BOURBON | T5: BOSSIER | U5: SAGADAHOC | V5: CALVERT | W5: ESSEX | X5: BERRIEN | Y5: CARLTON | Z5: FORREST | AA5: BOONE | AB5: GALLATIN | AC5: HALL | AD5: STOREY | AE5: Rural (Not listed as urban county) | AF5: CAMDEN | AG5: SANDOVAL | AH5: CHEMUNG | AI5: BRUNSWICK | AJ5: MCHENRY | AK5: BROWN | AL5: COTTON | AM5: CROOK | AN5: BEAVER | AO5: AIBONITO | AP5: PROVIDENCE | AQ5: BERKELEY | AR5: MEADE | AS5: CAMPBELL | AT5: ATASCOSA | AV5: MORGAN | AW5: Rural (Not listed as urban county) | AX5: AMHERST | AY5: CLARK | AZ5: CABELL | BA5: COLUMBIA
A6: CALHOUN | C6: PIMA | D6: FAULKNER | E6: FRESNO | F6: CLEAR CREEK | G6: NEW LONDON | J6: BROWARD | K6: BROOKS | N6: BUTTE | O6: CHAMPAIGN | P6: BROWN | Q6: DALLAS | R6: GEARY | S6: BOYD | T6: CADDO | U6: YORK | V6: CARROLL | W6: HAMPDEN | X6: CALHOUN | Y6: CARVER | Z6: HANCOCK | AA6: BUCHANAN | AB6: JEFFERSON | AC6: HOWARD | AD6: WASHOE | AF6: CAPE MAY | AG6: SANTA FE | AH6: DUTCHESS | AI6: BUNCOMBE | AJ6: MORTON | AK6: BUTLER | AL6: CREEK | AM6: DESCHUTES | AN6: BERKS | AO6: ANASCO | AP6: WASHINGTON | AQ6: CALHOUN | AR6: MINNEHAHA | AS6: CANNON | AT6: AUSTIN | AV6: SALT LAKE | AX6: APPOMATTOX | AY6: COWLITZ | AZ6: CLAY | BA6: DANE
A7: CHILTON | C7: PINAL | D7: GARLAND | E7: IMPERIAL | F7: DENVER | G7: WINDHAM | J7: CHARLOTTE | K7: BRYAN | N7: CANYON | O7: CLINTON | P7: CARROLL | Q7: DUBUQUE | R7: HARVEY | S7: BRACKEN | T7: CALCASIEU | U7: Rural (Not listed as urban county) | V7: CECIL | W7: HAMPSHIRE | X7: CASS | Y7: CHISAGO | Z7: HARRISON | AA7: CALDWELL | AB7: LEWIS AND CLARK | AC7: LANCASTER | AD7: Rural (Not listed as urban county) | AF7: CUMBERLAND | AG7: TORRANCE | AH7: ERIE | AI7: BURKE | AJ7: OLIVER | AK7: CARROLL | AL7: GARFIELD | AM7: JACKSON | AN7: BLAIR | AO7: ARECIBO | AQ7: CHARLESTON | AR7: PENNINGTON | AS7: CARTER | AT7: BANDERA | AV7: TOOELE | AX7: ARLINGTON | AY7: DOUGLAS | AZ7: FAYETTE | BA7: DOUGLAS
A8: COLBERT | C8: YAVAPAI | D8: GRANT | E8: KERN | F8: DOUGLAS | G8: Rural (Not listed as urban county) | J8: CITRUS | K8: BURKE | N8: FRANKLIN | O8: COOK | P8: CLARK | Q8: GRUNDY | R8: JACKSON | S8: BULLITT | T8: CAMERON | V8: CHARLES | W8: MIDDLESEX | X8: CLINTON | Y8: CLAY | Z8: HINDS | AA8: CALLAWAY | AB8: MINERAL | AC8: MERRICK | AF8: ESSEX | AG8: VALENCIA | AH8: HERKIMER | AI8: CABARRUS | AJ8: RENVILLE | AK8: CLARK | AL8: GRADY | AM8: JEFFERSON | AN8: BUCKS | AO8: ARROYO | AQ8: CHESTER | AR8: TURNER | AS8: CHEATHAM | AT8: BASTROP | AV8: UTAH | AX8: AUGUSTA | AY8: FRANKLIN | AZ8: HAMPSHIRE | BA8: EAU CLAIRE
A9: ELMORE | C9: YUMA | D9: LITTLE RIVER | E9: KINGS | F9: EL PASO | J9: CLAY | K9: BUTTS | N9: GEM | O9: DE KALB | P9: CLAY | Q9: GUTHRIE | R9: JEFFERSON | S9: BUTLER | T9: DE SOTO | V9: FREDERICK | W9: NORFOLK | X9: EATON | Y9: DAKOTA | Z9: HOLMES | AA9: CAPE GIRARDEAU | AB9: MISSOULA | AC9: SARPY | AF9: GLOUCESTER | AG9: Rural (Not listed as urban county) | AH9: JEFFERSON | AI9: CALDWELL | AJ9: WARD | AK9: CLERMONT | AL9: LINCOLN | AM9: JOSEPHINE | AN9: BUTLER | AO9: BARCELONETA | AQ9: DARLINGTON | AR9: UNION | AS9: CHESTER | AT9: BELL | AV9: WASHINGTON | AX9: BEDFORD | AY9: KING | AZ9: HANCOCK | BA9: FOND DU LAC
A10: ETOWAH | C10: Rural (Not listed as urban county) | D10: LONOKE | E10: LOS ANGELES | F10: ELBERT | J10: COLLIER | K10: CARROLL | N10: JEFFERSON | O10: DU PAGE | P10: DEARBORN | Q10: HARRISON | R10: JOHNSON | S10: CAMPBELL | T10: E. BATON ROUGE | V10: HARFORD | W10: PLYMOUTH | X10: GENESEE | Y10: DODGE | Z10: JACKSON | AA10: CASS | AB10: STILLWATER | AC10: SAUNDERS | AF10: HUDSON | AH10: KINGS | AI10: CAMDEN | AJ10: Rural (Not listed as urban county) | AK10: CUYAHOGA | AL10: LOGAN | AM10: LANE | AN10: CAMBRIA | AO10: BARRANQUITAS | AQ10: DORCHESTER | AR10: Rural (Not listed as urban county) | AS10: CROCKETT | AT10: BEXAR | AV10: WEBER | AX10: BOTETOURT | AY10: KITSAP | AZ10: JEFFERSON | BA10: GREEN
A11: GENEVA | D11: MADISON | E11: MADERA | F11: GILPIN | J11: DUVAL | K11: CATOOSA | N11: JEROME | O11: FORD | P11: DELAWARE | Q11: JASPER | R11: LEAVENWORTH | S11: CARLISLE | T11: EAST FELICIANA | V11: HOWARD | W11: SUFFOLK | X11: GRAND TRAVERSE | Y11: FILLMORE | Z11: LAMAR | AA11: CHRISTIAN | AB11: YELLOWSTONE | AC11: SEWARD | AF11: HUNTERDON | AH11: LIVINGSTON | AI11: CATAWBA | AK11: DELAWARE | AL11: MCCLAIN | AM11: LINN | AN11: CARBON | AO11: BAYAMON | AQ11: EDGEFIELD | AS11: DAVIDSON | AT11: BOSQUE | AV11: Rural (Not listed as urban county) | AX11: BRISTOL CITY | AY11: PIERCE | AZ11: KANAWHA | BA11: IOWA
A12: GREENE | D12: MILLER | E12: MARIN | F12: JEFFERSON | J12: ESCAMBIA | K12: CHATHAM | N12: KOOTENAI | O12: GRUNDY | P12: ELKHART | Q12: JOHNSON | R12: LINN | S12: CARTER | T12: GRANT | V12: MONTGOMERY | W12: WORCESTER | X12: INGHAM | Y12: HENNEPIN | Z12: MADISON | AA12: CLAY | AB12: Rural (Not listed as urban county) | AC12: WASHINGTON | AF12: MERCER | AH12: MADISON | AI12: CHATHAM | AK12: ERIE | AL12: OKLAHOMA | AM12: MARION | AN12: CENTRE | AO12: CABO ROJO | AQ12: FAIRFIELD | AS12: DICKSON | AT12: BOWIE | AX12: CAMPBELL | AY12: Rural (Not listed as urban county) | AZ12: MARSHALL | BA12: KENOSHA
A13: HALE | D13: PERRY | E13: MERCED | F13: LARIMER | J13: FLAGLER | K13: CHATTAHOOCHEE | N13: NEZ PERCE | O13: HENRY | P13: FLOYD | Q13: JONES | R13: MIAMI | S13: CHRISTIAN | T13: IBERVILLE | V13: PRINCE GEORGES | W13: Rural (Not listed as urban county) | X13: IONIA | Y13: HOUSTON | Z13: MARSHALL | AA13: CLINTON | AC13: Rural (Not listed as urban county) | AF13: MIDDLESEX | AH13: MONROE | AI13: CUMBERLAND | AK13: FAIRFIELD | AL13: OKMULGEE | AM13: MULTNOMAH | AN13: CHESTER | AO13: CAGUAS | AQ13: FLORENCE | AS13: FAYETTE | AT13: BRAZORIA | AX13: CHARLES CITY | AY13: SKAGIT | AZ13: MONONGALIA | BA13: KEWAUNEE
A14: HENRY | D14: POINSETT | E14: MONTEREY | F14: MESA | J14: GADSDEN | K14: CHEROKEE | N14: OWYHEE | O14: JERSEY | P14: FRANKLIN | Q14: LINN | R14: OSAGE | S14: CLARK | T14: JEFFERSON | V14: QUEEN ANNES | X14: JACKSON | Y14: ISANTI | Z14: PERRY | AA14: COLE | AF14: MONMOUTH | AH14: NASSAU | AI14: CURRITUCK | AK14: FRANKLIN | AL14: OSAGE | AM14: POLK | AN14: CUMBERLAND | AO14: CAMUY | AQ14: GREENVILLE | AS14: GIBSON | AT14: BRAZOS | AX14: CHARLOTTESVILLE CITY | AY14: SKAMANIA | AZ14: MORGAN | BA14: LA CROSSE
A15: HOUSTON | D15: PULASKI | E15: NAPA | F15: PARK | J15: GILCHRIST | K15: CLARKE | N15: TWIN FALLS | O15: KANE | P15: HAMILTON | Q15: MADISON | R15: POTTAWATOMIE | S15: DAVIESS | T15: JEFFRSON DAVIS | V15: SOMERSET | X15: KALAMAZOO | Y15: LE SUEUR | Z15: RANKIN | AA15: COOPER | AF15: MORRIS | AH15: NEW YORK | AI15: DAVIDSON | AK15: FULTON | AL15: PAWNEE | AM15: WASHINGTON | AN15: DAUPHIN | AO15: CANOVANAS | AQ15: HORRY | AS15: GRAINGER | AT15: BURLESON | AX15: CHESAPEAKE CITY | AY15: SNOHOMISH | AZ15: OHIO | BA15: MARATHON
A16: JEFFERSON | D16: SALINE | E16: ORANGE | F16: PUEBLO | J16: HERNANDO | K16: CLAYTON | N16: Rural (Not listed as urban county) | O16: KANKAKEE | P16: HANCOCK | Q16: MILLS | R16: RILEY | S16: EDMONSON | T16: LAFAYETTE | V16: ST. MARYS | X16: KALKASKA | Y16: MILLE LACS | Z16: SCOTT | AA16: DALLAS | AF16: OCEAN | AH16: NIAGARA | AI16: DAVIE | AK16: GEAUGA | AL16: ROGERS | AM16: YAMHILL | AN16: DELAWARE | AO16: CAROLINA | AQ16: JASPER | AS16: HAMBLEN | AT16: CALDWELL | AX16: CHESTERFIELD | AY16: SPOKANE | AZ16: PRESTON | BA16: MILWAUKEE
A17: LAUDERDALE | D17: SEBASTIAN | E17: PLACER | F17: TELLER | J17: HIGHLANDS | K17: COBB | O17: KENDALL | P17: HARRISON | Q17: POLK | R17: SEDGWICK | S17: FAYETTE | T17: LAFOURCHE | V17: WASHINGTON | X17: KENT | Y17: NICOLLET | Z17: SIMPSON | AA17: DE KALB | AF17: PASSAIC | AH17: ONEIDA | AI17: DURHAM | AK17: GREENE | AL17: SEQUOYAH | AM17: Rural (Not listed as urban county) | AN17: ERIE | AO17: CATANO | AQ17: KERSHAW | AS17: HAMILTON | AT17: CALLAHAN | AX17: CLARKE | AY17: STEVENS | AZ17: PUTNAM | BA17: OCONTO
A18: LAWRENCE | D18: WASHINGTON | E18: RIVERSIDE | F18: WELD | J18: HILLSBOROUGH | K18: COLUMBIA | O18: LAKE | P18: HENDRICKS | Q18: POTTAWATTAMIE | R18: SHAWNEE | S18: GALLATIN | T18: LIVINGSTON | V18: WICOMICO | X18: LAPEER | Y18: OLMSTED | Z18: STONE | AA18: FRANKLIN | AF18: SALEM | AH18: ONONDAGA | AI18: EDGECOMBE | AK18: HAMILTON | AL18: TULSA | AN18: FAYETTE | AO18: CAYEY | AQ18: LANCASTER | AS18: HAWKINS | AT18: CAMERON | AX18: COLONIAL HEIGHTS CITY | AY18: THURSTON | AZ18: RALEIGH | BA18: OUTAGAMIE
A19: LEE | D19: Rural (Not listed as urban county) | E19: SACRAMENTO | F19: Rural (Not listed as urban county) | J19: INDIAN RIVER | K19: COWETA | O19: MACON | P19: HOWARD | Q19: SCOTT | R19: SUMNER | S19: GRANT | T19: MOREHOUSE | V19: Rural (Not listed as urban county) | X19: LEELANAU | Y19: POLK | Z19: TATE | AA19: GREENE | AF19: SOMERSET | AH19: ONTARIO | AI19: FORSYTH | AK19: HOCKING | AL19: WAGONER | AN19: FRANKLIN | AO19: CEIBA | AQ19: LAURENS | AS19: HICKMAN | AT19: CARSON | AX19: CRAIG | AY19: WALLA WALLA | AZ19: WAYNE | BA19: OZAUKEE
A20: LIMESTONE | E20: SAN BENITO | J20: JEFFERSON | K20: CRAWFORD | O20: MACOUPIN | P20: JASPER | Q20: STORY | R20: WABAUNSEE | S20: GREENUP | T20: ORLEANS | X20: LIVINGSTON | Y20: RAMSEY | Z20: TUNICA | AA20: HOWARD | AF20: SUSSEX | AH20: ORANGE | AI20: FRANKLIN | AK20: JEFFERSON | AL20: Rural (Not listed as urban county) | AN20: LACKAWANNA | AO20: CIALES | AQ20: LEXINGTON | AS20: JEFFERSON | AT20: CHAMBERS | AX20: CULPEPER | AY20: WHATCOM | AZ20: WIRT | BA20: PIERCE
A21: LOWNDES | E21: SAN BERNARDINO | J21: LAKE | K21: DADE | O21: MADISON | P21: JOHNSON | Q21: WARREN | R21: WYANDOTTE | S21: HARDIN | T21: OUACHITA | X21: MACOMB | Y21: ROCK | Z21: YAZOO | AA21: JACKSON | AF21: UNION | AH21: ORLEANS | AI21: GASTON | AK21: LAKE | AN21: LANCASTER | AO21: CIDRA | AQ21: PICKENS | AS21: KNOX | AT21: CLAY | AX21: DINWIDDIE | AY21: YAKIMA | AZ21: WOOD | BA21: RACINE
A22: MACON | E22: SAN DIEGO | J22: LEE | K22: DAWSON | O22: MARSHALL | P22: LA PORTE | Q22: WASHINGTON | R22: Rural (Not listed as urban county) | S22: HENRY | T22: PLAQUEMINES | X22: MIDLAND | Y22: SCOTT | Z22: Rural (Not listed as urban county) | AA22: JASPER | AF22: WARREN | AH22: OSWEGO | AI22: GATES | AK22: LAWRENCE | AN22: LAWRENCE | AO22: COMERIO | AQ22: RICHLAND | AS22: LOUDON | AT22: COCHRAN | AX22: FAIRFAX | AZ22: Rural (Not listed as urban county) | BA22: ROCK
A23: MADISON | E23: SAN FRANCISCO | J23: LEON | K23: DE KALB | O23: MASSAC | P23: LAKE | Q23: WOODBURY | S23: JEFFERSON | T23: POINTE COUPEE | X23: MONROE | Y23: SHERBURNE | AA23: JEFFERSON | AH23: PUTNAM | AI23: GUILFORD | AK23: LICKING | AN23: LEBANON | AO23: COROZAL | AQ23: SALUDA | AS23: MACON | AT23: COLLIN | AX23: FAIRFAX CITY | BA23: SHEBOYGAN
A24: MOBILE | E24: SAN JOAQUIN | J24: LEVY | K24: DOUGHERTY | O24: MC HENRY | P24: MADISON | Q24: Rural (Not listed as urban county) | S24: JESSAMINE | T24: RAPIDES | X24: MONTCALM | Y24: ST. LOUIS | AA24: LAFAYETTE | AH24: QUEENS | AI24: HENDERSON | AK24: LORAIN | AN24: LEHIGH | AO24: DORADO | AQ24: SPARTANBURG | AS24: MADISON | AT24: COMAL | AX24: FALLS CHURCH CITY | BA24: ST. CROIX
A25: MONTGOMERY | E25: SAN LUIS OBISPO | J25: MANATEE | K25: DOUGLAS | O25: MC LEAN | P25: MARION | S25: KENTON | T25: RICHLAND | X25: MUSKEGON | Y25: STEARNS | AA25: LINCOLN | AH25: RENSSELAER | AI25: HOKE | AK25: LUCAS | AN25: LUZERNE | AO25: FAJARDO | AQ25: SUMTER | AS25: MARION | AT25: CORYELL | AX25: FAUQUIER | BA25: VERNON
A26: MORGAN | E26: SAN MATEO | J26: MARION | K26: ECHOLS | O26: MENARD | P26: MONROE | S26: LARUE | T26: ST. BERNARD | X26: OAKLAND | Y26: WABASHA | AA26: MONITEAU | AH26: RICHMOND | AI26: IREDELL | AK26: MADISON | AN26: LYCOMING | AO26: FLORIDA | AQ26: UNION | AS26: MAURY | AT26: CROSBY | AX26: FLOYD | BA26: WASHINGTON
A27: PICKENS | E27: SANTA CLARA | J27: MARTIN | K27: EFFINGHAM | O27: MERCER | P27: MORGAN | S27: LAWRENCE | T27: ST. HELENA | X27: OTTAWA | Y27: WRIGHT | AA27: NEWTON | AH27: ROCKLAND | AI27: JOHNSTON | AK27: MAHONING | AN27: MONTGOMERY | AO27: GUAYAMA | AQ27: Rural (Not listed as urban county) | AS27: MONTGOMERY | AT27: DALLAS | AX27: FLUVANNA | BA27: WINNEBAGO
A28: RUSSELL | E28: SANTA CRUZ | J28: MIAMI-DADE | K28: FLOYD | O28: PEORIA | P28: OHIO | S28: MC CRACKEN | T28: ST. JAMES | X28: SAGINAW | Y28: Rural (Not listed as urban county) | AA28: PLATTE | AH28: SARATOGA | AI28: MADISON | AK28: MEDINA | AN28: PERRY | AO28: GUAYNABO | AS28: POLK | AT28: ECTOR | AX28: FREDERICK | BA28: Rural (Not listed as urban county)
A29: SHELBY | E29: SHASTA | J29: NASSAU | K29: FORSYTH | O29: PIATT | P29: OWEN | S29: MC LEAN | T29: ST. JOHN BAPTIST | X29: ST. CLAIR | AA29: POLK | AH29: SCHENECTADY | AI29: MECKLENBURG | AK29: MIAMI | AN29: PHILADELPHIA | AO29: GURABO | AS29: ROANE | AT29: EL PASO | AX29: FREDERICKSBURG CITY
A30: ST. CLAIR | E30: SOLANO | J30: OKALOOSA | K30: FULTON | O30: ROCK ISLAND | P30: PORTER | S30: MEADE | T30: ST. MARTIN | X30: WASHTENAW | AA30: RAY | AH30: SCHOHARIE | AI30: MOORE | AK30: MONTGOMERY | AN30: WASHINGTON | AO30: HATILLO | AS30: ROBERTSON | AT30: ELLIS | AX30: GILES
A31: TUSCALOOSA | E31: SONOMA | J31: ORANGE | K31: GLYNN | O31: SANGAMON | P31: POSEY | S31: NELSON | T31: ST. TAMMANY | X31: WAYNE | AA31: ST. CHARLES | AH31: SUFFOLK | AI31: NASH | AK31: MORROW | AN31: WESTMORELAND | AO31: HORMIGUEROS | AS31: RUTHERFORD | AT31: FALLS | AX31: GLOUCESTER
A32: WALKER | E32: STANISLAUS | J32: OSCEOLA | K32: GWINNETT | O32: SCOTT | P32: SHELBY | S32: OLDHAM | T32: TANGIPAHOA | X32: Rural (Not listed as urban county) | AA32: ST. LOUIS | AH32: TIOGA | AI32: NEW HANOVER | AK32: OTTAWA | AN32: WYOMING | AO32: HUMACAO | AS32: SEQUATCHIE | AT32: FORT BEND | AX32: GOOCHLAND
A33: Rural (Not listed as urban county) | E33: SUTTER | J33: PALM BEACH | K33: HALL | O33: ST. CLAIR | P33: ST. JOSEPH | S33: PENDLETON | T33: TERREBONNE | AA33: ST. LOUIS CITY | AH33: TOMPKINS | AI33: ONSLOW | AK33: PERRY | AN33: YORK | AO33: ISABELA | AS33: SHELBY | AT33: GALVESTON | AX33: GREENE
E34: TULARE | J34: PASCO | K34: HARALSON | O34: STARK | P34: SULLIVAN | S34: SCOTT | T34: UNION | AA34: WARREN | AH34: ULSTER | AI34: ORANGE | AK34: PICKAWAY | AN34: Rural (Not listed as urban county) | AO34: JUANA DIAZ | AS34: SMITH | AT34: GARZA | AX34: HAMPTON CITY
E35: VENTURA | J35: PINELLAS | K35: HARRIS | O35: TAZEWELL | P35: TIPPECANOE | S35: SHELBY | T35: VERMILION | AA35: WEBSTER | AH35: WARREN | AI35: PENDER | AK35: PORTAGE | AO35: JUNCOS | AS35: STEWART | AT35: GOLIAD | AX35: HANOVER
E36: YOLO | J36: POLK | K36: HEARD | O36: WILL | P36: TIPTON | S36: SPENCER | T36: W. BATON ROUGE | AA36: Rural (Not listed as urban county) | AH36: WASHINGTON | AI36: PERSON | AK36: RICHLAND | AO36: LAJAS | AS36: SULLIVAN | AT36: GRAYSON | AX36: HARRISONBURG CITY
E37: YUBA | J37: SANTA ROSA | K37: HENRY | O37: WINNEBAGO | P37: VANDERBURGH | S37: TRIGG | T37: WEST FELICIANA | AH37: WAYNE | AI37: PITT | AK37: STARK | AO37: LAS PIEDRAS | AS37: SUMNER | AT37: GREGG | AX37: HENRICO
E38: Rural (Not listed as urban county) | J38: SARASOTA | K38: HOUSTON | O38: WOODFORD | P38: VERMILLION | S38: WARREN | T38: Rural (Not listed as urban county) | AH38: WESTCHESTER | AI38: RANDOLPH | AK38: SUMMIT | AO38: LOIZA | AS38: TIPTON | AT38: GUADALUPE | AX38: HOPEWELL CITY
J39: SEMINOLE | K39: JASPER | O39: Rural (Not listed as urban county) | P39: VIGO | S39: WOODFORD | AH39: Rural (Not listed as urban county) | AI39: ROCKINGHAM | AK39: TRUMBULL | AO39: LUQUILLO | AS39: TROUSDALE | AT39: HARDIN | AX39: ISLE OF WIGHT
J40: ST. JOHNS | K40: JONES | P40: WARREN | S40: Rural (Not listed as urban county) | AI40: ROWAN | AK40: UNION | AO40: MAGUABO | AS40: UNICOI | AT40: HARRIS | AX40: JAMES CITY
J41: ST. LUCIE | K41: LANIER | P41: WARRICK | AI41: STOKES | AK41: WARREN | AO41: MANATI | AS41: UNION | AT41: HARRISON | AX41: KING AND QUEEN
J42: SUMTER | K42: LEE | P42: WASHINGTON | AI42: UNION | AK42: WOOD | AO42: MAUNABO | AS42: WASHINGTON | AT42: HAYS | AX42: KING WILLIAM
J43: VOLUSIA | K43: LIBERTY | P43: WELLS | AI43: WAKE | AK43: Rural (Not listed as urban county) | AO43: MAYAGUEZ | AS43: WILLIAMSON | AT43: HIDALGO | AX43: LOUDOUN
J44: WAKULLA | K44: LINCOLN | P44: WHITLEY | AI44: WAYNE | AO44: MOCA | AS44: WILSON | AT44: HOCKLEY | AX44: LYNCHBURG CITY
J45: WALTON | K45: LONG | P45: Rural (Not listed as urban county) | AI45: YADKIN | AO45: MOROVIS | AS45: Rural (Not listed as urban county) | AT45: HUDSPETH | AX45: MANASSAS CITY
J46: WASHINGTON | K46: LOWNDES | AI46: Rural (Not listed as urban county) | AO46: NARANJITO | AT46: HUNT | AX46: MANASSAS PARK CITY
J47: Rural (Not listed as urban county) | K47: LUMPKIN | AO47: OROCOVIS | AT47: IRION | AX47: MATHEWS
K48: MADISON | AO48: PATILLAS | AT48: JEFFERSON | AX48: MONTGOMERY
K49: MARION | AO49: PENUELAS | AT49: JOHNSON | AX49: NELSON
K50: MC DUFFIE | AO50: PONCE | AT50: JONES | AX50: NEW KENT
K51: MC INTOSH | AO51: QUEBRADILLAS | AT51: KAUFMAN | AX51: NEWPORT NEWS CITY
K52: MERIWETHER | AO52: RINCON | AT52: KENDALL | AX52: NORFOLK CITY
K53: MONROE | AO53: RIO GRANDE | AT53: LAMPASAS | AX53: PETERSBURG CITY
K54: MORGAN | AO54: SABANA GRANDE | AT54: LIBERTY | AX54: POQUOSON
K55: MURRAY | AO55: SAN GERMAN | AT55: LUBBOCK | AX55: PORTSMOUTH CITY
K56: MUSCOGEE | AO56: SAN JUAN | AT56: LYNN | AX56: POWHATAN
K57: NEWTON | AO57: SAN LORENZO | AT57: MARTIN | AX57: PRINCE GEORGE
K58: OCONEE | AO58: SAN SEBASTIAN | AT58: MAVERICK | AX58: PRINCE WILLIAM
K59: OGLETHORPE | AO59: TOA ALTA | AT59: MC LENNAN | AX59: PULASKI
... K67: STEWART | AO67: Rural (Not listed as urban county) | AT67: POTTER | AX67: SCOTT
K68: TALBOT | AT68: RANDALL | AX68: SPOTSYLVANIA
K69: TERRELL | AT69: ROBERTSON | AX69: STAFFORD
K70: TWIGGS | AT70: ROCKWALL | AX70: STAUNTON CITY
K71: WALKER | AT71: RUSK | AX71: SUFFOLK CITY
K72: WALTON | AT72: SAN JACINTO | AX72: SURRY
K73: WHITFIELD | AT73: SAN PATRICIO | AX73: SUSSEX
K74: WORTH | AT74: SMITH | AX74: VIRGINIA BEACH CITY
K75: Rural (Not listed as urban county) | AT75: TARRANT | AX75: WARREN
AT76: TAYLOR | AX76: WASHINGTON
AT77: TOM GREEN | AX77: WAYNESBORO CITY
AT78: TRAVIS | AX78: WILLIAMSBURG CITY
AT79: UPSHUR | AX79: WINCHESTER CITY
AT80: VICTORIA | AX80: YORK
AT81: WALLER | AX81: Rural (Not listed as urban county)
AT82: WEBB
AT83: WICHITA
AT84: WILLIAMSON
AT85: WILSON
AT86: WISE
AT87: Rural (Not listed as urban county)
